Workbook

Sheet Plan
A1: Debt snowball spreadsheet
A2: Type your numbers in the blue cells. The Schedule sheet shows every month.
A3: Free from debtpayoff.app
B4: Settings
B5: Method | C5: Snowball | D5: Snowball or Avalanche
B6: Monthly budget | C6: 480 | D6: All you pay toward your debts each month
B7: Start date | C7: =TODAY() -> 46300 | D7: Date of your balances. The first payment is one month later.
B8: Minimum payments | C8: =ROUND(SUM(Schedule!I6:AL6),2) -> 330
B9: Extra each month | C9: =C6-C8 -> 150 | D9: Budget minus minimums. It goes to the first debt in the order.
B10: Results
B11: Debt-free month | C11: =IF(C12>0,EDATE(C7,C12),"") -> 47213
B12: Months to debt-free | C12: =COUNTIF(Schedule!F11:F370,">0") -> 30
B13: Total interest | C13: =ROUND(SUM(Schedule!G11:G370),2) -> 1618.61
B14: Total paid | C14: =ROUND(SUM(Schedule!F11:F370),2) -> 13908.61
B15: Check | C15: =IF(COUNTIF(Schedule!I8:AL8,">0")=0,"Add your debts below.",IF(COUNTIF(Schedule!I9:AL9,"No minimum")>0,"Add a minimum payment for each debt.",IF(C9<0,"The budget is below the minimum payments.",IF(COUNTIF(Schedule!I9:AL9,"Too low")>0,"A payment does not cover its interest. See the Check column.",IF(Schedule!H370>0,"Not paid off in 360 months. Raise the budget.","OK"))))) -> OK
B17: Debts (up to 10)
A18: # | B18: Debt | C18: Balance | D18: APR % | E18: Minimum payment | F18: Order | G18: Months | H18: Paid off | I18: Interest paid | J18: Check
A19: 1 | B19: Credit card | C19: 3250 | D19: 24.99 | E19: 95 | F19: =IF(Schedule!I5>0,Schedule!I5,"") -> 2 | G19: =IF(Schedule!I8>0,COUNTIF(Schedule!I11:I370,">0"),"") -> 18 | H19: =IF(Schedule!I8>0,IF(Schedule!K370=0,EDATE($C$7,G19),""),"") -> 46848 | I19: =IF(Schedule!I8>0,ROUND(SUM(Schedule!J11:J370),2),"") -> 759.82 | J19: =Schedule!I9 -> OK
A20: 2 | B20: Car loan | C20: 8400 | D20: 6.5 | E20: 210 | F20: =IF(Schedule!L5>0,Schedule!L5,"") -> 3 | G20: =IF(Schedule!L8>0,COUNTIF(Schedule!L11:L370,">0"),"") -> 30 | H20: =IF(Schedule!L8>0,IF(Schedule!N370=0,EDATE($C$7,G20),""),"") -> 47213 | I20: =IF(Schedule!L8>0,ROUND(SUM(Schedule!M11:M370),2),"") -> 858.79 | J20: =Schedule!L9 -> OK
A21: 3 | B21: Medical bill | C21: 640 | D21: 0 | E21: 25 | F21: =IF(Schedule!O5>0,Schedule!O5,"") -> 1 | G21: =IF(Schedule!O8>0,COUNTIF(Schedule!O11:O370,">0"),"") -> 4 | H21: =IF(Schedule!O8>0,IF(Schedule!Q370=0,EDATE($C$7,G21),""),"") -> 46423 | I21: =IF(Schedule!O8>0,ROUND(SUM(Schedule!P11:P370),2),"") -> 0 | J21: =Schedule!O9 -> OK
A22: 4 | F22: =IF(Schedule!R5>0,Schedule!R5,"") | G22: =IF(Schedule!R8>0,COUNTIF(Schedule!R11:R370,">0"),"") | H22: =IF(Schedule!R8>0,IF(Schedule!T370=0,EDATE($C$7,G22),""),"") | I22: =IF(Schedule!R8>0,ROUND(SUM(Schedule!S11:S370),2),"") | J22: =Schedule!R9
A23: 5 | F23: =IF(Schedule!U5>0,Schedule!U5,"") | G23: =IF(Schedule!U8>0,COUNTIF(Schedule!U11:U370,">0"),"") | H23: =IF(Schedule!U8>0,IF(Schedule!W370=0,EDATE($C$7,G23),""),"") | I23: =IF(Schedule!U8>0,ROUND(SUM(Schedule!V11:V370),2),"") | J23: =Schedule!U9
A24: 6 | F24: =IF(Schedule!X5>0,Schedule!X5,"") | G24: =IF(Schedule!X8>0,COUNTIF(Schedule!X11:X370,">0"),"") | H24: =IF(Schedule!X8>0,IF(Schedule!Z370=0,EDATE($C$7,G24),""),"") | I24: =IF(Schedule!X8>0,ROUND(SUM(Schedule!Y11:Y370),2),"") | J24: =Schedule!X9
A25: 7 | F25: =IF(Schedule!AA5>0,Schedule!AA5,"") | G25: =IF(Schedule!AA8>0,COUNTIF(Schedule!AA11:AA370,">0"),"") | H25: =IF(Schedule!AA8>0,IF(Schedule!AC370=0,EDATE($C$7,G25),""),"") | I25: =IF(Schedule!AA8>0,ROUND(SUM(Schedule!AB11:AB370),2),"") | J25: =Schedule!AA9
A26: 8 | F26: =IF(Schedule!AD5>0,Schedule!AD5,"") | G26: =IF(Schedule!AD8>0,COUNTIF(Schedule!AD11:AD370,">0"),"") | H26: =IF(Schedule!AD8>0,IF(Schedule!AF370=0,EDATE($C$7,G26),""),"") | I26: =IF(Schedule!AD8>0,ROUND(SUM(Schedule!AE11:AE370),2),"") | J26: =Schedule!AD9
A27: 9 | F27: =IF(Schedule!AG5>0,Schedule!AG5,"") | G27: =IF(Schedule!AG8>0,COUNTIF(Schedule!AG11:AG370,">0"),"") | H27: =IF(Schedule!AG8>0,IF(Schedule!AI370=0,EDATE($C$7,G27),""),"") | I27: =IF(Schedule!AG8>0,ROUND(SUM(Schedule!AH11:AH370),2),"") | J27: =Schedule!AG9
A28: 10 | F28: =IF(Schedule!AJ5>0,Schedule!AJ5,"") | G28: =IF(Schedule!AJ8>0,COUNTIF(Schedule!AJ11:AJ370,">0"),"") | H28: =IF(Schedule!AJ8>0,IF(Schedule!AL370=0,EDATE($C$7,G28),""),"") | I28: =IF(Schedule!AJ8>0,ROUND(SUM(Schedule!AK11:AK370),2),"") | J28: =Schedule!AJ9
B29: Total | C29: =ROUND(SUM(Schedule!I8:AL8),2) -> 12290 | E29: =C8 -> 330 | I29: =C13 -> 1618.61

Sheet Schedule
A1: Month-by-month schedule
A2: Calculated from the Plan sheet. Change your numbers there.
D4: Method | E4: =IF(UPPER(LEFT(TRIM(Plan!C5),1))="A","Avalanche","Snowball") -> Snowball | H4: Debt | I4: =IF(I8>0,IF(TRIM(Plan!B19)="","Debt 1",TRIM(Plan!B19)),"") -> Credit card | L4: =IF(L8>0,IF(TRIM(Plan!B20)="","Debt 2",TRIM(Plan!B20)),"") -> Car loan | O4: =IF(O8>0,IF(TRIM(Plan!B21)="","Debt 3",TRIM(Plan!B21)),"") -> Medical bill | R4: =IF(R8>0,IF(TRIM(Plan!B22)="","Debt 4",TRIM(Plan!B22)),"") | U4: =IF(U8>0,IF(TRIM(Plan!B23)="","Debt 5",TRIM(Plan!B23)),"") | X4: =IF(X8>0,IF(TRIM(Plan!B24)="","Debt 6",TRIM(Plan!B24)),"") | AA4: =IF(AA8>0,IF(TRIM(Plan!B25)="","Debt 7",TRIM(Plan!B25)),"") | AD4: =IF(AD8>0,IF(TRIM(Plan!B26)="","Debt 8",TRIM(Plan!B26)),"") | AG4: =IF(AG8>0,IF(TRIM(Plan!B27)="","Debt 9",TRIM(Plan!B27)),"") | AJ4: =IF(AJ8>0,IF(TRIM(Plan!B28)="","Debt 10",TRIM(Plan!B28)),"")
D5: Extra each month | E5: =MAX(0,Plan!C9) -> 150 | H5: Order | I5: =IF(I8>0,1+IF(AND(L8>0,IF($E$4="Avalanche",OR(L7>I7,AND(L7=I7,OR(L8<I8,AND(L8=I8,L4<I4)))),OR(L8<I8,AND(L8=I8,OR(L7>I7,AND(L7=I7,L4<I4)))))),1,0)+IF(AND(O8>0,IF($E$4="Avalanche",OR(O7>I7,AND(O7=I7,OR(O8<I8,AND(O8=I8,O4<I4)))),OR(O8<I8,AND(O8=I8,OR(O7>I7,AND(O7=I7,O4<I4)))))),1,0)+IF(AND(R8>0,IF($E$4="Avalanche",OR(R7>I7,AND(R7=I7,OR(R8<I8,AND(R8=I8,R4<I4)))),OR(R8<I8,AND(R8=I8,OR(R7>I7,AND(R7=I7,R4<I4)))))),1,0)+IF(AND(U8>0,IF($E$4="Avalanche",OR(U7>I7,AND(U7=I7,OR(U8<I8,AND(U8=I8,U4<I4)))),OR(U8<I8,AND(U8=I8,OR(U7>I7,AND(U7=I7,U4<I4)))))),1,0)+IF(AND(X8>0,IF($E$4="Avalanche",OR(X7>I7,AND(X7=I7,OR(X8<I8,AND(X8=I8,X4<I4)))),OR(X8<I8,AND(X8=I8,OR(X7>I7,AND(X7=I7,X4<I4)))))),1,0)+IF(AND(AA8>0,IF($E$4="Avalanche",OR(AA7>I7,AND(AA7=I7,OR(AA8<I8,AND(AA8=I8,AA4<I4)))),OR(AA8<I8,AND(AA8=I8,OR(AA7>I7,AND(AA7=I7,AA4<I4)))))),1,0)+IF(AND(AD8>0,IF($E$4="Avalanche",OR(AD7>I7,AND(AD7=I7,OR(AD8<I8,AND(AD8=I8,AD4<I4)))),OR(AD8<I8,AND(AD8=I8,OR(AD7>I7,AND(AD7=I7,AD4<I4)))))),1,0)+IF(AND(AG8>0,IF($E$4="Avalanche",OR(AG7>I7,AND(AG7=I7,OR(AG8<I8,AND(AG8=I8,AG4<I4)))),OR(AG8<I8,AND(AG8=I8,OR(AG7>I7,AND(AG7=I7,AG4<I4)))))),1,0)+IF(AND(AJ8>0,IF($E$4="Avalanche",OR(AJ7>I7,AND(AJ7=I7,OR(AJ8<I8,AND(AJ8=I8,AJ4<I4)))),OR(AJ8<I8,AND(AJ8=I8,OR(AJ7>I7,AND(AJ7=I7,AJ4<I4)))))),1,0),0) -> 2 | L5: =IF(L8>0,1+IF(AND(I8>0,IF($E$4="Avalanche",OR(I7>L7,AND(I7=L7,OR(I8<L8,AND(I8=L8,I4<=L4)))),OR(I8<L8,AND(I8=L8,OR(I7>L7,AND(I7=L7,I4<=L4)))))),1,0)+IF(AND(O8>0,IF($E$4="Avalanche",OR(O7>L7,AND(O7=L7,OR(O8<L8,AND(O8=L8,O4<L4)))),OR(O8<L8,AND(O8=L8,OR(O7>L7,AND(O7=L7,O4<L4)))))),1,0)+IF(AND(R8>0,IF($E$4="Avalanche",OR(R7>L7,AND(R7=L7,OR(R8<L8,AND(R8=L8,R4<L4)))),OR(R8<L8,AND(R8=L8,OR(R7>L7,AND(R7=L7,R4<L4)))))),1,0)+IF(AND(U8>0,IF($E$4="Avalanche",OR(U7>L7,AND(U7=L7,OR(U8<L8,AND(U8=L8,U4<L4)))),OR(U8<L8,AND(U8=L8,OR(U7>L7,AND(U7=L7,U4<L4)))))),1,0)+IF(AND(X8>0,IF($E$4="Avalanche",OR(X7>L7,AND(X7=L7,OR(X8<L8,AND(X8=L8,X4<L4)))),OR(X8<L8,AND(X8=L8,OR(X7>L7,AND(X7=L7,X4<L4)))))),1,0)+IF(AND(AA8>0,IF($E$4="Avalanche",OR(AA7>L7,AND(AA7=L7,OR(AA8<L8,AND(AA8=L8,AA4<L4)))),OR(AA8<L8,AND(AA8=L8,OR(AA7>L7,AND(AA7=L7,AA4<L4)))))),1,0)+IF(AND(AD8>0,IF($E$4="Avalanche",OR(AD7>L7,AND(AD7=L7,OR(AD8<L8,AND(AD8=L8,AD4<L4)))),OR(AD8<L8,AND(AD8=L8,OR(AD7>L7,AND(AD7=L7,AD4<L4)))))),1,0)+IF(AND(AG8>0,IF($E$4="Avalanche",OR(AG7>L7,AND(AG7=L7,OR(AG8<L8,AND(AG8=L8,AG4<L4)))),OR(AG8<L8,AND(AG8=L8,OR(AG7>L7,AND(AG7=L7,AG4<L4)))))),1,0)+IF(AND(AJ8>0,IF($E$4="Avalanche",OR(AJ7>L7,AND(AJ7=L7,OR(AJ8<L8,AND(AJ8=L8,AJ4<L4)))),OR(AJ8<L8,AND(AJ8=L8,OR(AJ7>L7,AND(AJ7=L7,AJ4<L4)))))),1,0),0) -> 3 | O5: =IF(O8>0,1+IF(AND(I8>0,IF($E$4="Avalanche",OR(I7>O7,AND(I7=O7,OR(I8<O8,AND(I8=O8,I4<=O4)))),OR(I8<O8,AND(I8=O8,OR(I7>O7,AND(I7=O7,I4<=O4)))))),1,0)+IF(AND(L8>0,IF($E$4="Avalanche",OR(L7>O7,AND(L7=O7,OR(L8<O8,AND(L8=O8,L4<=O4)))),OR(L8<O8,AND(L8=O8,OR(L7>O7,AND(L7=O7,L4<=O4)))))),1,0)+IF(AND(R8>0,IF($E$4="Avalanche",OR(R7>O7,AND(R7=O7,OR(R8<O8,AND(R8=O8,R4<O4)))),OR(R8<O8,AND(R8=O8,OR(R7>O7,AND(R7=O7,R4<O4)))))),1,0)+IF(AND(U8>0,IF($E$4="Avalanche",OR(U7>O7,AND(U7=O7,OR(U8<O8,AND(U8=O8,U4<O4)))),OR(U8<O8,AND(U8=O8,OR(U7>O7,AND(U7=O7,U4<O4)))))),1,0)+IF(AND(X8>0,IF($E$4="Avalanche",OR(X7>O7,AND(X7=O7,OR(X8<O8,AND(X8=O8,X4<O4)))),OR(X8<O8,AND(X8=O8,OR(X7>O7,AND(X7=O7,X4<O4)))))),1,0)+IF(AND(AA8>0,IF($E$4="Avalanche",OR(AA7>O7,AND(AA7=O7,OR(AA8<O8,AND(AA8=O8,AA4<O4)))),OR(AA8<O8,AND(AA8=O8,OR(AA7>O7,AND(AA7=O7,AA4<O4)))))),1,0)+IF(AND(AD8>0,IF($E$4="Avalanche",OR(AD7>O7,AND(AD7=O7,OR(AD8<O8,AND(AD8=O8,AD4<O4)))),OR(AD8<O8,AND(AD8=O8,OR(AD7>O7,AND(AD7=O7,AD4<O4)))))),1,0)+IF(AND(AG8>0,IF($E$4="Avalanche",OR(AG7>O7,AND(AG7=O7,OR(AG8<O8,AND(AG8=O8,AG4<O4)))),OR(AG8<O8,AND(AG8=O8,OR(AG7>O7,AND(AG7=O7,AG4<O4)))))),1,0)+IF(AND(AJ8>0,IF($E$4="Avalanche",OR(AJ7>O7,AND(AJ7=O7,OR(AJ8<O8,AND(AJ8=O8,AJ4<O4)))),OR(AJ8<O8,AND(AJ8=O8,OR(AJ7>O7,AND(AJ7=O7,AJ4<O4)))))),1,0),0) -> 1 | R5: =IF(R8>0,1+IF(AND(I8>0,IF($E$4="Avalanche",OR(I7>R7,AND(I7=R7,OR(I8<R8,AND(I8=R8,I4<=R4)))),OR(I8<R8,AND(I8=R8,OR(I7>R7,AND(I7=R7,I4<=R4)))))),1,0)+IF(AND(L8>0,IF($E$4="Avalanche",OR(L7>R7,AND(L7=R7,OR(L8<R8,AND(L8=R8,L4<=R4)))),OR(L8<R8,AND(L8=R8,OR(L7>R7,AND(L7=R7,L4<=R4)))))),1,0)+IF(AND(O8>0,IF($E$4="Avalanche",OR(O7>R7,AND(O7=R7,OR(O8<R8,AND(O8=R8,O4<=R4)))),OR(O8<R8,AND(O8=R8,OR(O7>R7,AND(O7=R7,O4<=R4)))))),1,0)+IF(AND(U8>0,IF($E$4="Avalanche",OR(U7>R7,AND(U7=R7,OR(U8<R8,AND(U8=R8,U4<R4)))),OR(U8<R8,AND(U8=R8,OR(U7>R7,AND(U7=R7,U4<R4)))))),1,0)+IF(AND(X8>0,IF($E$4="Avalanche",OR(X7>R7,AND(X7=R7,OR(X8<R8,AND(X8=R8,X4<R4)))),OR(X8<R8,AND(X8=R8,OR(X7>R7,AND(X7=R7,X4<R4)))))),1,0)+IF(AND(AA8>0,IF($E$4="Avalanche",OR(AA7>R7,AND(AA7=R7,OR(AA8<R8,AND(AA8=R8,AA4<R4)))),OR(AA8<R8,AND(AA8=R8,OR(AA7>R7,AND(AA7=R7,AA4<R4)))))),1,0)+IF(AND(AD8>0,IF($E$4="Avalanche",OR(AD7>R7,AND(AD7=R7,OR(AD8<R8,AND(AD8=R8,AD4<R4)))),OR(AD8<R8,AND(AD8=R8,OR(AD7>R7,AND(AD7=R7,AD4<R4)))))),1,0)+IF(AND(AG8>0,IF($E$4="Avalanche",OR(AG7>R7,AND(AG7=R7,OR(AG8<R8,AND(AG8=R8,AG4<R4)))),OR(AG8<R8,AND(AG8=R8,OR(AG7>R7,AND(AG7=R7,AG4<R4)))))),1,0)+IF(AND(AJ8>0,IF($E$4="Avalanche",OR(AJ7>R7,AND(AJ7=R7,OR(AJ8<R8,AND(AJ8=R8,AJ4<R4)))),OR(AJ8<R8,AND(AJ8=R8,OR(AJ7>R7,AND(AJ7=R7,AJ4<R4)))))),1,0),0) -> 0 | U5: =IF(U8>0,1+IF(AND(I8>0,IF($E$4="Avalanche",OR(I7>U7,AND(I7=U7,OR(I8<U8,AND(I8=U8,I4<=U4)))),OR(I8<U8,AND(I8=U8,OR(I7>U7,AND(I7=U7,I4<=U4)))))),1,0)+IF(AND(L8>0,IF($E$4="Avalanche",OR(L7>U7,AND(L7=U7,OR(L8<U8,AND(L8=U8,L4<=U4)))),OR(L8<U8,AND(L8=U8,OR(L7>U7,AND(L7=U7,L4<=U4)))))),1,0)+IF(AND(O8>0,IF($E$4="Avalanche",OR(O7>U7,AND(O7=U7,OR(O8<U8,AND(O8=U8,O4<=U4)))),OR(O8<U8,AND(O8=U8,OR(O7>U7,AND(O7=U7,O4<=U4)))))),1,0)+IF(AND(R8>0,IF($E$4="Avalanche",OR(R7>U7,AND(R7=U7,OR(R8<U8,AND(R8=U8,R4<=U4)))),OR(R8<U8,AND(R8=U8,OR(R7>U7,AND(R7=U7,R4<=U4)))))),1,0)+IF(AND(X8>0,IF($E$4="Avalanche",OR(X7>U7,AND(X7=U7,OR(X8<U8,AND(X8=U8,X4<U4)))),OR(X8<U8,AND(X8=U8,OR(X7>U7,AND(X7=U7,X4<U4)))))),1,0)+IF(AND(AA8>0,IF($E$4="Avalanche",OR(AA7>U7,AND(AA7=U7,OR(AA8<U8,AND(AA8=U8,AA4<U4)))),OR(AA8<U8,AND(AA8=U8,OR(AA7>U7,AND(AA7=U7,AA4<U4)))))),1,0)+IF(AND(AD8>0,IF($E$4="Avalanche",OR(AD7>U7,AND(AD7=U7,OR(AD8<U8,AND(AD8=U8,AD4<U4)))),OR(AD8<U8,AND(AD8=U8,OR(AD7>U7,AND(AD7=U7,AD4<U4)))))),1,0)+IF(AND(AG8>0,IF($E$4="Avalanche",OR(AG7>U7,AND(AG7=U7,OR(AG8<U8,AND(AG8=U8,AG4<U4)))),OR(AG8<U8,AND(AG8=U8,OR(AG7>U7,AND(AG7=U7,AG4<U4)))))),1,0)+IF(AND(AJ8>0,IF($E$4="Avalanche",OR(AJ7>U7,AND(AJ7=U7,OR(AJ8<U8,AND(AJ8=U8,AJ4<U4)))),OR(AJ8<U8,AND(AJ8=U8,OR(AJ7>U7,AND(AJ7=U7,AJ4<U4)))))),1,0),0) -> 0 | X5: =IF(X8>0,1+IF(AND(I8>0,IF($E$4="Avalanche",OR(I7>X7,AND(I7=X7,OR(I8<X8,AND(I8=X8,I4<=X4)))),OR(I8<X8,AND(I8=X8,OR(I7>X7,AND(I7=X7,I4<=X4)))))),1,0)+IF(AND(L8>0,IF($E$4="Avalanche",OR(L7>X7,AND(L7=X7,OR(L8<X8,AND(L8=X8,L4<=X4)))),OR(L8<X8,AND(L8=X8,OR(L7>X7,AND(L7=X7,L4<=X4)))))),1,0)+IF(AND(O8>0,IF($E$4="Avalanche",OR(O7>X7,AND(O7=X7,OR(O8<X8,AND(O8=X8,O4<=X4)))),OR(O8<X8,AND(O8=X8,OR(O7>X7,AND(O7=X7,O4<=X4)))))),1,0)+IF(AND(R8>0,IF($E$4="Avalanche",OR(R7>X7,AND(R7=X7,OR(R8<X8,AND(R8=X8,R4<=X4)))),OR(R8<X8,AND(R8=X8,OR(R7>X7,AND(R7=X7,R4<=X4)))))),1,0)+IF(AND(U8>0,IF($E$4="Avalanche",OR(U7>X7,AND(U7=X7,OR(U8<X8,AND(U8=X8,U4<=X4)))),OR(U8<X8,AND(U8=X8,OR(U7>X7,AND(U7=X7,U4<=X4)))))),1,0)+IF(AND(AA8>0,IF($E$4="Avalanche",OR(AA7>X7,AND(AA7=X7,OR(AA8<X8,AND(AA8=X8,AA4<X4)))),OR(AA8<X8,AND(AA8=X8,OR(AA7>X7,AND(AA7=X7,AA4<X4)))))),1,0)+IF(AND(AD8>0,IF($E$4="Avalanche",OR(AD7>X7,AND(AD7=X7,OR(AD8<X8,AND(AD8=X8,AD4<X4)))),OR(AD8<X8,AND(AD8=X8,OR(AD7>X7,AND(AD7=X7,AD4<X4)))))),1,0)+IF(AND(AG8>0,IF($E$4="Avalanche",OR(AG7>X7,AND(AG7=X7,OR(AG8<X8,AND(AG8=X8,AG4<X4)))),OR(AG8<X8,AND(AG8=X8,OR(AG7>X7,AND(AG7=X7,AG4<X4)))))),1,0)+IF(AND(AJ8>0,IF($E$4="Avalanche",OR(AJ7>X7,AND(AJ7=X7,OR(AJ8<X8,AND(AJ8=X8,AJ4<X4)))),OR(AJ8<X8,AND(AJ8=X8,OR(AJ7>X7,AND(AJ7=X7,AJ4<X4)))))),1,0),0) -> 0 | AA5: =IF(AA8>0,1+IF(AND(I8>0,IF($E$4="Avalanche",OR(I7>AA7,AND(I7=AA7,OR(I8<AA8,AND(I8=AA8,I4<=AA4)))),OR(I8<AA8,AND(I8=AA8,OR(I7>AA7,AND(I7=AA7,I4<=AA4)))))),1,0)+IF(AND(L8>0,IF($E$4="Avalanche",OR(L7>AA7,AND(L7=AA7,OR(L8<AA8,AND(L8=AA8,L4<=AA4)))),OR(L8<AA8,AND(L8=AA8,OR(L7>AA7,AND(L7=AA7,L4<=AA4)))))),1,0)+IF(AND(O8>0,IF($E$4="Avalanche",OR(O7>AA7,AND(O7=AA7,OR(O8<AA8,AND(O8=AA8,O4<=AA4)))),OR(O8<AA8,AND(O8=AA8,OR(O7>AA7,AND(O7=AA7,O4<=AA4)))))),1,0)+IF(AND(R8>0,IF($E$4="Avalanche",OR(R7>AA7,AND(R7=AA7,OR(R8<AA8,AND(R8=AA8,R4<=AA4)))),OR(R8<AA8,AND(R8=AA8,OR(R7>AA7,AND(R7=AA7,R4<=AA4)))))),1,0)+IF(AND(U8>0,IF($E$4="Avalanche",OR(U7>AA7,AND(U7=AA7,OR(U8<AA8,AND(U8=AA8,U4<=AA4)))),OR(U8<AA8,AND(U8=AA8,OR(U7>AA7,AND(U7=AA7,U4<=AA4)))))),1,0)+IF(AND(X8>0,IF($E$4="Avalanche",OR(X7>AA7,AND(X7=AA7,OR(X8<AA8,AND(X8=AA8,X4<=AA4)))),OR(X8<AA8,AND(X8=AA8,OR(X7>AA7,AND(X7=AA7,X4<=AA4)))))),1,0)+IF(AND(AD8>0,IF($E$4="Avalanche",OR(AD7>AA7,AND(AD7=AA7,OR(AD8<AA8,AND(AD8=AA8,AD4<AA4)))),OR(AD8<AA8,AND(AD8=AA8,OR(AD7>AA7,AND(AD7=AA7,AD4<AA4)))))),1,0)+IF(AND(AG8>0,IF($E$4="Avalanche",OR(AG7>AA7,AND(AG7=AA7,OR(AG8<AA8,AND(AG8=AA8,AG4<AA4)))),OR(AG8<AA8,AND(AG8=AA8,OR(AG7>AA7,AND(AG7=AA7,AG4<AA4)))))),1,0)+IF(AND(AJ8>0,IF($E$4="Avalanche",OR(AJ7>AA7,AND(AJ7=AA7,OR(AJ8<AA8,AND(AJ8=AA8,AJ4<AA4)))),OR(AJ8<AA8,AND(AJ8=AA8,OR(AJ7>AA7,AND(AJ7=AA7,AJ4<AA4)))))),1,0),0) -> 0 | AD5: =IF(AD8>0,1+IF(AND(I8>0,IF($E$4="Avalanche",OR(I7>AD7,AND(I7=AD7,OR(I8<AD8,AND(I8=AD8,I4<=AD4)))),OR(I8<AD8,AND(I8=AD8,OR(I7>AD7,AND(I7=AD7,I4<=AD4)))))),1,0)+IF(AND(L8>0,IF($E$4="Avalanche",OR(L7>AD7,AND(L7=AD7,OR(L8<AD8,AND(L8=AD8,L4<=AD4)))),OR(L8<AD8,AND(L8=AD8,OR(L7>AD7,AND(L7=AD7,L4<=AD4)))))),1,0)+IF(AND(O8>0,IF($E$4="Avalanche",OR(O7>AD7,AND(O7=AD7,OR(O8<AD8,AND(O8=AD8,O4<=AD4)))),OR(O8<AD8,AND(O8=AD8,OR(O7>AD7,AND(O7=AD7,O4<=AD4)))))),1,0)+IF(AND(R8>0,IF($E$4="Avalanche",OR(R7>AD7,AND(R7=AD7,OR(R8<AD8,AND(R8=AD8,R4<=AD4)))),OR(R8<AD8,AND(R8=AD8,OR(R7>AD7,AND(R7=AD7,R4<=AD4)))))),1,0)+IF(AND(U8>0,IF($E$4="Avalanche",OR(U7>AD7,AND(U7=AD7,OR(U8<AD8,AND(U8=AD8,U4<=AD4)))),OR(U8<AD8,AND(U8=AD8,OR(U7>AD7,AND(U7=AD7,U4<=AD4)))))),1,0)+IF(AND(X8>0,IF($E$4="Avalanche",OR(X7>AD7,AND(X7=AD7,OR(X8<AD8,AND(X8=AD8,X4<=AD4)))),OR(X8<AD8,AND(X8=AD8,OR(X7>AD7,AND(X7=AD7,X4<=AD4)))))),1,0)+IF(AND(AA8>0,IF($E$4="Avalanche",OR(AA7>AD7,AND(AA7=AD7,OR(AA8<AD8,AND(AA8=AD8,AA4<=AD4)))),OR(AA8<AD8,AND(AA8=AD8,OR(AA7>AD7,AND(AA7=AD7,AA4<=AD4)))))),1,0)+IF(AND(AG8>0,IF($E$4="Avalanche",OR(AG7>AD7,AND(AG7=AD7,OR(AG8<AD8,AND(AG8=AD8,AG4<AD4)))),OR(AG8<AD8,AND(AG8=AD8,OR(AG7>AD7,AND(AG7=AD7,AG4<AD4)))))),1,0)+IF(AND(AJ8>0,IF($E$4="Avalanche",OR(AJ7>AD7,AND(AJ7=AD7,OR(AJ8<AD8,AND(AJ8=AD8,AJ4<AD4)))),OR(AJ8<AD8,AND(AJ8=AD8,OR(AJ7>AD7,AND(AJ7=AD7,AJ4<AD4)))))),1,0),0) -> 0 | AG5: =IF(AG8>0,1+IF(AND(I8>0,IF($E$4="Avalanche",OR(I7>AG7,AND(I7=AG7,OR(I8<AG8,AND(I8=AG8,I4<=AG4)))),OR(I8<AG8,AND(I8=AG8,OR(I7>AG7,AND(I7=AG7,I4<=AG4)))))),1,0)+IF(AND(L8>0,IF($E$4="Avalanche",OR(L7>AG7,AND(L7=AG7,OR(L8<AG8,AND(L8=AG8,L4<=AG4)))),OR(L8<AG8,AND(L8=AG8,OR(L7>AG7,AND(L7=AG7,L4<=AG4)))))),1,0)+IF(AND(O8>0,IF($E$4="Avalanche",OR(O7>AG7,AND(O7=AG7,OR(O8<AG8,AND(O8=AG8,O4<=AG4)))),OR(O8<AG8,AND(O8=AG8,OR(O7>AG7,AND(O7=AG7,O4<=AG4)))))),1,0)+IF(AND(R8>0,IF($E$4="Avalanche",OR(R7>AG7,AND(R7=AG7,OR(R8<AG8,AND(R8=AG8,R4<=AG4)))),OR(R8<AG8,AND(R8=AG8,OR(R7>AG7,AND(R7=AG7,R4<=AG4)))))),1,0)+IF(AND(U8>0,IF($E$4="Avalanche",OR(U7>AG7,AND(U7=AG7,OR(U8<AG8,AND(U8=AG8,U4<=AG4)))),OR(U8<AG8,AND(U8=AG8,OR(U7>AG7,AND(U7=AG7,U4<=AG4)))))),1,0)+IF(AND(X8>0,IF($E$4="Avalanche",OR(X7>AG7,AND(X7=AG7,OR(X8<AG8,AND(X8=AG8,X4<=AG4)))),OR(X8<AG8,AND(X8=AG8,OR(X7>AG7,AND(X7=AG7,X4<=AG4)))))),1,0)+IF(AND(AA8>0,IF($E$4="Avalanche",OR(AA7>AG7,AND(AA7=AG7,OR(AA8<AG8,AND(AA8=AG8,AA4<=AG4)))),OR(AA8<AG8,AND(AA8=AG8,OR(AA7>AG7,AND(AA7=AG7,AA4<=AG4)))))),1,0)+IF(AND(AD8>0,IF($E$4="Avalanche",OR(AD7>AG7,AND(AD7=AG7,OR(AD8<AG8,AND(AD8=AG8,AD4<=AG4)))),OR(AD8<AG8,AND(AD8=AG8,OR(AD7>AG7,AND(AD7=AG7,AD4<=AG4)))))),1,0)+IF(AND(AJ8>0,IF($E$4="Avalanche",OR(AJ7>AG7,AND(AJ7=AG7,OR(AJ8<AG8,AND(AJ8=AG8,AJ4<AG4)))),OR(AJ8<AG8,AND(AJ8=AG8,OR(AJ7>AG7,AND(AJ7=AG7,AJ4<AG4)))))),1,0),0) -> 0 | AJ5: =IF(AJ8>0,1+IF(AND(I8>0,IF($E$4="Avalanche",OR(I7>AJ7,AND(I7=AJ7,OR(I8<AJ8,AND(I8=AJ8,I4<=AJ4)))),OR(I8<AJ8,AND(I8=AJ8,OR(I7>AJ7,AND(I7=AJ7,I4<=AJ4)))))),1,0)+IF(AND(L8>0,IF($E$4="Avalanche",OR(L7>AJ7,AND(L7=AJ7,OR(L8<AJ8,AND(L8=AJ8,L4<=AJ4)))),OR(L8<AJ8,AND(L8=AJ8,OR(L7>AJ7,AND(L7=AJ7,L4<=AJ4)))))),1,0)+IF(AND(O8>0,IF($E$4="Avalanche",OR(O7>AJ7,AND(O7=AJ7,OR(O8<AJ8,AND(O8=AJ8,O4<=AJ4)))),OR(O8<AJ8,AND(O8=AJ8,OR(O7>AJ7,AND(O7=AJ7,O4<=AJ4)))))),1,0)+IF(AND(R8>0,IF($E$4="Avalanche",OR(R7>AJ7,AND(R7=AJ7,OR(R8<AJ8,AND(R8=AJ8,R4<=AJ4)))),OR(R8<AJ8,AND(R8=AJ8,OR(R7>AJ7,AND(R7=AJ7,R4<=AJ4)))))),1,0)+IF(AND(U8>0,IF($E$4="Avalanche",OR(U7>AJ7,AND(U7=AJ7,OR(U8<AJ8,AND(U8=AJ8,U4<=AJ4)))),OR(U8<AJ8,AND(U8=AJ8,OR(U7>AJ7,AND(U7=AJ7,U4<=AJ4)))))),1,0)+IF(AND(X8>0,IF($E$4="Avalanche",OR(X7>AJ7,AND(X7=AJ7,OR(X8<AJ8,AND(X8=AJ8,X4<=AJ4)))),OR(X8<AJ8,AND(X8=AJ8,OR(X7>AJ7,AND(X7=AJ7,X4<=AJ4)))))),1,0)+IF(AND(AA8>0,IF($E$4="Avalanche",OR(AA7>AJ7,AND(AA7=AJ7,OR(AA8<AJ8,AND(AA8=AJ8,AA4<=AJ4)))),OR(AA8<AJ8,AND(AA8=AJ8,OR(AA7>AJ7,AND(AA7=AJ7,AA4<=AJ4)))))),1,0)+IF(AND(AD8>0,IF($E$4="Avalanche",OR(AD7>AJ7,AND(AD7=AJ7,OR(AD8<AJ8,AND(AD8=AJ8,AD4<=AJ4)))),OR(AD8<AJ8,AND(AD8=AJ8,OR(AD7>AJ7,AND(AD7=AJ7,AD4<=AJ4)))))),1,0)+IF(AND(AG8>0,IF($E$4="Avalanche",OR(AG7>AJ7,AND(AG7=AJ7,OR(AG8<AJ8,AND(AG8=AJ8,AG4<=AJ4)))),OR(AG8<AJ8,AND(AG8=AJ8,OR(AG7>AJ7,AND(AG7=AJ7,AG4<=AJ4)))))),1,0),0) -> 0
D6: Start date | E6: =Plan!C7 -> 46300 | H6: Minimum | I6: =IF(I8>0,MAX(0,IFERROR(ROUND(Plan!E19,2),0)),0) -> 95 | L6: =IF(L8>0,MAX(0,IFERROR(ROUND(Plan!E20,2),0)),0) -> 210 | O6: =IF(O8>0,MAX(0,IFERROR(ROUND(Plan!E21,2),0)),0) -> 25 | R6: =IF(R8>0,MAX(0,IFERROR(ROUND(Plan!E22,2),0)),0) -> 0 | U6: =IF(U8>0,MAX(0,IFERROR(ROUND(Plan!E23,2),0)),0) -> 0 | X6: =IF(X8>0,MAX(0,IFERROR(ROUND(Plan!E24,2),0)),0) -> 0 | AA6: =IF(AA8>0,MAX(0,IFERROR(ROUND(Plan!E25,2),0)),0) -> 0 | AD6: =IF(AD8>0,MAX(0,IFERROR(ROUND(Plan!E26,2),0)),0) -> 0 | AG6: =IF(AG8>0,MAX(0,IFERROR(ROUND(Plan!E27,2),0)),0) -> 0 | AJ6: =IF(AJ8>0,MAX(0,IFERROR(ROUND(Plan!E28,2),0)),0) -> 0
H7: APR % | I7: =IF(I8>0,MAX(0,IFERROR(ROUND(Plan!D19,4),0)),0) -> 24.99 | L7: =IF(L8>0,MAX(0,IFERROR(ROUND(Plan!D20,4),0)),0) -> 6.5 | O7: =IF(O8>0,MAX(0,IFERROR(ROUND(Plan!D21,4),0)),0) -> 0 | R7: =IF(R8>0,MAX(0,IFERROR(ROUND(Plan!D22,4),0)),0) -> 0 | U7: =IF(U8>0,MAX(0,IFERROR(ROUND(Plan!D23,4),0)),0) -> 0 | X7: =IF(X8>0,MAX(0,IFERROR(ROUND(Plan!D24,4),0)),0) -> 0 | AA7: =IF(AA8>0,MAX(0,IFERROR(ROUND(Plan!D25,4),0)),0) -> 0 | AD7: =IF(AD8>0,MAX(0,IFERROR(ROUND(Plan!D26,4),0)),0) -> 0 | AG7: =IF(AG8>0,MAX(0,IFERROR(ROUND(Plan!D27,4),0)),0) -> 0 | AJ7: =IF(AJ8>0,MAX(0,IFERROR(ROUND(Plan!D28,4),0)),0) -> 0
H8: Starting balance | I8: =MAX(0,IFERROR(ROUND(Plan!C19,2),0)) -> 3250 | L8: =MAX(0,IFERROR(ROUND(Plan!C20,2),0)) -> 8400 | O8: =MAX(0,IFERROR(ROUND(Plan!C21,2),0)) -> 640 | R8: =MAX(0,IFERROR(ROUND(Plan!C22,2),0)) -> 0 | U8: =MAX(0,IFERROR(ROUND(Plan!C23,2),0)) -> 0 | X8: =MAX(0,IFERROR(ROUND(Plan!C24,2),0)) -> 0 | AA8: =MAX(0,IFERROR(ROUND(Plan!C25,2),0)) -> 0 | AD8: =MAX(0,IFERROR(ROUND(Plan!C26,2),0)) -> 0 | AG8: =MAX(0,IFERROR(ROUND(Plan!C27,2),0)) -> 0 | AJ8: =MAX(0,IFERROR(ROUND(Plan!C28,2),0)) -> 0
H9: Check | I9: =IF(I8>0,IF(I6<=0,"No minimum",IF(I11<=J11,"Too low","OK")),"") -> OK | L9: =IF(L8>0,IF(L6<=0,"No minimum",IF(L11<=M11,"Too low","OK")),"") -> OK | O9: =IF(O8>0,IF(O6<=0,"No minimum",IF(O11<=P11,"Too low","OK")),"") -> OK | R9: =IF(R8>0,IF(R6<=0,"No minimum",IF(R11<=S11,"Too low","OK")),"") | U9: =IF(U8>0,IF(U6<=0,"No minimum",IF(U11<=V11,"Too low","OK")),"") | X9: =IF(X8>0,IF(X6<=0,"No minimum",IF(X11<=Y11,"Too low","OK")),"") | AA9: =IF(AA8>0,IF(AA6<=0,"No minimum",IF(AA11<=AB11,"Too low","OK")),"") | AD9: =IF(AD8>0,IF(AD6<=0,"No minimum",IF(AD11<=AE11,"Too low","OK")),"") | AG9: =IF(AG8>0,IF(AG6<=0,"No minimum",IF(AG11<=AH11,"Too low","OK")),"") | AJ9: =IF(AJ8>0,IF(AJ6<=0,"No minimum",IF(AJ11<=AK11,"Too low","OK")),"")
A10: Month | B10: Date | C10: Extra to # | D10: Extra goes to | E10: Rolled over | F10: Paid | G10: Interest | H10: Balance left | I10: Payment | J10: Interest | K10: Balance | L10: Payment | M10: Interest | N10: Balance | O10: Payment | P10: Interest | Q10: Balance | R10: Payment | S10: Interest | T10: Balance | U10: Payment | V10: Interest | W10: Balance | X10: Payment | Y10: Interest | Z10: Balance | AA10: Payment | AB10: Interest | AC10: Balance | AD10: Payment | AE10: Interest | AF10: Balance | AG10: Payment | AH10: Interest | AI10: Balance | AJ10: Payment | AK10: Interest | AL10: Balance
A11: =IF(F11>0,1,"") -> 1 | B11: =IF(F11>0,EDATE($E$6,1),"") -> 46331 | C11: =IF(SUM($I$8:$AL$8)>0,MIN(IF(I$8>0,I$5,99),IF(L$8>0,L$5,99),IF(O$8>0,O$5,99),IF(R$8>0,R$5,99),IF(U$8>0,U$5,99),IF(X$8>0,X$5,99),IF(AA$8>0,AA$5,99),IF(AD$8>0,AD$5,99),IF(AG$8>0,AG$5,99),IF(AJ$8>0,AJ$5,99)),0) -> 1 | D11: =IF(C11>0,INDEX($I$4:$AL$4,1,MATCH(C11,$I$5:$AL$5,0)),"") -> Medical bill | E11: =ROUND(IF(AND(I$8>0,I$8=0),I$6,0)+IF(AND(L$8>0,L$8=0),L$6,0)+IF(AND(O$8>0,O$8=0),O$6,0)+IF(AND(R$8>0,R$8=0),R$6,0)+IF(AND(U$8>0,U$8=0),U$6,0)+IF(AND(X$8>0,X$8=0),X$6,0)+IF(AND(AA$8>0,AA$8=0),AA$6,0)+IF(AND(AD$8>0,AD$8=0),AD$6,0)+IF(AND(AG$8>0,AG$8=0),AG$6,0)+IF(AND(AJ$8>0,AJ$8=0),AJ$6,0),2) -> 0 | F11: =ROUND(I11+L11+O11+R11+U11+X11+AA11+AD11+AG11+AJ11,2) -> 480 | G11: =ROUND(J11+M11+P11+S11+V11+Y11+AB11+AE11+AH11+AK11,2) -> 113.18 | H11: =ROUND(K11+N11+Q11+T11+W11+Z11+AC11+AF11+AI11+AL11,2) -> 11923.18 | I11: =IF(I$8>0,MIN(ROUND(I$6+IF(I$5=$C11,$E$5+$E11,0),2),ROUND(I$8+J11,2)),0) -> 95 | J11: =IF(I$8>0,ROUND(ROUND(I$8*100,0)*ROUND(I$7*10000,0)/12000000,0)/100,0) -> 67.68 | K11: =IF(I$8>0,ROUND(I$8+J11-I11,2),0) -> 3222.68 | L11: =IF(L$8>0,MIN(ROUND(L$6+IF(L$5=$C11,$E$5+$E11,0),2),ROUND(L$8+M11,2)),0) -> 210 | M11: =IF(L$8>0,ROUND(ROUND(L$8*100,0)*ROUND(L$7*10000,0)/12000000,0)/100,0) -> 45.5 | N11: =IF(L$8>0,ROUND(L$8+M11-L11,2),0) -> 8235.5 | O11: =IF(O$8>0,MIN(ROUND(O$6+IF(O$5=$C11,$E$5+$E11,0),2),ROUND(O$8+P11,2)),0) -> 175 | P11: =IF(O$8>0,ROUND(ROUND(O$8*100,0)*ROUND(O$7*10000,0)/12000000,0)/100,0) -> 0 | Q11: =IF(O$8>0,ROUND(O$8+P11-O11,2),0) -> 465 | R11: =IF(R$8>0,MIN(ROUND(R$6+IF(R$5=$C11,$E$5+$E11,0),2),ROUND(R$8+S11,2)),0) -> 0 | S11: =IF(R$8>0,ROUND(ROUND(R$8*100,0)*ROUND(R$7*10000,0)/12000000,0)/100,0) -> 0 | T11: =IF(R$8>0,ROUND(R$8+S11-R11,2),0) -> 0 | U11: =IF(U$8>0,MIN(ROUND(U$6+IF(U$5=$C11,$E$5+$E11,0),2),ROUND(U$8+V11,2)),0) -> 0 | V11: =IF(U$8>0,ROUND(ROUND(U$8*100,0)*ROUND(U$7*10000,0)/12000000,0)/100,0) -> 0 | W11: =IF(U$8>0,ROUND(U$8+V11-U11,2),0) -> 0 | X11: =IF(X$8>0,MIN(ROUND(X$6+IF(X$5=$C11,$E$5+$E11,0),2),ROUND(X$8+Y11,2)),0) -> 0 | Y11: =IF(X$8>0,ROUND(ROUND(X$8*100,0)*ROUND(X$7*10000,0)/12000000,0)/100,0) -> 0 | Z11: =IF(X$8>0,ROUND(X$8+Y11-X11,2),0) -> 0 | AA11: =IF(AA$8>0,MIN(ROUND(AA$6+IF(AA$5=$C11,$E$5+$E11,0),2),ROUND(AA$8+AB11,2)),0) -> 0 | AB11: =IF(AA$8>0,ROUND(ROUND(AA$8*100,0)*ROUND(AA$7*10000,0)/12000000,0)/100,0) -> 0 | AC11: =IF(AA$8>0,ROUND(AA$8+AB11-AA11,2),0) -> 0 | AD11: =IF(AD$8>0,MIN(ROUND(AD$6+IF(AD$5=$C11,$E$5+$E11,0),2),ROUND(AD$8+AE11,2)),0) -> 0 | AE11: =IF(AD$8>0,ROUND(ROUND(AD$8*100,0)*ROUND(AD$7*10000,0)/12000000,0)/100,0) -> 0 | AF11: =IF(AD$8>0,ROUND(AD$8+AE11-AD11,2),0) -> 0 | AG11: =IF(AG$8>0,MIN(ROUND(AG$6+IF(AG$5=$C11,$E$5+$E11,0),2),ROUND(AG$8+AH11,2)),0) -> 0 | AH11: =IF(AG$8>0,ROUND(ROUND(AG$8*100,0)*ROUND(AG$7*10000,0)/12000000,0)/100,0) -> 0 | AI11: =IF(AG$8>0,ROUND(AG$8+AH11-AG11,2),0) -> 0 | AJ11: =IF(AJ$8>0,MIN(ROUND(AJ$6+IF(AJ$5=$C11,$E$5+$E11,0),2),ROUND(AJ$8+AK11,2)),0) -> 0 | AK11: =IF(AJ$8>0,ROUND(ROUND(AJ$8*100,0)*ROUND(AJ$7*10000,0)/12000000,0)/100,0) -> 0 | AL11: =IF(AJ$8>0,ROUND(AJ$8+AK11-AJ11,2),0) -> 0
A12: =IF(F12>0,2,"") -> 2 | B12: =IF(F12>0,EDATE($E$6,2),"") -> 46361 | C12: =IF(H11>0,MIN(IF(K11>0,I$5,99),IF(N11>0,L$5,99),IF(Q11>0,O$5,99),IF(T11>0,R$5,99),IF(W11>0,U$5,99),IF(Z11>0,X$5,99),IF(AC11>0,AA$5,99),IF(AF11>0,AD$5,99),IF(AI11>0,AG$5,99),IF(AL11>0,AJ$5,99)),0) -> 1 | D12: =IF(C12>0,INDEX($I$4:$AL$4,1,MATCH(C12,$I$5:$AL$5,0)),"") -> Medical bill | E12: =ROUND(IF(AND(I$8>0,K11=0),I$6,0)+IF(AND(L$8>0,N11=0),L$6,0)+IF(AND(O$8>0,Q11=0),O$6,0)+IF(AND(R$8>0,T11=0),R$6,0)+IF(AND(U$8>0,W11=0),U$6,0)+IF(AND(X$8>0,Z11=0),X$6,0)+IF(AND(AA$8>0,AC11=0),AA$6,0)+IF(AND(AD$8>0,AF11=0),AD$6,0)+IF(AND(AG$8>0,AI11=0),AG$6,0)+IF(AND(AJ$8>0,AL11=0),AJ$6,0),2) -> 0 | F12: =ROUND(I12+L12+O12+R12+U12+X12+AA12+AD12+AG12+AJ12,2) -> 480 | G12: =ROUND(J12+M12+P12+S12+V12+Y12+AB12+AE12+AH12+AK12,2) -> 111.72 | H12: =ROUND(K12+N12+Q12+T12+W12+Z12+AC12+AF12+AI12+AL12,2) -> 11554.9 | I12: =IF(K11>0,MIN(ROUND(I$6+IF(I$5=$C12,$E$5+$E12,0),2),ROUND(K11+J12,2)),0) -> 95 | J12: =IF(K11>0,ROUND(ROUND(K11*100,0)*ROUND(I$7*10000,0)/12000000,0)/100,0) -> 67.11 | K12: =IF(K11>0,ROUND(K11+J12-I12,2),0) -> 3194.79 | L12: =IF(N11>0,MIN(ROUND(L$6+IF(L$5=$C12,$E$5+$E12,0),2),ROUND(N11+M12,2)),0) -> 210 | M12: =IF(N11>0,ROUND(ROUND(N11*100,0)*ROUND(L$7*10000,0)/12000000,0)/100,0) -> 44.61 | N12: =IF(N11>0,ROUND(N11+M12-L12,2),0) -> 8070.11 | O12: =IF(Q11>0,MIN(ROUND(O$6+IF(O$5=$C12,$E$5+$E12,0),2),ROUND(Q11+P12,2)),0) -> 175 | P12: =IF(Q11>0,ROUND(ROUND(Q11*100,0)*ROUND(O$7*10000,0)/12000000,0)/100,0) -> 0 | Q12: =IF(Q11>0,ROUND(Q11+P12-O12,2),0) -> 290 | R12: =IF(T11>0,MIN(ROUND(R$6+IF(R$5=$C12,$E$5+$E12,0),2),ROUND(T11+S12,2)),0) -> 0 | S12: =IF(T11>0,ROUND(ROUND(T11*100,0)*ROUND(R$7*10000,0)/12000000,0)/100,0) -> 0 | T12: =IF(T11>0,ROUND(T11+S12-R12,2),0) -> 0 | U12: =IF(W11>0,MIN(ROUND(U$6+IF(U$5=$C12,$E$5+$E12,0),2),ROUND(W11+V12,2)),0) -> 0 | V12: =IF(W11>0,ROUND(ROUND(W11*100,0)*ROUND(U$7*10000,0)/12000000,0)/100,0) -> 0 | W12: =IF(W11>0,ROUND(W11+V12-U12,2),0) -> 0 | X12: =IF(Z11>0,MIN(ROUND(X$6+IF(X$5=$C12,$E$5+$E12,0),2),ROUND(Z11+Y12,2)),0) -> 0 | Y12: =IF(Z11>0,ROUND(ROUND(Z11*100,0)*ROUND(X$7*10000,0)/12000000,0)/100,0) -> 0 | Z12: =IF(Z11>0,ROUND(Z11+Y12-X12,2),0) -> 0 | AA12: =IF(AC11>0,MIN(ROUND(AA$6+IF(AA$5=$C12,$E$5+$E12,0),2),ROUND(AC11+AB12,2)),0) -> 0 | AB12: =IF(AC11>0,ROUND(ROUND(AC11*100,0)*ROUND(AA$7*10000,0)/12000000,0)/100,0) -> 0 | AC12: =IF(AC11>0,ROUND(AC11+AB12-AA12,2),0) -> 0 | AD12: =IF(AF11>0,MIN(ROUND(AD$6+IF(AD$5=$C12,$E$5+$E12,0),2),ROUND(AF11+AE12,2)),0) -> 0 | AE12: =IF(AF11>0,ROUND(ROUND(AF11*100,0)*ROUND(AD$7*10000,0)/12000000,0)/100,0) -> 0 | AF12: =IF(AF11>0,ROUND(AF11+AE12-AD12,2),0) -> 0 | AG12: =IF(AI11>0,MIN(ROUND(AG$6+IF(AG$5=$C12,$E$5+$E12,0),2),ROUND(AI11+AH12,2)),0) -> 0 | AH12: =IF(AI11>0,ROUND(ROUND(AI11*100,0)*ROUND(AG$7*10000,0)/12000000,0)/100,0) -> 0 | AI12: =IF(AI11>0,ROUND(AI11+AH12-AG12,2),0) -> 0 | AJ12: =IF(AL11>0,MIN(ROUND(AJ$6+IF(AJ$5=$C12,$E$5+$E12,0),2),ROUND(AL11+AK12,2)),0) -> 0 | AK12: =IF(AL11>0,ROUND(ROUND(AL11*100,0)*ROUND(AJ$7*10000,0)/12000000,0)/100,0) -> 0 | AL12: =IF(AL11>0,ROUND(AL11+AK12-AJ12,2),0) -> 0
A13: =IF(F13>0,3,"") -> 3 | B13: =IF(F13>0,EDATE($E$6,3),"") -> 46392 | C13: =IF(H12>0,MIN(IF(K12>0,I$5,99),IF(N12>0,L$5,99),IF(Q12>0,O$5,99),IF(T12>0,R$5,99),IF(W12>0,U$5,99),IF(Z12>0,X$5,99),IF(AC12>0,AA$5,99),IF(AF12>0,AD$5,99),IF(AI12>0,AG$5,99),IF(AL12>0,AJ$5,99)),0) -> 1 | D13: =IF(C13>0,INDEX($I$4:$AL$4,1,MATCH(C13,$I$5:$AL$5,0)),"") -> Medical bill | E13: =ROUND(IF(AND(I$8>0,K12=0),I$6,0)+IF(AND(L$8>0,N12=0),L$6,0)+IF(AND(O$8>0,Q12=0),O$6,0)+IF(AND(R$8>0,T12=0),R$6,0)+IF(AND(U$8>0,W12=0),U$6,0)+IF(AND(X$8>0,Z12=0),X$6,0)+IF(AND(AA$8>0,AC12=0),AA$6,0)+IF(AND(AD$8>0,AF12=0),AD$6,0)+IF(AND(AG$8>0,AI12=0),AG$6,0)+IF(AND(AJ$8>0,AL12=0),AJ$6,0),2) -> 0 | F13: =ROUND(I13+L13+O13+R13+U13+X13+AA13+AD13+AG13+AJ13,2) -> 480 | G13: =ROUND(J13+M13+P13+S13+V13+Y13+AB13+AE13+AH13+AK13,2) -> 110.24 | H13: =ROUND(K13+N13+Q13+T13+W13+Z13+AC13+AF13+AI13+AL13,2) -> 11185.14 | I13: =IF(K12>0,MIN(ROUND(I$6+IF(I$5=$C13,$E$5+$E13,0),2),ROUND(K12+J13,2)),0) -> 95 | J13: =IF(K12>0,ROUND(ROUND(K12*100,0)*ROUND(I$7*10000,0)/12000000,0)/100,0) -> 66.53 | K13: =IF(K12>0,ROUND(K12+J13-I13,2),0) -> 3166.32 | L13: =IF(N12>0,MIN(ROUND(L$6+IF(L$5=$C13,$E$5+$E13,0),2),ROUND(N12+M13,2)),0) -> 210 | M13: =IF(N12>0,ROUND(ROUND(N12*100,0)*ROUND(L$7*10000,0)/12000000,0)/100,0) -> 43.71 | N13: =IF(N12>0,ROUND(N12+M13-L13,2),0) -> 7903.82 | O13: =IF(Q12>0,MIN(ROUND(O$6+IF(O$5=$C13,$E$5+$E13,0),2),ROUND(Q12+P13,2)),0) -> 175 | P13: =IF(Q12>0,ROUND(ROUND(Q12*100,0)*ROUND(O$7*10000,0)/12000000,0)/100,0) -> 0 | Q13: =IF(Q12>0,ROUND(Q12+P13-O13,2),0) -> 115 | R13: =IF(T12>0,MIN(ROUND(R$6+IF(R$5=$C13,$E$5+$E13,0),2),ROUND(T12+S13,2)),0) -> 0 | S13: =IF(T12>0,ROUND(ROUND(T12*100,0)*ROUND(R$7*10000,0)/12000000,0)/100,0) -> 0 | T13: =IF(T12>0,ROUND(T12+S13-R13,2),0) -> 0 | U13: =IF(W12>0,MIN(ROUND(U$6+IF(U$5=$C13,$E$5+$E13,0),2),ROUND(W12+V13,2)),0) -> 0 | V13: =IF(W12>0,ROUND(ROUND(W12*100,0)*ROUND(U$7*10000,0)/12000000,0)/100,0) -> 0 | W13: =IF(W12>0,ROUND(W12+V13-U13,2),0) -> 0 | X13: =IF(Z12>0,MIN(ROUND(X$6+IF(X$5=$C13,$E$5+$E13,0),2),ROUND(Z12+Y13,2)),0) -> 0 | Y13: =IF(Z12>0,ROUND(ROUND(Z12*100,0)*ROUND(X$7*10000,0)/12000000,0)/100,0) -> 0 | Z13: =IF(Z12>0,ROUND(Z12+Y13-X13,2),0) -> 0 | AA13: =IF(AC12>0,MIN(ROUND(AA$6+IF(AA$5=$C13,$E$5+$E13,0),2),ROUND(AC12+AB13,2)),0) -> 0 | AB13: =IF(AC12>0,ROUND(ROUND(AC12*100,0)*ROUND(AA$7*10000,0)/12000000,0)/100,0) -> 0 | AC13: =IF(AC12>0,ROUND(AC12+AB13-AA13,2),0) -> 0 | AD13: =IF(AF12>0,MIN(ROUND(AD$6+IF(AD$5=$C13,$E$5+$E13,0),2),ROUND(AF12+AE13,2)),0) -> 0 | AE13: =IF(AF12>0,ROUND(ROUND(AF12*100,0)*ROUND(AD$7*10000,0)/12000000,0)/100,0) -> 0 | AF13: =IF(AF12>0,ROUND(AF12+AE13-AD13,2),0) -> 0 | AG13: =IF(AI12>0,MIN(ROUND(AG$6+IF(AG$5=$C13,$E$5+$E13,0),2),ROUND(AI12+AH13,2)),0) -> 0 | AH13: =IF(AI12>0,ROUND(ROUND(AI12*100,0)*ROUND(AG$7*10000,0)/12000000,0)/100,0) -> 0 | AI13: =IF(AI12>0,ROUND(AI12+AH13-AG13,2),0) -> 0 | AJ13: =IF(AL12>0,MIN(ROUND(AJ$6+IF(AJ$5=$C13,$E$5+$E13,0),2),ROUND(AL12+AK13,2)),0) -> 0 | AK13: =IF(AL12>0,ROUND(ROUND(AL12*100,0)*ROUND(AJ$7*10000,0)/12000000,0)/100,0) -> 0 | AL13: =IF(AL12>0,ROUND(AL12+AK13-AJ13,2),0) -> 0
A14: =IF(F14>0,4,"") -> 4 | B14: =IF(F14>0,EDATE($E$6,4),"") -> 46423 | C14: =IF(H13>0,MIN(IF(K13>0,I$5,99),IF(N13>0,L$5,99),IF(Q13>0,O$5,99),IF(T13>0,R$5,99),IF(W13>0,U$5,99),IF(Z13>0,X$5,99),IF(AC13>0,AA$5,99),IF(AF13>0,AD$5,99),IF(AI13>0,AG$5,99),IF(AL13>0,AJ$5,99)),0) -> 1 | D14: =IF(C14>0,INDEX($I$4:$AL$4,1,MATCH(C14,$I$5:$AL$5,0)),"") -> Medical bill | E14: =ROUND(IF(AND(I$8>0,K13=0),I$6,0)+IF(AND(L$8>0,N13=0),L$6,0)+IF(AND(O$8>0,Q13=0),O$6,0)+IF(AND(R$8>0,T13=0),R$6,0)+IF(AND(U$8>0,W13=0),U$6,0)+IF(AND(X$8>0,Z13=0),X$6,0)+IF(AND(AA$8>0,AC13=0),AA$6,0)+IF(AND(AD$8>0,AF13=0),AD$6,0)+IF(AND(AG$8>0,AI13=0),AG$6,0)+IF(AND(AJ$8>0,AL13=0),AJ$6,0),2) -> 0 | F14: =ROUND(I14+L14+O14+R14+U14+X14+AA14+AD14+AG14+AJ14,2) -> 420 | G14: =ROUND(J14+M14+P14+S14+V14+Y14+AB14+AE14+AH14+AK14,2) -> 108.75 | H14: =ROUND(K14+N14+Q14+T14+W14+Z14+AC14+AF14+AI14+AL14,2) -> 10873.89 | I14: =IF(K13>0,MIN(ROUND(I$6+IF(I$5=$C14,$E$5+$E14,0),2),ROUND(K13+J14,2)),0) -> 95 | J14: =IF(K13>0,ROUND(ROUND(K13*100,0)*ROUND(I$7*10000,0)/12000000,0)/100,0) -> 65.94 | K14: =IF(K13>0,ROUND(K13+J14-I14,2),0) -> 3137.26 | L14: =IF(N13>0,MIN(ROUND(L$6+IF(L$5=$C14,$E$5+$E14,0),2),ROUND(N13+M14,2)),0) -> 210 | M14: =IF(N13>0,ROUND(ROUND(N13*100,0)*ROUND(L$7*10000,0)/12000000,0)/100,0) -> 42.81 | N14: =IF(N13>0,ROUND(N13+M14-L14,2),0) -> 7736.63 | O14: =IF(Q13>0,MIN(ROUND(O$6+IF(O$5=$C14,$E$5+$E14,0),2),ROUND(Q13+P14,2)),0) -> 115 | P14: =IF(Q13>0,ROUND(ROUND(Q13*100,0)*ROUND(O$7*10000,0)/12000000,0)/100,0) -> 0 | Q14: =IF(Q13>0,ROUND(Q13+P14-O14,2),0) -> 0 | R14: =IF(T13>0,MIN(ROUND(R$6+IF(R$5=$C14,$E$5+$E14,0),2),ROUND(T13+S14,2)),0) -> 0 | S14: =IF(T13>0,ROUND(ROUND(T13*100,0)*ROUND(R$7*10000,0)/12000000,0)/100,0) -> 0 | T14: =IF(T13>0,ROUND(T13+S14-R14,2),0) -> 0 | U14: =IF(W13>0,MIN(ROUND(U$6+IF(U$5=$C14,$E$5+$E14,0),2),ROUND(W13+V14,2)),0) -> 0 | V14: =IF(W13>0,ROUND(ROUND(W13*100,0)*ROUND(U$7*10000,0)/12000000,0)/100,0) -> 0 | W14: =IF(W13>0,ROUND(W13+V14-U14,2),0) -> 0 | X14: =IF(Z13>0,MIN(ROUND(X$6+IF(X$5=$C14,$E$5+$E14,0),2),ROUND(Z13+Y14,2)),0) -> 0 | Y14: =IF(Z13>0,ROUND(ROUND(Z13*100,0)*ROUND(X$7*10000,0)/12000000,0)/100,0) -> 0 | Z14: =IF(Z13>0,ROUND(Z13+Y14-X14,2),0) -> 0 | AA14: =IF(AC13>0,MIN(ROUND(AA$6+IF(AA$5=$C14,$E$5+$E14,0),2),ROUND(AC13+AB14,2)),0) -> 0 | AB14: =IF(AC13>0,ROUND(ROUND(AC13*100,0)*ROUND(AA$7*10000,0)/12000000,0)/100,0) -> 0 | AC14: =IF(AC13>0,ROUND(AC13+AB14-AA14,2),0) -> 0 | AD14: =IF(AF13>0,MIN(ROUND(AD$6+IF(AD$5=$C14,$E$5+$E14,0),2),ROUND(AF13+AE14,2)),0) -> 0 | AE14: =IF(AF13>0,ROUND(ROUND(AF13*100,0)*ROUND(AD$7*10000,0)/12000000,0)/100,0) -> 0 | AF14: =IF(AF13>0,ROUND(AF13+AE14-AD14,2),0) -> 0 | AG14: =IF(AI13>0,MIN(ROUND(AG$6+IF(AG$5=$C14,$E$5+$E14,0),2),ROUND(AI13+AH14,2)),0) -> 0 | AH14: =IF(AI13>0,ROUND(ROUND(AI13*100,0)*ROUND(AG$7*10000,0)/12000000,0)/100,0) -> 0 | AI14: =IF(AI13>0,ROUND(AI13+AH14-AG14,2),0) -> 0 | AJ14: =IF(AL13>0,MIN(ROUND(AJ$6+IF(AJ$5=$C14,$E$5+$E14,0),2),ROUND(AL13+AK14,2)),0) -> 0 | AK14: =IF(AL13>0,ROUND(ROUND(AL13*100,0)*ROUND(AJ$7*10000,0)/12000000,0)/100,0) -> 0 | AL14: =IF(AL13>0,ROUND(AL13+AK14-AJ14,2),0) -> 0
A15: =IF(F15>0,5,"") -> 5 | B15: =IF(F15>0,EDATE($E$6,5),"") -> 46451 | C15: =IF(H14>0,MIN(IF(K14>0,I$5,99),IF(N14>0,L$5,99),IF(Q14>0,O$5,99),IF(T14>0,R$5,99),IF(W14>0,U$5,99),IF(Z14>0,X$5,99),IF(AC14>0,AA$5,99),IF(AF14>0,AD$5,99),IF(AI14>0,AG$5,99),IF(AL14>0,AJ$5,99)),0) -> 2 | D15: =IF(C15>0,INDEX($I$4:$AL$4,1,MATCH(C15,$I$5:$AL$5,0)),"") -> Credit card | E15: =ROUND(IF(AND(I$8>0,K14=0),I$6,0)+IF(AND(L$8>0,N14=0),L$6,0)+IF(AND(O$8>0,Q14=0),O$6,0)+IF(AND(R$8>0,T14=0),R$6,0)+IF(AND(U$8>0,W14=0),U$6,0)+IF(AND(X$8>0,Z14=0),X$6,0)+IF(AND(AA$8>0,AC14=0),AA$6,0)+IF(AND(AD$8>0,AF14=0),AD$6,0)+IF(AND(AG$8>0,AI14=0),AG$6,0)+IF(AND(AJ$8>0,AL14=0),AJ$6,0),2) -> 25 | F15: =ROUND(I15+L15+O15+R15+U15+X15+AA15+AD15+AG15+AJ15,2) -> 480 | G15: =ROUND(J15+M15+P15+S15+V15+Y15+AB15+AE15+AH15+AK15,2) -> 107.24 | H15: =ROUND(K15+N15+Q15+T15+W15+Z15+AC15+AF15+AI15+AL15,2) -> 10501.13 | I15: =IF(K14>0,MIN(ROUND(I$6+IF(I$5=$C15,$E$5+$E15,0),2),ROUND(K14+J15,2)),0) -> 270 | J15: =IF(K14>0,ROUND(ROUND(K14*100,0)*ROUND(I$7*10000,0)/12000000,0)/100,0) -> 65.33 | K15: =IF(K14>0,ROUND(K14+J15-I15,2),0) -> 2932.59 | L15: =IF(N14>0,MIN(ROUND(L$6+IF(L$5=$C15,$E$5+$E15,0),2),ROUND(N14+M15,2)),0) -> 210 | M15: =IF(N14>0,ROUND(ROUND(N14*100,0)*ROUND(L$7*10000,0)/12000000,0)/100,0) -> 41.91 | N15: =IF(N14>0,ROUND(N14+M15-L15,2),0) -> 7568.54 | O15: =IF(Q14>0,MIN(ROUND(O$6+IF(O$5=$C15,$E$5+$E15,0),2),ROUND(Q14+P15,2)),0) -> 0 | P15: =IF(Q14>0,ROUND(ROUND(Q14*100,0)*ROUND(O$7*10000,0)/12000000,0)/100,0) -> 0 | Q15: =IF(Q14>0,ROUND(Q14+P15-O15,2),0) -> 0 | R15: =IF(T14>0,MIN(ROUND(R$6+IF(R$5=$C15,$E$5+$E15,0),2),ROUND(T14+S15,2)),0) -> 0 | S15: =IF(T14>0,ROUND(ROUND(T14*100,0)*ROUND(R$7*10000,0)/12000000,0)/100,0) -> 0 | T15: =IF(T14>0,ROUND(T14+S15-R15,2),0) -> 0 | U15: =IF(W14>0,MIN(ROUND(U$6+IF(U$5=$C15,$E$5+$E15,0),2),ROUND(W14+V15,2)),0) -> 0 | V15: =IF(W14>0,ROUND(ROUND(W14*100,0)*ROUND(U$7*10000,0)/12000000,0)/100,0) -> 0 | W15: =IF(W14>0,ROUND(W14+V15-U15,2),0) -> 0 | X15: =IF(Z14>0,MIN(ROUND(X$6+IF(X$5=$C15,$E$5+$E15,0),2),ROUND(Z14+Y15,2)),0) -> 0 | Y15: =IF(Z14>0,ROUND(ROUND(Z14*100,0)*ROUND(X$7*10000,0)/12000000,0)/100,0) -> 0 | Z15: =IF(Z14>0,ROUND(Z14+Y15-X15,2),0) -> 0 | AA15: =IF(AC14>0,MIN(ROUND(AA$6+IF(AA$5=$C15,$E$5+$E15,0),2),ROUND(AC14+AB15,2)),0) -> 0 | AB15: =IF(AC14>0,ROUND(ROUND(AC14*100,0)*ROUND(AA$7*10000,0)/12000000,0)/100,0) -> 0 | AC15: =IF(AC14>0,ROUND(AC14+AB15-AA15,2),0) -> 0 | AD15: =IF(AF14>0,MIN(ROUND(AD$6+IF(AD$5=$C15,$E$5+$E15,0),2),ROUND(AF14+AE15,2)),0) -> 0 | AE15: =IF(AF14>0,ROUND(ROUND(AF14*100,0)*ROUND(AD$7*10000,0)/12000000,0)/100,0) -> 0 | AF15: =IF(AF14>0,ROUND(AF14+AE15-AD15,2),0) -> 0 | AG15: =IF(AI14>0,MIN(ROUND(AG$6+IF(AG$5=$C15,$E$5+$E15,0),2),ROUND(AI14+AH15,2)),0) -> 0 | AH15: =IF(AI14>0,ROUND(ROUND(AI14*100,0)*ROUND(AG$7*10000,0)/12000000,0)/100,0) -> 0 | AI15: =IF(AI14>0,ROUND(AI14+AH15-AG15,2),0) -> 0 | AJ15: =IF(AL14>0,MIN(ROUND(AJ$6+IF(AJ$5=$C15,$E$5+$E15,0),2),ROUND(AL14+AK15,2)),0) -> 0 | AK15: =IF(AL14>0,ROUND(ROUND(AL14*100,0)*ROUND(AJ$7*10000,0)/12000000,0)/100,0) -> 0 | AL15: =IF(AL14>0,ROUND(AL14+AK15-AJ15,2),0) -> 0
A16: =IF(F16>0,6,"") -> 6 | B16: =IF(F16>0,EDATE($E$6,6),"") -> 46482 | C16: =IF(H15>0,MIN(IF(K15>0,I$5,99),IF(N15>0,L$5,99),IF(Q15>0,O$5,99),IF(T15>0,R$5,99),IF(W15>0,U$5,99),IF(Z15>0,X$5,99),IF(AC15>0,AA$5,99),IF(AF15>0,AD$5,99),IF(AI15>0,AG$5,99),IF(AL15>0,AJ$5,99)),0) -> 2 | D16: =IF(C16>0,INDEX($I$4:$AL$4,1,MATCH(C16,$I$5:$AL$5,0)),"") -> Credit card | E16: =ROUND(IF(AND(I$8>0,K15=0),I$6,0)+IF(AND(L$8>0,N15=0),L$6,0)+IF(AND(O$8>0,Q15=0),O$6,0)+IF(AND(R$8>0,T15=0),R$6,0)+IF(AND(U$8>0,W15=0),U$6,0)+IF(AND(X$8>0,Z15=0),X$6,0)+IF(AND(AA$8>0,AC15=0),AA$6,0)+IF(AND(AD$8>0,AF15=0),AD$6,0)+IF(AND(AG$8>0,AI15=0),AG$6,0)+IF(AND(AJ$8>0,AL15=0),AJ$6,0),2) -> 25 | F16: =ROUND(I16+L16+O16+R16+U16+X16+AA16+AD16+AG16+AJ16,2) -> 480 | G16: =ROUND(J16+M16+P16+S16+V16+Y16+AB16+AE16+AH16+AK16,2) -> 102.07 | H16: =ROUND(K16+N16+Q16+T16+W16+Z16+AC16+AF16+AI16+AL16,2) -> 10123.2 | I16: =IF(K15>0,MIN(ROUND(I$6+IF(I$5=$C16,$E$5+$E16,0),2),ROUND(K15+J16,2)),0) -> 270 | J16: =IF(K15>0,ROUND(ROUND(K15*100,0)*ROUND(I$7*10000,0)/12000000,0)/100,0) -> 61.07 | K16: =IF(K15>0,ROUND(K15+J16-I16,2),0) -> 2723.66 | L16: =IF(N15>0,MIN(ROUND(L$6+IF(L$5=$C16,$E$5+$E16,0),2),ROUND(N15+M16,2)),0) -> 210 | M16: =IF(N15>0,ROUND(ROUND(N15*100,0)*ROUND(L$7*10000,0)/12000000,0)/100,0) -> 41 | N16: =IF(N15>0,ROUND(N15+M16-L16,2),0) -> 7399.54 | O16: =IF(Q15>0,MIN(ROUND(O$6+IF(O$5=$C16,$E$5+$E16,0),2),ROUND(Q15+P16,2)),0) -> 0 | P16: =IF(Q15>0,ROUND(ROUND(Q15*100,0)*ROUND(O$7*10000,0)/12000000,0)/100,0) -> 0 | Q16: =IF(Q15>0,ROUND(Q15+P16-O16,2),0) -> 0 | R16: =IF(T15>0,MIN(ROUND(R$6+IF(R$5=$C16,$E$5+$E16,0),2),ROUND(T15+S16,2)),0) -> 0 | S16: =IF(T15>0,ROUND(ROUND(T15*100,0)*ROUND(R$7*10000,0)/12000000,0)/100,0) -> 0 | T16: =IF(T15>0,ROUND(T15+S16-R16,2),0) -> 0 | U16: =IF(W15>0,MIN(ROUND(U$6+IF(U$5=$C16,$E$5+$E16,0),2),ROUND(W15+V16,2)),0) -> 0 | V16: =IF(W15>0,ROUND(ROUND(W15*100,0)*ROUND(U$7*10000,0)/12000000,0)/100,0) -> 0 | W16: =IF(W15>0,ROUND(W15+V16-U16,2),0) -> 0 | X16: =IF(Z15>0,MIN(ROUND(X$6+IF(X$5=$C16,$E$5+$E16,0),2),ROUND(Z15+Y16,2)),0) -> 0 | Y16: =IF(Z15>0,ROUND(ROUND(Z15*100,0)*ROUND(X$7*10000,0)/12000000,0)/100,0) -> 0 | Z16: =IF(Z15>0,ROUND(Z15+Y16-X16,2),0) -> 0 | AA16: =IF(AC15>0,MIN(ROUND(AA$6+IF(AA$5=$C16,$E$5+$E16,0),2),ROUND(AC15+AB16,2)),0) -> 0 | AB16: =IF(AC15>0,ROUND(ROUND(AC15*100,0)*ROUND(AA$7*10000,0)/12000000,0)/100,0) -> 0 | AC16: =IF(AC15>0,ROUND(AC15+AB16-AA16,2),0) -> 0 | AD16: =IF(AF15>0,MIN(ROUND(AD$6+IF(AD$5=$C16,$E$5+$E16,0),2),ROUND(AF15+AE16,2)),0) -> 0 | AE16: =IF(AF15>0,ROUND(ROUND(AF15*100,0)*ROUND(AD$7*10000,0)/12000000,0)/100,0) -> 0 | AF16: =IF(AF15>0,ROUND(AF15+AE16-AD16,2),0) -> 0 | AG16: =IF(AI15>0,MIN(ROUND(AG$6+IF(AG$5=$C16,$E$5+$E16,0),2),ROUND(AI15+AH16,2)),0) -> 0 | AH16: =IF(AI15>0,ROUND(ROUND(AI15*100,0)*ROUND(AG$7*10000,0)/12000000,0)/100,0) -> 0 | AI16: =IF(AI15>0,ROUND(AI15+AH16-AG16,2),0) -> 0 | AJ16: =IF(AL15>0,MIN(ROUND(AJ$6+IF(AJ$5=$C16,$E$5+$E16,0),2),ROUND(AL15+AK16,2)),0) -> 0 | AK16: =IF(AL15>0,ROUND(ROUND(AL15*100,0)*ROUND(AJ$7*10000,0)/12000000,0)/100,0) -> 0 | AL16: =IF(AL15>0,ROUND(AL15+AK16-AJ16,2),0) -> 0
A17: =IF(F17>0,7,"") -> 7 | B17: =IF(F17>0,EDATE($E$6,7),"") -> 46512 | C17: =IF(H16>0,MIN(IF(K16>0,I$5,99),IF(N16>0,L$5,99),IF(Q16>0,O$5,99),IF(T16>0,R$5,99),IF(W16>0,U$5,99),IF(Z16>0,X$5,99),IF(AC16>0,AA$5,99),IF(AF16>0,AD$5,99),IF(AI16>0,AG$5,99),IF(AL16>0,AJ$5,99)),0) -> 2 | D17: =IF(C17>0,INDEX($I$4:$AL$4,1,MATCH(C17,$I$5:$AL$5,0)),"") -> Credit card | E17: =ROUND(IF(AND(I$8>0,K16=0),I$6,0)+IF(AND(L$8>0,N16=0),L$6,0)+IF(AND(O$8>0,Q16=0),O$6,0)+IF(AND(R$8>0,T16=0),R$6,0)+IF(AND(U$8>0,W16=0),U$6,0)+IF(AND(X$8>0,Z16=0),X$6,0)+IF(AND(AA$8>0,AC16=0),AA$6,0)+IF(AND(AD$8>0,AF16=0),AD$6,0)+IF(AND(AG$8>0,AI16=0),AG$6,0)+IF(AND(AJ$8>0,AL16=0),AJ$6,0),2) -> 25 | F17: =ROUND(I17+L17+O17+R17+U17+X17+AA17+AD17+AG17+AJ17,2) -> 480 | G17: =ROUND(J17+M17+P17+S17+V17+Y17+AB17+AE17+AH17+AK17,2) -> 96.8 | H17: =ROUND(K17+N17+Q17+T17+W17+Z17+AC17+AF17+AI17+AL17,2) -> 9740 | I17: =IF(K16>0,MIN(ROUND(I$6+IF(I$5=$C17,$E$5+$E17,0),2),ROUND(K16+J17,2)),0) -> 270 | J17: =IF(K16>0,ROUND(ROUND(K16*100,0)*ROUND(I$7*10000,0)/12000000,0)/100,0) -> 56.72 | K17: =IF(K16>0,ROUND(K16+J17-I17,2),0) -> 2510.38 | L17: =IF(N16>0,MIN(ROUND(L$6+IF(L$5=$C17,$E$5+$E17,0),2),ROUND(N16+M17,2)),0) -> 210 | M17: =IF(N16>0,ROUND(ROUND(N16*100,0)*ROUND(L$7*10000,0)/12000000,0)/100,0) -> 40.08 | N17: =IF(N16>0,ROUND(N16+M17-L17,2),0) -> 7229.62 | O17: =IF(Q16>0,MIN(ROUND(O$6+IF(O$5=$C17,$E$5+$E17,0),2),ROUND(Q16+P17,2)),0) -> 0 | P17: =IF(Q16>0,ROUND(ROUND(Q16*100,0)*ROUND(O$7*10000,0)/12000000,0)/100,0) -> 0 | Q17: =IF(Q16>0,ROUND(Q16+P17-O17,2),0) -> 0 | R17: =IF(T16>0,MIN(ROUND(R$6+IF(R$5=$C17,$E$5+$E17,0),2),ROUND(T16+S17,2)),0) -> 0 | S17: =IF(T16>0,ROUND(ROUND(T16*100,0)*ROUND(R$7*10000,0)/12000000,0)/100,0) -> 0 | T17: =IF(T16>0,ROUND(T16+S17-R17,2),0) -> 0 | U17: =IF(W16>0,MIN(ROUND(U$6+IF(U$5=$C17,$E$5+$E17,0),2),ROUND(W16+V17,2)),0) -> 0 | V17: =IF(W16>0,ROUND(ROUND(W16*100,0)*ROUND(U$7*10000,0)/12000000,0)/100,0) -> 0 | W17: =IF(W16>0,ROUND(W16+V17-U17,2),0) -> 0 | X17: =IF(Z16>0,MIN(ROUND(X$6+IF(X$5=$C17,$E$5+$E17,0),2),ROUND(Z16+Y17,2)),0) -> 0 | Y17: =IF(Z16>0,ROUND(ROUND(Z16*100,0)*ROUND(X$7*10000,0)/12000000,0)/100,0) -> 0 | Z17: =IF(Z16>0,ROUND(Z16+Y17-X17,2),0) -> 0 | AA17: =IF(AC16>0,MIN(ROUND(AA$6+IF(AA$5=$C17,$E$5+$E17,0),2),ROUND(AC16+AB17,2)),0) -> 0 | AB17: =IF(AC16>0,ROUND(ROUND(AC16*100,0)*ROUND(AA$7*10000,0)/12000000,0)/100,0) -> 0 | AC17: =IF(AC16>0,ROUND(AC16+AB17-AA17,2),0) -> 0 | AD17: =IF(AF16>0,MIN(ROUND(AD$6+IF(AD$5=$C17,$E$5+$E17,0),2),ROUND(AF16+AE17,2)),0) -> 0 | AE17: =IF(AF16>0,ROUND(ROUND(AF16*100,0)*ROUND(AD$7*10000,0)/12000000,0)/100,0) -> 0 | AF17: =IF(AF16>0,ROUND(AF16+AE17-AD17,2),0) -> 0 | AG17: =IF(AI16>0,MIN(ROUND(AG$6+IF(AG$5=$C17,$E$5+$E17,0),2),ROUND(AI16+AH17,2)),0) -> 0 | AH17: =IF(AI16>0,ROUND(ROUND(AI16*100,0)*ROUND(AG$7*10000,0)/12000000,0)/100,0) -> 0 | AI17: =IF(AI16>0,ROUND(AI16+AH17-AG17,2),0) -> 0 | AJ17: =IF(AL16>0,MIN(ROUND(AJ$6+IF(AJ$5=$C17,$E$5+$E17,0),2),ROUND(AL16+AK17,2)),0) -> 0 | AK17: =IF(AL16>0,ROUND(ROUND(AL16*100,0)*ROUND(AJ$7*10000,0)/12000000,0)/100,0) -> 0 | AL17: =IF(AL16>0,ROUND(AL16+AK17-AJ17,2),0) -> 0
A18: =IF(F18>0,8,"") -> 8 | B18: =IF(F18>0,EDATE($E$6,8),"") -> 46543 | C18: =IF(H17>0,MIN(IF(K17>0,I$5,99),IF(N17>0,L$5,99),IF(Q17>0,O$5,99),IF(T17>0,R$5,99),IF(W17>0,U$5,99),IF(Z17>0,X$5,99),IF(AC17>0,AA$5,99),IF(AF17>0,AD$5,99),IF(AI17>0,AG$5,99),IF(AL17>0,AJ$5,99)),0) -> 2 | D18: =IF(C18>0,INDEX($I$4:$AL$4,1,MATCH(C18,$I$5:$AL$5,0)),"") -> Credit card | E18: =ROUND(IF(AND(I$8>0,K17=0),I$6,0)+IF(AND(L$8>0,N17=0),L$6,0)+IF(AND(O$8>0,Q17=0),O$6,0)+IF(AND(R$8>0,T17=0),R$6,0)+IF(AND(U$8>0,W17=0),U$6,0)+IF(AND(X$8>0,Z17=0),X$6,0)+IF(AND(AA$8>0,AC17=0),AA$6,0)+IF(AND(AD$8>0,AF17=0),AD$6,0)+IF(AND(AG$8>0,AI17=0),AG$6,0)+IF(AND(AJ$8>0,AL17=0),AJ$6,0),2) -> 25 | F18: =ROUND(I18+L18+O18+R18+U18+X18+AA18+AD18+AG18+AJ18,2) -> 480 | G18: =ROUND(J18+M18+P18+S18+V18+Y18+AB18+AE18+AH18+AK18,2) -> 91.44 | H18: =ROUND(K18+N18+Q18+T18+W18+Z18+AC18+AF18+AI18+AL18,2) -> 9351.44 | I18: =IF(K17>0,MIN(ROUND(I$6+IF(I$5=$C18,$E$5+$E18,0),2),ROUND(K17+J18,2)),0) -> 270 | J18: =IF(K17>0,ROUND(ROUND(K17*100,0)*ROUND(I$7*10000,0)/12000000,0)/100,0) -> 52.28 | K18: =IF(K17>0,ROUND(K17+J18-I18,2),0) -> 2292.66 | L18: =IF(N17>0,MIN(ROUND(L$6+IF(L$5=$C18,$E$5+$E18,0),2),ROUND(N17+M18,2)),0) -> 210 | M18: =IF(N17>0,ROUND(ROUND(N17*100,0)*ROUND(L$7*10000,0)/12000000,0)/100,0) -> 39.16 | N18: =IF(N17>0,ROUND(N17+M18-L18,2),0) -> 7058.78 | O18: =IF(Q17>0,MIN(ROUND(O$6+IF(O$5=$C18,$E$5+$E18,0),2),ROUND(Q17+P18,2)),0) -> 0 | P18: =IF(Q17>0,ROUND(ROUND(Q17*100,0)*ROUND(O$7*10000,0)/12000000,0)/100,0) -> 0 | Q18: =IF(Q17>0,ROUND(Q17+P18-O18,2),0) -> 0 | R18: =IF(T17>0,MIN(ROUND(R$6+IF(R$5=$C18,$E$5+$E18,0),2),ROUND(T17+S18,2)),0) -> 0 | S18: =IF(T17>0,ROUND(ROUND(T17*100,0)*ROUND(R$7*10000,0)/12000000,0)/100,0) -> 0 | T18: =IF(T17>0,ROUND(T17+S18-R18,2),0) -> 0 | U18: =IF(W17>0,MIN(ROUND(U$6+IF(U$5=$C18,$E$5+$E18,0),2),ROUND(W17+V18,2)),0) -> 0 | V18: =IF(W17>0,ROUND(ROUND(W17*100,0)*ROUND(U$7*10000,0)/12000000,0)/100,0) -> 0 | W18: =IF(W17>0,ROUND(W17+V18-U18,2),0) -> 0 | X18: =IF(Z17>0,MIN(ROUND(X$6+IF(X$5=$C18,$E$5+$E18,0),2),ROUND(Z17+Y18,2)),0) -> 0 | Y18: =IF(Z17>0,ROUND(ROUND(Z17*100,0)*ROUND(X$7*10000,0)/12000000,0)/100,0) -> 0 | Z18: =IF(Z17>0,ROUND(Z17+Y18-X18,2),0) -> 0 | AA18: =IF(AC17>0,MIN(ROUND(AA$6+IF(AA$5=$C18,$E$5+$E18,0),2),ROUND(AC17+AB18,2)),0) -> 0 | AB18: =IF(AC17>0,ROUND(ROUND(AC17*100,0)*ROUND(AA$7*10000,0)/12000000,0)/100,0) -> 0 | AC18: =IF(AC17>0,ROUND(AC17+AB18-AA18,2),0) -> 0 | AD18: =IF(AF17>0,MIN(ROUND(AD$6+IF(AD$5=$C18,$E$5+$E18,0),2),ROUND(AF17+AE18,2)),0) -> 0 | AE18: =IF(AF17>0,ROUND(ROUND(AF17*100,0)*ROUND(AD$7*10000,0)/12000000,0)/100,0) -> 0 | AF18: =IF(AF17>0,ROUND(AF17+AE18-AD18,2),0) -> 0 | AG18: =IF(AI17>0,MIN(ROUND(AG$6+IF(AG$5=$C18,$E$5+$E18,0),2),ROUND(AI17+AH18,2)),0) -> 0 | AH18: =IF(AI17>0,ROUND(ROUND(AI17*100,0)*ROUND(AG$7*10000,0)/12000000,0)/100,0) -> 0 | AI18: =IF(AI17>0,ROUND(AI17+AH18-AG18,2),0) -> 0 | AJ18: =IF(AL17>0,MIN(ROUND(AJ$6+IF(AJ$5=$C18,$E$5+$E18,0),2),ROUND(AL17+AK18,2)),0) -> 0 | AK18: =IF(AL17>0,ROUND(ROUND(AL17*100,0)*ROUND(AJ$7*10000,0)/12000000,0)/100,0) -> 0 | AL18: =IF(AL17>0,ROUND(AL17+AK18-AJ18,2),0) -> 0
A19: =IF(F19>0,9,"") -> 9 | B19: =IF(F19>0,EDATE($E$6,9),"") -> 46573 | C19: =IF(H18>0,MIN(IF(K18>0,I$5,99),IF(N18>0,L$5,99),IF(Q18>0,O$5,99),IF(T18>0,R$5,99),IF(W18>0,U$5,99),IF(Z18>0,X$5,99),IF(AC18>0,AA$5,99),IF(AF18>0,AD$5,99),IF(AI18>0,AG$5,99),IF(AL18>0,AJ$5,99)),0) -> 2 | D19: =IF(C19>0,INDEX($I$4:$AL$4,1,MATCH(C19,$I$5:$AL$5,0)),"") -> Credit card | E19: =ROUND(IF(AND(I$8>0,K18=0),I$6,0)+IF(AND(L$8>0,N18=0),L$6,0)+IF(AND(O$8>0,Q18=0),O$6,0)+IF(AND(R$8>0,T18=0),R$6,0)+IF(AND(U$8>0,W18=0),U$6,0)+IF(AND(X$8>0,Z18=0),X$6,0)+IF(AND(AA$8>0,AC18=0),AA$6,0)+IF(AND(AD$8>0,AF18=0),AD$6,0)+IF(AND(AG$8>0,AI18=0),AG$6,0)+IF(AND(AJ$8>0,AL18=0),AJ$6,0),2) -> 25 | F19: =ROUND(I19+L19+O19+R19+U19+X19+AA19+AD19+AG19+AJ19,2) -> 480 | G19: =ROUND(J19+M19+P19+S19+V19+Y19+AB19+AE19+AH19+AK19,2) -> 85.98 | H19: =ROUND(K19+N19+Q19+T19+W19+Z19+AC19+AF19+AI19+AL19,2) -> 8957.42 | I19: =IF(K18>0,MIN(ROUND(I$6+IF(I$5=$C19,$E$5+$E19,0),2),ROUND(K18+J19,2)),0) -> 270 | J19: =IF(K18>0,ROUND(ROUND(K18*100,0)*ROUND(I$7*10000,0)/12000000,0)/100,0) -> 47.74 | K19: =IF(K18>0,ROUND(K18+J19-I19,2),0) -> 2070.4 | L19: =IF(N18>0,MIN(ROUND(L$6+IF(L$5=$C19,$E$5+$E19,0),2),ROUND(N18+M19,2)),0) -> 210 | M19: =IF(N18>0,ROUND(ROUND(N18*100,0)*ROUND(L$7*10000,0)/12000000,0)/100,0) -> 38.24 | N19: =IF(N18>0,ROUND(N18+M19-L19,2),0) -> 6887.02 | O19: =IF(Q18>0,MIN(ROUND(O$6+IF(O$5=$C19,$E$5+$E19,0),2),ROUND(Q18+P19,2)),0) -> 0 | P19: =IF(Q18>0,ROUND(ROUND(Q18*100,0)*ROUND(O$7*10000,0)/12000000,0)/100,0) -> 0 | Q19: =IF(Q18>0,ROUND(Q18+P19-O19,2),0) -> 0 | R19: =IF(T18>0,MIN(ROUND(R$6+IF(R$5=$C19,$E$5+$E19,0),2),ROUND(T18+S19,2)),0) -> 0 | S19: =IF(T18>0,ROUND(ROUND(T18*100,0)*ROUND(R$7*10000,0)/12000000,0)/100,0) -> 0 | T19: =IF(T18>0,ROUND(T18+S19-R19,2),0) -> 0 | U19: =IF(W18>0,MIN(ROUND(U$6+IF(U$5=$C19,$E$5+$E19,0),2),ROUND(W18+V19,2)),0) -> 0 | V19: =IF(W18>0,ROUND(ROUND(W18*100,0)*ROUND(U$7*10000,0)/12000000,0)/100,0) -> 0 | W19: =IF(W18>0,ROUND(W18+V19-U19,2),0) -> 0 | X19: =IF(Z18>0,MIN(ROUND(X$6+IF(X$5=$C19,$E$5+$E19,0),2),ROUND(Z18+Y19,2)),0) -> 0 | Y19: =IF(Z18>0,ROUND(ROUND(Z18*100,0)*ROUND(X$7*10000,0)/12000000,0)/100,0) -> 0 | Z19: =IF(Z18>0,ROUND(Z18+Y19-X19,2),0) -> 0 | AA19: =IF(AC18>0,MIN(ROUND(AA$6+IF(AA$5=$C19,$E$5+$E19,0),2),ROUND(AC18+AB19,2)),0) -> 0 | AB19: =IF(AC18>0,ROUND(ROUND(AC18*100,0)*ROUND(AA$7*10000,0)/12000000,0)/100,0) -> 0 | AC19: =IF(AC18>0,ROUND(AC18+AB19-AA19,2),0) -> 0 | AD19: =IF(AF18>0,MIN(ROUND(AD$6+IF(AD$5=$C19,$E$5+$E19,0),2),ROUND(AF18+AE19,2)),0) -> 0 | AE19: =IF(AF18>0,ROUND(ROUND(AF18*100,0)*ROUND(AD$7*10000,0)/12000000,0)/100,0) -> 0 | AF19: =IF(AF18>0,ROUND(AF18+AE19-AD19,2),0) -> 0 | AG19: =IF(AI18>0,MIN(ROUND(AG$6+IF(AG$5=$C19,$E$5+$E19,0),2),ROUND(AI18+AH19,2)),0) -> 0 | AH19: =IF(AI18>0,ROUND(ROUND(AI18*100,0)*ROUND(AG$7*10000,0)/12000000,0)/100,0) -> 0 | AI19: =IF(AI18>0,ROUND(AI18+AH19-AG19,2),0) -> 0 | AJ19: =IF(AL18>0,MIN(ROUND(AJ$6+IF(AJ$5=$C19,$E$5+$E19,0),2),ROUND(AL18+AK19,2)),0) -> 0 | AK19: =IF(AL18>0,ROUND(ROUND(AL18*100,0)*ROUND(AJ$7*10000,0)/12000000,0)/100,0) -> 0 | AL19: =IF(AL18>0,ROUND(AL18+AK19-AJ19,2),0) -> 0
A20: =IF(F20>0,10,"") -> 10 | B20: =IF(F20>0,EDATE($E$6,10),"") -> 46604 | C20: =IF(H19>0,MIN(IF(K19>0,I$5,99),IF(N19>0,L$5,99),IF(Q19>0,O$5,99),IF(T19>0,R$5,99),IF(W19>0,U$5,99),IF(Z19>0,X$5,99),IF(AC19>0,AA$5,99),IF(AF19>0,AD$5,99),IF(AI19>0,AG$5,99),IF(AL19>0,AJ$5,99)),0) -> 2 | D20: =IF(C20>0,INDEX($I$4:$AL$4,1,MATCH(C20,$I$5:$AL$5,0)),"") -> Credit card | E20: =ROUND(IF(AND(I$8>0,K19=0),I$6,0)+IF(AND(L$8>0,N19=0),L$6,0)+IF(AND(O$8>0,Q19=0),O$6,0)+IF(AND(R$8>0,T19=0),R$6,0)+IF(AND(U$8>0,W19=0),U$6,0)+IF(AND(X$8>0,Z19=0),X$6,0)+IF(AND(AA$8>0,AC19=0),AA$6,0)+IF(AND(AD$8>0,AF19=0),AD$6,0)+IF(AND(AG$8>0,AI19=0),AG$6,0)+IF(AND(AJ$8>0,AL19=0),AJ$6,0),2) -> 25 | F20: =ROUND(I20+L20+O20+R20+U20+X20+AA20+AD20+AG20+AJ20,2) -> 480 | G20: =ROUND(J20+M20+P20+S20+V20+Y20+AB20+AE20+AH20+AK20,2) -> 80.42 | H20: =ROUND(K20+N20+Q20+T20+W20+Z20+AC20+AF20+AI20+AL20,2) -> 8557.84 | I20: =IF(K19>0,MIN(ROUND(I$6+IF(I$5=$C20,$E$5+$E20,0),2),ROUND(K19+J20,2)),0) -> 270 | J20: =IF(K19>0,ROUND(ROUND(K19*100,0)*ROUND(I$7*10000,0)/12000000,0)/100,0) -> 43.12 | K20: =IF(K19>0,ROUND(K19+J20-I20,2),0) -> 1843.52 | L20: =IF(N19>0,MIN(ROUND(L$6+IF(L$5=$C20,$E$5+$E20,0),2),ROUND(N19+M20,2)),0) -> 210 | M20: =IF(N19>0,ROUND(ROUND(N19*100,0)*ROUND(L$7*10000,0)/12000000,0)/100,0) -> 37.3 | N20: =IF(N19>0,ROUND(N19+M20-L20,2),0) -> 6714.32 | O20: =IF(Q19>0,MIN(ROUND(O$6+IF(O$5=$C20,$E$5+$E20,0),2),ROUND(Q19+P20,2)),0) -> 0 | P20: =IF(Q19>0,ROUND(ROUND(Q19*100,0)*ROUND(O$7*10000,0)/12000000,0)/100,0) -> 0 | Q20: =IF(Q19>0,ROUND(Q19+P20-O20,2),0) -> 0 | R20: =IF(T19>0,MIN(ROUND(R$6+IF(R$5=$C20,$E$5+$E20,0),2),ROUND(T19+S20,2)),0) -> 0 | S20: =IF(T19>0,ROUND(ROUND(T19*100,0)*ROUND(R$7*10000,0)/12000000,0)/100,0) -> 0 | T20: =IF(T19>0,ROUND(T19+S20-R20,2),0) -> 0 | U20: =IF(W19>0,MIN(ROUND(U$6+IF(U$5=$C20,$E$5+$E20,0),2),ROUND(W19+V20,2)),0) -> 0 | V20: =IF(W19>0,ROUND(ROUND(W19*100,0)*ROUND(U$7*10000,0)/12000000,0)/100,0) -> 0 | W20: =IF(W19>0,ROUND(W19+V20-U20,2),0) -> 0 | X20: =IF(Z19>0,MIN(ROUND(X$6+IF(X$5=$C20,$E$5+$E20,0),2),ROUND(Z19+Y20,2)),0) -> 0 | Y20: =IF(Z19>0,ROUND(ROUND(Z19*100,0)*ROUND(X$7*10000,0)/12000000,0)/100,0) -> 0 | Z20: =IF(Z19>0,ROUND(Z19+Y20-X20,2),0) -> 0 | AA20: =IF(AC19>0,MIN(ROUND(AA$6+IF(AA$5=$C20,$E$5+$E20,0),2),ROUND(AC19+AB20,2)),0) -> 0 | AB20: =IF(AC19>0,ROUND(ROUND(AC19*100,0)*ROUND(AA$7*10000,0)/12000000,0)/100,0) -> 0 | AC20: =IF(AC19>0,ROUND(AC19+AB20-AA20,2),0) -> 0 | AD20: =IF(AF19>0,MIN(ROUND(AD$6+IF(AD$5=$C20,$E$5+$E20,0),2),ROUND(AF19+AE20,2)),0) -> 0 | AE20: =IF(AF19>0,ROUND(ROUND(AF19*100,0)*ROUND(AD$7*10000,0)/12000000,0)/100,0) -> 0 | AF20: =IF(AF19>0,ROUND(AF19+AE20-AD20,2),0) -> 0 | AG20: =IF(AI19>0,MIN(ROUND(AG$6+IF(AG$5=$C20,$E$5+$E20,0),2),ROUND(AI19+AH20,2)),0) -> 0 | AH20: =IF(AI19>0,ROUND(ROUND(AI19*100,0)*ROUND(AG$7*10000,0)/12000000,0)/100,0) -> 0 | AI20: =IF(AI19>0,ROUND(AI19+AH20-AG20,2),0) -> 0 | AJ20: =IF(AL19>0,MIN(ROUND(AJ$6+IF(AJ$5=$C20,$E$5+$E20,0),2),ROUND(AL19+AK20,2)),0) -> 0 | AK20: =IF(AL19>0,ROUND(ROUND(AL19*100,0)*ROUND(AJ$7*10000,0)/12000000,0)/100,0) -> 0 | AL20: =IF(AL19>0,ROUND(AL19+AK20-AJ20,2),0) -> 0
A21: =IF(F21>0,11,"") -> 11 | B21: =IF(F21>0,EDATE($E$6,11),"") -> 46635 | C21: =IF(H20>0,MIN(IF(K20>0,I$5,99),IF(N20>0,L$5,99),IF(Q20>0,O$5,99),IF(T20>0,R$5,99),IF(W20>0,U$5,99),IF(Z20>0,X$5,99),IF(AC20>0,AA$5,99),IF(AF20>0,AD$5,99),IF(AI20>0,AG$5,99),IF(AL20>0,AJ$5,99)),0) -> 2 | D21: =IF(C21>0,INDEX($I$4:$AL$4,1,MATCH(C21,$I$5:$AL$5,0)),"") -> Credit card | E21: =ROUND(IF(AND(I$8>0,K20=0),I$6,0)+IF(AND(L$8>0,N20=0),L$6,0)+IF(AND(O$8>0,Q20=0),O$6,0)+IF(AND(R$8>0,T20=0),R$6,0)+IF(AND(U$8>0,W20=0),U$6,0)+IF(AND(X$8>0,Z20=0),X$6,0)+IF(AND(AA$8>0,AC20=0),AA$6,0)+IF(AND(AD$8>0,AF20=0),AD$6,0)+IF(AND(AG$8>0,AI20=0),AG$6,0)+IF(AND(AJ$8>0,AL20=0),AJ$6,0),2) -> 25 | F21: =ROUND(I21+L21+O21+R21+U21+X21+AA21+AD21+AG21+AJ21,2) -> 480 | G21: =ROUND(J21+M21+P21+S21+V21+Y21+AB21+AE21+AH21+AK21,2) -> 74.76 | H21: =ROUND(K21+N21+Q21+T21+W21+Z21+AC21+AF21+AI21+AL21,2) -> 8152.6 | I21: =IF(K20>0,MIN(ROUND(I$6+IF(I$5=$C21,$E$5+$E21,0),2),ROUND(K20+J21,2)),0) -> 270 | J21: =IF(K20>0,ROUND(ROUND(K20*100,0)*ROUND(I$7*10000,0)/12000000,0)/100,0) -> 38.39 | K21: =IF(K20>0,ROUND(K20+J21-I21,2),0) -> 1611.91 | L21: =IF(N20>0,MIN(ROUND(L$6+IF(L$5=$C21,$E$5+$E21,0),2),ROUND(N20+M21,2)),0) -> 210 | M21: =IF(N20>0,ROUND(ROUND(N20*100,0)*ROUND(L$7*10000,0)/12000000,0)/100,0) -> 36.37 | N21: =IF(N20>0,ROUND(N20+M21-L21,2),0) -> 6540.69 | O21: =IF(Q20>0,MIN(ROUND(O$6+IF(O$5=$C21,$E$5+$E21,0),2),ROUND(Q20+P21,2)),0) -> 0 | P21: =IF(Q20>0,ROUND(ROUND(Q20*100,0)*ROUND(O$7*10000,0)/12000000,0)/100,0) -> 0 | Q21: =IF(Q20>0,ROUND(Q20+P21-O21,2),0) -> 0 | R21: =IF(T20>0,MIN(ROUND(R$6+IF(R$5=$C21,$E$5+$E21,0),2),ROUND(T20+S21,2)),0) -> 0 | S21: =IF(T20>0,ROUND(ROUND(T20*100,0)*ROUND(R$7*10000,0)/12000000,0)/100,0) -> 0 | T21: =IF(T20>0,ROUND(T20+S21-R21,2),0) -> 0 | U21: =IF(W20>0,MIN(ROUND(U$6+IF(U$5=$C21,$E$5+$E21,0),2),ROUND(W20+V21,2)),0) -> 0 | V21: =IF(W20>0,ROUND(ROUND(W20*100,0)*ROUND(U$7*10000,0)/12000000,0)/100,0) -> 0 | W21: =IF(W20>0,ROUND(W20+V21-U21,2),0) -> 0 | X21: =IF(Z20>0,MIN(ROUND(X$6+IF(X$5=$C21,$E$5+$E21,0),2),ROUND(Z20+Y21,2)),0) -> 0 | Y21: =IF(Z20>0,ROUND(ROUND(Z20*100,0)*ROUND(X$7*10000,0)/12000000,0)/100,0) -> 0 | Z21: =IF(Z20>0,ROUND(Z20+Y21-X21,2),0) -> 0 | AA21: =IF(AC20>0,MIN(ROUND(AA$6+IF(AA$5=$C21,$E$5+$E21,0),2),ROUND(AC20+AB21,2)),0) -> 0 | AB21: =IF(AC20>0,ROUND(ROUND(AC20*100,0)*ROUND(AA$7*10000,0)/12000000,0)/100,0) -> 0 | AC21: =IF(AC20>0,ROUND(AC20+AB21-AA21,2),0) -> 0 | AD21: =IF(AF20>0,MIN(ROUND(AD$6+IF(AD$5=$C21,$E$5+$E21,0),2),ROUND(AF20+AE21,2)),0) -> 0 | AE21: =IF(AF20>0,ROUND(ROUND(AF20*100,0)*ROUND(AD$7*10000,0)/12000000,0)/100,0) -> 0 | AF21: =IF(AF20>0,ROUND(AF20+AE21-AD21,2),0) -> 0 | AG21: =IF(AI20>0,MIN(ROUND(AG$6+IF(AG$5=$C21,$E$5+$E21,0),2),ROUND(AI20+AH21,2)),0) -> 0 | AH21: =IF(AI20>0,ROUND(ROUND(AI20*100,0)*ROUND(AG$7*10000,0)/12000000,0)/100,0) -> 0 | AI21: =IF(AI20>0,ROUND(AI20+AH21-AG21,2),0) -> 0 | AJ21: =IF(AL20>0,MIN(ROUND(AJ$6+IF(AJ$5=$C21,$E$5+$E21,0),2),ROUND(AL20+AK21,2)),0) -> 0 | AK21: =IF(AL20>0,ROUND(ROUND(AL20*100,0)*ROUND(AJ$7*10000,0)/12000000,0)/100,0) -> 0 | AL21: =IF(AL20>0,ROUND(AL20+AK21-AJ21,2),0) -> 0
A22: =IF(F22>0,12,"") -> 12 | B22: =IF(F22>0,EDATE($E$6,12),"") -> 46665 | C22: =IF(H21>0,MIN(IF(K21>0,I$5,99),IF(N21>0,L$5,99),IF(Q21>0,O$5,99),IF(T21>0,R$5,99),IF(W21>0,U$5,99),IF(Z21>0,X$5,99),IF(AC21>0,AA$5,99),IF(AF21>0,AD$5,99),IF(AI21>0,AG$5,99),IF(AL21>0,AJ$5,99)),0) -> 2 | D22: =IF(C22>0,INDEX($I$4:$AL$4,1,MATCH(C22,$I$5:$AL$5,0)),"") -> Credit card | E22: =ROUND(IF(AND(I$8>0,K21=0),I$6,0)+IF(AND(L$8>0,N21=0),L$6,0)+IF(AND(O$8>0,Q21=0),O$6,0)+IF(AND(R$8>0,T21=0),R$6,0)+IF(AND(U$8>0,W21=0),U$6,0)+IF(AND(X$8>0,Z21=0),X$6,0)+IF(AND(AA$8>0,AC21=0),AA$6,0)+IF(AND(AD$8>0,AF21=0),AD$6,0)+IF(AND(AG$8>0,AI21=0),AG$6,0)+IF(AND(AJ$8>0,AL21=0),AJ$6,0),2) -> 25 | F22: =ROUND(I22+L22+O22+R22+U22+X22+AA22+AD22+AG22+AJ22,2) -> 480 | G22: =ROUND(J22+M22+P22+S22+V22+Y22+AB22+AE22+AH22+AK22,2) -> 69 | H22: =ROUND(K22+N22+Q22+T22+W22+Z22+AC22+AF22+AI22+AL22,2) -> 7741.6 | I22: =IF(K21>0,MIN(ROUND(I$6+IF(I$5=$C22,$E$5+$E22,0),2),ROUND(K21+J22,2)),0) -> 270 | J22: =IF(K21>0,ROUND(ROUND(K21*100,0)*ROUND(I$7*10000,0)/12000000,0)/100,0) -> 33.57 | K22: =IF(K21>0,ROUND(K21+J22-I22,2),0) -> 1375.48 | L22: =IF(N21>0,MIN(ROUND(L$6+IF(L$5=$C22,$E$5+$E22,0),2),ROUND(N21+M22,2)),0) -> 210 | M22: =IF(N21>0,ROUND(ROUND(N21*100,0)*ROUND(L$7*10000,0)/12000000,0)/100,0) -> 35.43 | N22: =IF(N21>0,ROUND(N21+M22-L22,2),0) -> 6366.12 | O22: =IF(Q21>0,MIN(ROUND(O$6+IF(O$5=$C22,$E$5+$E22,0),2),ROUND(Q21+P22,2)),0) -> 0 | P22: =IF(Q21>0,ROUND(ROUND(Q21*100,0)*ROUND(O$7*10000,0)/12000000,0)/100,0) -> 0 | Q22: =IF(Q21>0,ROUND(Q21+P22-O22,2),0) -> 0 | R22: =IF(T21>0,MIN(ROUND(R$6+IF(R$5=$C22,$E$5+$E22,0),2),ROUND(T21+S22,2)),0) -> 0 | S22: =IF(T21>0,ROUND(ROUND(T21*100,0)*ROUND(R$7*10000,0)/12000000,0)/100,0) -> 0 | T22: =IF(T21>0,ROUND(T21+S22-R22,2),0) -> 0 | U22: =IF(W21>0,MIN(ROUND(U$6+IF(U$5=$C22,$E$5+$E22,0),2),ROUND(W21+V22,2)),0) -> 0 | V22: =IF(W21>0,ROUND(ROUND(W21*100,0)*ROUND(U$7*10000,0)/12000000,0)/100,0) -> 0 | W22: =IF(W21>0,ROUND(W21+V22-U22,2),0) -> 0 | X22: =IF(Z21>0,MIN(ROUND(X$6+IF(X$5=$C22,$E$5+$E22,0),2),ROUND(Z21+Y22,2)),0) -> 0 | Y22: =IF(Z21>0,ROUND(ROUND(Z21*100,0)*ROUND(X$7*10000,0)/12000000,0)/100,0) -> 0 | Z22: =IF(Z21>0,ROUND(Z21+Y22-X22,2),0) -> 0 | AA22: =IF(AC21>0,MIN(ROUND(AA$6+IF(AA$5=$C22,$E$5+$E22,0),2),ROUND(AC21+AB22,2)),0) -> 0 | AB22: =IF(AC21>0,ROUND(ROUND(AC21*100,0)*ROUND(AA$7*10000,0)/12000000,0)/100,0) -> 0 | AC22: =IF(AC21>0,ROUND(AC21+AB22-AA22,2),0) -> 0 | AD22: =IF(AF21>0,MIN(ROUND(AD$6+IF(AD$5=$C22,$E$5+$E22,0),2),ROUND(AF21+AE22,2)),0) -> 0 | AE22: =IF(AF21>0,ROUND(ROUND(AF21*100,0)*ROUND(AD$7*10000,0)/12000000,0)/100,0) -> 0 | AF22: =IF(AF21>0,ROUND(AF21+AE22-AD22,2),0) -> 0 | AG22: =IF(AI21>0,MIN(ROUND(AG$6+IF(AG$5=$C22,$E$5+$E22,0),2),ROUND(AI21+AH22,2)),0) -> 0 | AH22: =IF(AI21>0,ROUND(ROUND(AI21*100,0)*ROUND(AG$7*10000,0)/12000000,0)/100,0) -> 0 | AI22: =IF(AI21>0,ROUND(AI21+AH22-AG22,2),0) -> 0 | AJ22: =IF(AL21>0,MIN(ROUND(AJ$6+IF(AJ$5=$C22,$E$5+$E22,0),2),ROUND(AL21+AK22,2)),0) -> 0 | AK22: =IF(AL21>0,ROUND(ROUND(AL21*100,0)*ROUND(AJ$7*10000,0)/12000000,0)/100,0) -> 0 | AL22: =IF(AL21>0,ROUND(AL21+AK22-AJ22,2),0) -> 0
A23: =IF(F23>0,13,"") -> 13 | B23: =IF(F23>0,EDATE($E$6,13),"") -> 46696 | C23: =IF(H22>0,MIN(IF(K22>0,I$5,99),IF(N22>0,L$5,99),IF(Q22>0,O$5,99),IF(T22>0,R$5,99),IF(W22>0,U$5,99),IF(Z22>0,X$5,99),IF(AC22>0,AA$5,99),IF(AF22>0,AD$5,99),IF(AI22>0,AG$5,99),IF(AL22>0,AJ$5,99)),0) -> 2 | D23: =IF(C23>0,INDEX($I$4:$AL$4,1,MATCH(C23,$I$5:$AL$5,0)),"") -> Credit card | E23: =ROUND(IF(AND(I$8>0,K22=0),I$6,0)+IF(AND(L$8>0,N22=0),L$6,0)+IF(AND(O$8>0,Q22=0),O$6,0)+IF(AND(R$8>0,T22=0),R$6,0)+IF(AND(U$8>0,W22=0),U$6,0)+IF(AND(X$8>0,Z22=0),X$6,0)+IF(AND(AA$8>0,AC22=0),AA$6,0)+IF(AND(AD$8>0,AF22=0),AD$6,0)+IF(AND(AG$8>0,AI22=0),AG$6,0)+IF(AND(AJ$8>0,AL22=0),AJ$6,0),2) -> 25 | F23: =ROUND(I23+L23+O23+R23+U23+X23+AA23+AD23+AG23+AJ23,2) -> 480 | G23: =ROUND(J23+M23+P23+S23+V23+Y23+AB23+AE23+AH23+AK23,2) -> 63.12 | H23: =ROUND(K23+N23+Q23+T23+W23+Z23+AC23+AF23+AI23+AL23,2) -> 7324.72 | I23: =IF(K22>0,MIN(ROUND(I$6+IF(I$5=$C23,$E$5+$E23,0),2),ROUND(K22+J23,2)),0) -> 270 | J23: =IF(K22>0,ROUND(ROUND(K22*100,0)*ROUND(I$7*10000,0)/12000000,0)/100,0) -> 28.64 | K23: =IF(K22>0,ROUND(K22+J23-I23,2),0) -> 1134.12 | L23: =IF(N22>0,MIN(ROUND(L$6+IF(L$5=$C23,$E$5+$E23,0),2),ROUND(N22+M23,2)),0) -> 210 | M23: =IF(N22>0,ROUND(ROUND(N22*100,0)*ROUND(L$7*10000,0)/12000000,0)/100,0) -> 34.48 | N23: =IF(N22>0,ROUND(N22+M23-L23,2),0) -> 6190.6 | O23: =IF(Q22>0,MIN(ROUND(O$6+IF(O$5=$C23,$E$5+$E23,0),2),ROUND(Q22+P23,2)),0) -> 0 | P23: =IF(Q22>0,ROUND(ROUND(Q22*100,0)*ROUND(O$7*10000,0)/12000000,0)/100,0) -> 0 | Q23: =IF(Q22>0,ROUND(Q22+P23-O23,2),0) -> 0 | R23: =IF(T22>0,MIN(ROUND(R$6+IF(R$5=$C23,$E$5+$E23,0),2),ROUND(T22+S23,2)),0) -> 0 | S23: =IF(T22>0,ROUND(ROUND(T22*100,0)*ROUND(R$7*10000,0)/12000000,0)/100,0) -> 0 | T23: =IF(T22>0,ROUND(T22+S23-R23,2),0) -> 0 | U23: =IF(W22>0,MIN(ROUND(U$6+IF(U$5=$C23,$E$5+$E23,0),2),ROUND(W22+V23,2)),0) -> 0 | V23: =IF(W22>0,ROUND(ROUND(W22*100,0)*ROUND(U$7*10000,0)/12000000,0)/100,0) -> 0 | W23: =IF(W22>0,ROUND(W22+V23-U23,2),0) -> 0 | X23: =IF(Z22>0,MIN(ROUND(X$6+IF(X$5=$C23,$E$5+$E23,0),2),ROUND(Z22+Y23,2)),0) -> 0 | Y23: =IF(Z22>0,ROUND(ROUND(Z22*100,0)*ROUND(X$7*10000,0)/12000000,0)/100,0) -> 0 | Z23: =IF(Z22>0,ROUND(Z22+Y23-X23,2),0) -> 0 | AA23: =IF(AC22>0,MIN(ROUND(AA$6+IF(AA$5=$C23,$E$5+$E23,0),2),ROUND(AC22+AB23,2)),0) -> 0 | AB23: =IF(AC22>0,ROUND(ROUND(AC22*100,0)*ROUND(AA$7*10000,0)/12000000,0)/100,0) -> 0 | AC23: =IF(AC22>0,ROUND(AC22+AB23-AA23,2),0) -> 0 | AD23: =IF(AF22>0,MIN(ROUND(AD$6+IF(AD$5=$C23,$E$5+$E23,0),2),ROUND(AF22+AE23,2)),0) -> 0 | AE23: =IF(AF22>0,ROUND(ROUND(AF22*100,0)*ROUND(AD$7*10000,0)/12000000,0)/100,0) -> 0 | AF23: =IF(AF22>0,ROUND(AF22+AE23-AD23,2),0) -> 0 | AG23: =IF(AI22>0,MIN(ROUND(AG$6+IF(AG$5=$C23,$E$5+$E23,0),2),ROUND(AI22+AH23,2)),0) -> 0 | AH23: =IF(AI22>0,ROUND(ROUND(AI22*100,0)*ROUND(AG$7*10000,0)/12000000,0)/100,0) -> 0 | AI23: =IF(AI22>0,ROUND(AI22+AH23-AG23,2),0) -> 0 | AJ23: =IF(AL22>0,MIN(ROUND(AJ$6+IF(AJ$5=$C23,$E$5+$E23,0),2),ROUND(AL22+AK23,2)),0) -> 0 | AK23: =IF(AL22>0,ROUND(ROUND(AL22*100,0)*ROUND(AJ$7*10000,0)/12000000,0)/100,0) -> 0 | AL23: =IF(AL22>0,ROUND(AL22+AK23-AJ23,2),0) -> 0
A24: =IF(F24>0,14,"") -> 14 | B24: =IF(F24>0,EDATE($E$6,14),"") -> 46726 | C24: =IF(H23>0,MIN(IF(K23>0,I$5,99),IF(N23>0,L$5,99),IF(Q23>0,O$5,99),IF(T23>0,R$5,99),IF(W23>0,U$5,99),IF(Z23>0,X$5,99),IF(AC23>0,AA$5,99),IF(AF23>0,AD$5,99),IF(AI23>0,AG$5,99),IF(AL23>0,AJ$5,99)),0) -> 2 | D24: =IF(C24>0,INDEX($I$4:$AL$4,1,MATCH(C24,$I$5:$AL$5,0)),"") -> Credit card | E24: =ROUND(IF(AND(I$8>0,K23=0),I$6,0)+IF(AND(L$8>0,N23=0),L$6,0)+IF(AND(O$8>0,Q23=0),O$6,0)+IF(AND(R$8>0,T23=0),R$6,0)+IF(AND(U$8>0,W23=0),U$6,0)+IF(AND(X$8>0,Z23=0),X$6,0)+IF(AND(AA$8>0,AC23=0),AA$6,0)+IF(AND(AD$8>0,AF23=0),AD$6,0)+IF(AND(AG$8>0,AI23=0),AG$6,0)+IF(AND(AJ$8>0,AL23=0),AJ$6,0),2) -> 25 | F24: =ROUND(I24+L24+O24+R24+U24+X24+AA24+AD24+AG24+AJ24,2) -> 480 | G24: =ROUND(J24+M24+P24+S24+V24+Y24+AB24+AE24+AH24+AK24,2) -> 57.15 | H24: =ROUND(K24+N24+Q24+T24+W24+Z24+AC24+AF24+AI24+AL24,2) -> 6901.87 | I24: =IF(K23>0,MIN(ROUND(I$6+IF(I$5=$C24,$E$5+$E24,0),2),ROUND(K23+J24,2)),0) -> 270 | J24: =IF(K23>0,ROUND(ROUND(K23*100,0)*ROUND(I$7*10000,0)/12000000,0)/100,0) -> 23.62 | K24: =IF(K23>0,ROUND(K23+J24-I24,2),0) -> 887.74 | L24: =IF(N23>0,MIN(ROUND(L$6+IF(L$5=$C24,$E$5+$E24,0),2),ROUND(N23+M24,2)),0) -> 210 | M24: =IF(N23>0,ROUND(ROUND(N23*100,0)*ROUND(L$7*10000,0)/12000000,0)/100,0) -> 33.53 | N24: =IF(N23>0,ROUND(N23+M24-L24,2),0) -> 6014.13 | O24: =IF(Q23>0,MIN(ROUND(O$6+IF(O$5=$C24,$E$5+$E24,0),2),ROUND(Q23+P24,2)),0) -> 0 | P24: =IF(Q23>0,ROUND(ROUND(Q23*100,0)*ROUND(O$7*10000,0)/12000000,0)/100,0) -> 0 | Q24: =IF(Q23>0,ROUND(Q23+P24-O24,2),0) -> 0 | R24: =IF(T23>0,MIN(ROUND(R$6+IF(R$5=$C24,$E$5+$E24,0),2),ROUND(T23+S24,2)),0) -> 0 | S24: =IF(T23>0,ROUND(ROUND(T23*100,0)*ROUND(R$7*10000,0)/12000000,0)/100,0) -> 0 | T24: =IF(T23>0,ROUND(T23+S24-R24,2),0) -> 0 | U24: =IF(W23>0,MIN(ROUND(U$6+IF(U$5=$C24,$E$5+$E24,0),2),ROUND(W23+V24,2)),0) -> 0 | V24: =IF(W23>0,ROUND(ROUND(W23*100,0)*ROUND(U$7*10000,0)/12000000,0)/100,0) -> 0 | W24: =IF(W23>0,ROUND(W23+V24-U24,2),0) -> 0 | X24: =IF(Z23>0,MIN(ROUND(X$6+IF(X$5=$C24,$E$5+$E24,0),2),ROUND(Z23+Y24,2)),0) -> 0 | Y24: =IF(Z23>0,ROUND(ROUND(Z23*100,0)*ROUND(X$7*10000,0)/12000000,0)/100,0) -> 0 | Z24: =IF(Z23>0,ROUND(Z23+Y24-X24,2),0) -> 0 | AA24: =IF(AC23>0,MIN(ROUND(AA$6+IF(AA$5=$C24,$E$5+$E24,0),2),ROUND(AC23+AB24,2)),0) -> 0 | AB24: =IF(AC23>0,ROUND(ROUND(AC23*100,0)*ROUND(AA$7*10000,0)/12000000,0)/100,0) -> 0 | AC24: =IF(AC23>0,ROUND(AC23+AB24-AA24,2),0) -> 0 | AD24: =IF(AF23>0,MIN(ROUND(AD$6+IF(AD$5=$C24,$E$5+$E24,0),2),ROUND(AF23+AE24,2)),0) -> 0 | AE24: =IF(AF23>0,ROUND(ROUND(AF23*100,0)*ROUND(AD$7*10000,0)/12000000,0)/100,0) -> 0 | AF24: =IF(AF23>0,ROUND(AF23+AE24-AD24,2),0) -> 0 | AG24: =IF(AI23>0,MIN(ROUND(AG$6+IF(AG$5=$C24,$E$5+$E24,0),2),ROUND(AI23+AH24,2)),0) -> 0 | AH24: =IF(AI23>0,ROUND(ROUND(AI23*100,0)*ROUND(AG$7*10000,0)/12000000,0)/100,0) -> 0 | AI24: =IF(AI23>0,ROUND(AI23+AH24-AG24,2),0) -> 0 | AJ24: =IF(AL23>0,MIN(ROUND(AJ$6+IF(AJ$5=$C24,$E$5+$E24,0),2),ROUND(AL23+AK24,2)),0) -> 0 | AK24: =IF(AL23>0,ROUND(ROUND(AL23*100,0)*ROUND(AJ$7*10000,0)/12000000,0)/100,0) -> 0 | AL24: =IF(AL23>0,ROUND(AL23+AK24-AJ24,2),0) -> 0
A25: =IF(F25>0,15,"") -> 15 | B25: =IF(F25>0,EDATE($E$6,15),"") -> 46757 | C25: =IF(H24>0,MIN(IF(K24>0,I$5,99),IF(N24>0,L$5,99),IF(Q24>0,O$5,99),IF(T24>0,R$5,99),IF(W24>0,U$5,99),IF(Z24>0,X$5,99),IF(AC24>0,AA$5,99),IF(AF24>0,AD$5,99),IF(AI24>0,AG$5,99),IF(AL24>0,AJ$5,99)),0) -> 2 | D25: =IF(C25>0,INDEX($I$4:$AL$4,1,MATCH(C25,$I$5:$AL$5,0)),"") -> Credit card | E25: =ROUND(IF(AND(I$8>0,K24=0),I$6,0)+IF(AND(L$8>0,N24=0),L$6,0)+IF(AND(O$8>0,Q24=0),O$6,0)+IF(AND(R$8>0,T24=0),R$6,0)+IF(AND(U$8>0,W24=0),U$6,0)+IF(AND(X$8>0,Z24=0),X$6,0)+IF(AND(AA$8>0,AC24=0),AA$6,0)+IF(AND(AD$8>0,AF24=0),AD$6,0)+IF(AND(AG$8>0,AI24=0),AG$6,0)+IF(AND(AJ$8>0,AL24=0),AJ$6,0),2) -> 25 | F25: =ROUND(I25+L25+O25+R25+U25+X25+AA25+AD25+AG25+AJ25,2) -> 480 | G25: =ROUND(J25+M25+P25+S25+V25+Y25+AB25+AE25+AH25+AK25,2) -> 51.07 | H25: =ROUND(K25+N25+Q25+T25+W25+Z25+AC25+AF25+AI25+AL25,2) -> 6472.94 | I25: =IF(K24>0,MIN(ROUND(I$6+IF(I$5=$C25,$E$5+$E25,0),2),ROUND(K24+J25,2)),0) -> 270 | J25: =IF(K24>0,ROUND(ROUND(K24*100,0)*ROUND(I$7*10000,0)/12000000,0)/100,0) -> 18.49 | K25: =IF(K24>0,ROUND(K24+J25-I25,2),0) -> 636.23 | L25: =IF(N24>0,MIN(ROUND(L$6+IF(L$5=$C25,$E$5+$E25,0),2),ROUND(N24+M25,2)),0) -> 210 | M25: =IF(N24>0,ROUND(ROUND(N24*100,0)*ROUND(L$7*10000,0)/12000000,0)/100,0) -> 32.58 | N25: =IF(N24>0,ROUND(N24+M25-L25,2),0) -> 5836.71 | O25: =IF(Q24>0,MIN(ROUND(O$6+IF(O$5=$C25,$E$5+$E25,0),2),ROUND(Q24+P25,2)),0) -> 0 | P25: =IF(Q24>0,ROUND(ROUND(Q24*100,0)*ROUND(O$7*10000,0)/12000000,0)/100,0) -> 0 | Q25: =IF(Q24>0,ROUND(Q24+P25-O25,2),0) -> 0 | R25: =IF(T24>0,MIN(ROUND(R$6+IF(R$5=$C25,$E$5+$E25,0),2),ROUND(T24+S25,2)),0) -> 0 | S25: =IF(T24>0,ROUND(ROUND(T24*100,0)*ROUND(R$7*10000,0)/12000000,0)/100,0) -> 0 | T25: =IF(T24>0,ROUND(T24+S25-R25,2),0) -> 0 | U25: =IF(W24>0,MIN(ROUND(U$6+IF(U$5=$C25,$E$5+$E25,0),2),ROUND(W24+V25,2)),0) -> 0 | V25: =IF(W24>0,ROUND(ROUND(W24*100,0)*ROUND(U$7*10000,0)/12000000,0)/100,0) -> 0 | W25: =IF(W24>0,ROUND(W24+V25-U25,2),0) -> 0 | X25: =IF(Z24>0,MIN(ROUND(X$6+IF(X$5=$C25,$E$5+$E25,0),2),ROUND(Z24+Y25,2)),0) -> 0 | Y25: =IF(Z24>0,ROUND(ROUND(Z24*100,0)*ROUND(X$7*10000,0)/12000000,0)/100,0) -> 0 | Z25: =IF(Z24>0,ROUND(Z24+Y25-X25,2),0) -> 0 | AA25: =IF(AC24>0,MIN(ROUND(AA$6+IF(AA$5=$C25,$E$5+$E25,0),2),ROUND(AC24+AB25,2)),0) -> 0 | AB25: =IF(AC24>0,ROUND(ROUND(AC24*100,0)*ROUND(AA$7*10000,0)/12000000,0)/100,0) -> 0 | AC25: =IF(AC24>0,ROUND(AC24+AB25-AA25,2),0) -> 0 | AD25: =IF(AF24>0,MIN(ROUND(AD$6+IF(AD$5=$C25,$E$5+$E25,0),2),ROUND(AF24+AE25,2)),0) -> 0 | AE25: =IF(AF24>0,ROUND(ROUND(AF24*100,0)*ROUND(AD$7*10000,0)/12000000,0)/100,0) -> 0 | AF25: =IF(AF24>0,ROUND(AF24+AE25-AD25,2),0) -> 0 | AG25: =IF(AI24>0,MIN(ROUND(AG$6+IF(AG$5=$C25,$E$5+$E25,0),2),ROUND(AI24+AH25,2)),0) -> 0 | AH25: =IF(AI24>0,ROUND(ROUND(AI24*100,0)*ROUND(AG$7*10000,0)/12000000,0)/100,0) -> 0 | AI25: =IF(AI24>0,ROUND(AI24+AH25-AG25,2),0) -> 0 | AJ25: =IF(AL24>0,MIN(ROUND(AJ$6+IF(AJ$5=$C25,$E$5+$E25,0),2),ROUND(AL24+AK25,2)),0) -> 0 | AK25: =IF(AL24>0,ROUND(ROUND(AL24*100,0)*ROUND(AJ$7*10000,0)/12000000,0)/100,0) -> 0 | AL25: =IF(AL24>0,ROUND(AL24+AK25-AJ25,2),0) -> 0
A26: =IF(F26>0,16,"") -> 16 | B26: =IF(F26>0,EDATE($E$6,16),"") -> 46788 | C26: =IF(H25>0,MIN(IF(K25>0,I$5,99),IF(N25>0,L$5,99),IF(Q25>0,O$5,99),IF(T25>0,R$5,99),IF(W25>0,U$5,99),IF(Z25>0,X$5,99),IF(AC25>0,AA$5,99),IF(AF25>0,AD$5,99),IF(AI25>0,AG$5,99),IF(AL25>0,AJ$5,99)),0) -> 2 | D26: =IF(C26>0,INDEX($I$4:$AL$4,1,MATCH(C26,$I$5:$AL$5,0)),"") -> Credit card | E26: =ROUND(IF(AND(I$8>0,K25=0),I$6,0)+IF(AND(L$8>0,N25=0),L$6,0)+IF(AND(O$8>0,Q25=0),O$6,0)+IF(AND(R$8>0,T25=0),R$6,0)+IF(AND(U$8>0,W25=0),U$6,0)+IF(AND(X$8>0,Z25=0),X$6,0)+IF(AND(AA$8>0,AC25=0),AA$6,0)+IF(AND(AD$8>0,AF25=0),AD$6,0)+IF(AND(AG$8>0,AI25=0),AG$6,0)+IF(AND(AJ$8>0,AL25=0),AJ$6,0),2) -> 25 | F26: =ROUND(I26+L26+O26+R26+U26+X26+AA26+AD26+AG26+AJ26,2) -> 480 | G26: =ROUND(J26+M26+P26+S26+V26+Y26+AB26+AE26+AH26+AK26,2) -> 44.87 | H26: =ROUND(K26+N26+Q26+T26+W26+Z26+AC26+AF26+AI26+AL26,2) -> 6037.81 | I26: =IF(K25>0,MIN(ROUND(I$6+IF(I$5=$C26,$E$5+$E26,0),2),ROUND(K25+J26,2)),0) -> 270 | J26: =IF(K25>0,ROUND(ROUND(K25*100,0)*ROUND(I$7*10000,0)/12000000,0)/100,0) -> 13.25 | K26: =IF(K25>0,ROUND(K25+J26-I26,2),0) -> 379.48 | L26: =IF(N25>0,MIN(ROUND(L$6+IF(L$5=$C26,$E$5+$E26,0),2),ROUND(N25+M26,2)),0) -> 210 | M26: =IF(N25>0,ROUND(ROUND(N25*100,0)*ROUND(L$7*10000,0)/12000000,0)/100,0) -> 31.62 | N26: =IF(N25>0,ROUND(N25+M26-L26,2),0) -> 5658.33 | O26: =IF(Q25>0,MIN(ROUND(O$6+IF(O$5=$C26,$E$5+$E26,0),2),ROUND(Q25+P26,2)),0) -> 0 | P26: =IF(Q25>0,ROUND(ROUND(Q25*100,0)*ROUND(O$7*10000,0)/12000000,0)/100,0) -> 0 | Q26: =IF(Q25>0,ROUND(Q25+P26-O26,2),0) -> 0 | R26: =IF(T25>0,MIN(ROUND(R$6+IF(R$5=$C26,$E$5+$E26,0),2),ROUND(T25+S26,2)),0) -> 0 | S26: =IF(T25>0,ROUND(ROUND(T25*100,0)*ROUND(R$7*10000,0)/12000000,0)/100,0) -> 0 | T26: =IF(T25>0,ROUND(T25+S26-R26,2),0) -> 0 | U26: =IF(W25>0,MIN(ROUND(U$6+IF(U$5=$C26,$E$5+$E26,0),2),ROUND(W25+V26,2)),0) -> 0 | V26: =IF(W25>0,ROUND(ROUND(W25*100,0)*ROUND(U$7*10000,0)/12000000,0)/100,0) -> 0 | W26: =IF(W25>0,ROUND(W25+V26-U26,2),0) -> 0 | X26: =IF(Z25>0,MIN(ROUND(X$6+IF(X$5=$C26,$E$5+$E26,0),2),ROUND(Z25+Y26,2)),0) -> 0 | Y26: =IF(Z25>0,ROUND(ROUND(Z25*100,0)*ROUND(X$7*10000,0)/12000000,0)/100,0) -> 0 | Z26: =IF(Z25>0,ROUND(Z25+Y26-X26,2),0) -> 0 | AA26: =IF(AC25>0,MIN(ROUND(AA$6+IF(AA$5=$C26,$E$5+$E26,0),2),ROUND(AC25+AB26,2)),0) -> 0 | AB26: =IF(AC25>0,ROUND(ROUND(AC25*100,0)*ROUND(AA$7*10000,0)/12000000,0)/100,0) -> 0 | AC26: =IF(AC25>0,ROUND(AC25+AB26-AA26,2),0) -> 0 | AD26: =IF(AF25>0,MIN(ROUND(AD$6+IF(AD$5=$C26,$E$5+$E26,0),2),ROUND(AF25+AE26,2)),0) -> 0 | AE26: =IF(AF25>0,ROUND(ROUND(AF25*100,0)*ROUND(AD$7*10000,0)/12000000,0)/100,0) -> 0 | AF26: =IF(AF25>0,ROUND(AF25+AE26-AD26,2),0) -> 0 | AG26: =IF(AI25>0,MIN(ROUND(AG$6+IF(AG$5=$C26,$E$5+$E26,0),2),ROUND(AI25+AH26,2)),0) -> 0 | AH26: =IF(AI25>0,ROUND(ROUND(AI25*100,0)*ROUND(AG$7*10000,0)/12000000,0)/100,0) -> 0 | AI26: =IF(AI25>0,ROUND(AI25+AH26-AG26,2),0) -> 0 | AJ26: =IF(AL25>0,MIN(ROUND(AJ$6+IF(AJ$5=$C26,$E$5+$E26,0),2),ROUND(AL25+AK26,2)),0) -> 0 | AK26: =IF(AL25>0,ROUND(ROUND(AL25*100,0)*ROUND(AJ$7*10000,0)/12000000,0)/100,0) -> 0 | AL26: =IF(AL25>0,ROUND(AL25+AK26-AJ26,2),0) -> 0
A27: =IF(F27>0,17,"") -> 17 | B27: =IF(F27>0,EDATE($E$6,17),"") -> 46817 | C27: =IF(H26>0,MIN(IF(K26>0,I$5,99),IF(N26>0,L$5,99),IF(Q26>0,O$5,99),IF(T26>0,R$5,99),IF(W26>0,U$5,99),IF(Z26>0,X$5,99),IF(AC26>0,AA$5,99),IF(AF26>0,AD$5,99),IF(AI26>0,AG$5,99),IF(AL26>0,AJ$5,99)),0) -> 2 | D27: =IF(C27>0,INDEX($I$4:$AL$4,1,MATCH(C27,$I$5:$AL$5,0)),"") -> Credit card | E27: =ROUND(IF(AND(I$8>0,K26=0),I$6,0)+IF(AND(L$8>0,N26=0),L$6,0)+IF(AND(O$8>0,Q26=0),O$6,0)+IF(AND(R$8>0,T26=0),R$6,0)+IF(AND(U$8>0,W26=0),U$6,0)+IF(AND(X$8>0,Z26=0),X$6,0)+IF(AND(AA$8>0,AC26=0),AA$6,0)+IF(AND(AD$8>0,AF26=0),AD$6,0)+IF(AND(AG$8>0,AI26=0),AG$6,0)+IF(AND(AJ$8>0,AL26=0),AJ$6,0),2) -> 25 | F27: =ROUND(I27+L27+O27+R27+U27+X27+AA27+AD27+AG27+AJ27,2) -> 480 | G27: =ROUND(J27+M27+P27+S27+V27+Y27+AB27+AE27+AH27+AK27,2) -> 38.55 | H27: =ROUND(K27+N27+Q27+T27+W27+Z27+AC27+AF27+AI27+AL27,2) -> 5596.36 | I27: =IF(K26>0,MIN(ROUND(I$6+IF(I$5=$C27,$E$5+$E27,0),2),ROUND(K26+J27,2)),0) -> 270 | J27: =IF(K26>0,ROUND(ROUND(K26*100,0)*ROUND(I$7*10000,0)/12000000,0)/100,0) -> 7.9 | K27: =IF(K26>0,ROUND(K26+J27-I27,2),0) -> 117.38 | L27: =IF(N26>0,MIN(ROUND(L$6+IF(L$5=$C27,$E$5+$E27,0),2),ROUND(N26+M27,2)),0) -> 210 | M27: =IF(N26>0,ROUND(ROUND(N26*100,0)*ROUND(L$7*10000,0)/12000000,0)/100,0) -> 30.65 | N27: =IF(N26>0,ROUND(N26+M27-L27,2),0) -> 5478.98 | O27: =IF(Q26>0,MIN(ROUND(O$6+IF(O$5=$C27,$E$5+$E27,0),2),ROUND(Q26+P27,2)),0) -> 0 | P27: =IF(Q26>0,ROUND(ROUND(Q26*100,0)*ROUND(O$7*10000,0)/12000000,0)/100,0) -> 0 | Q27: =IF(Q26>0,ROUND(Q26+P27-O27,2),0) -> 0 | R27: =IF(T26>0,MIN(ROUND(R$6+IF(R$5=$C27,$E$5+$E27,0),2),ROUND(T26+S27,2)),0) -> 0 | S27: =IF(T26>0,ROUND(ROUND(T26*100,0)*ROUND(R$7*10000,0)/12000000,0)/100,0) -> 0 | T27: =IF(T26>0,ROUND(T26+S27-R27,2),0) -> 0 | U27: =IF(W26>0,MIN(ROUND(U$6+IF(U$5=$C27,$E$5+$E27,0),2),ROUND(W26+V27,2)),0) -> 0 | V27: =IF(W26>0,ROUND(ROUND(W26*100,0)*ROUND(U$7*10000,0)/12000000,0)/100,0) -> 0 | W27: =IF(W26>0,ROUND(W26+V27-U27,2),0) -> 0 | X27: =IF(Z26>0,MIN(ROUND(X$6+IF(X$5=$C27,$E$5+$E27,0),2),ROUND(Z26+Y27,2)),0) -> 0 | Y27: =IF(Z26>0,ROUND(ROUND(Z26*100,0)*ROUND(X$7*10000,0)/12000000,0)/100,0) -> 0 | Z27: =IF(Z26>0,ROUND(Z26+Y27-X27,2),0) -> 0 | AA27: =IF(AC26>0,MIN(ROUND(AA$6+IF(AA$5=$C27,$E$5+$E27,0),2),ROUND(AC26+AB27,2)),0) -> 0 | AB27: =IF(AC26>0,ROUND(ROUND(AC26*100,0)*ROUND(AA$7*10000,0)/12000000,0)/100,0) -> 0 | AC27: =IF(AC26>0,ROUND(AC26+AB27-AA27,2),0) -> 0 | AD27: =IF(AF26>0,MIN(ROUND(AD$6+IF(AD$5=$C27,$E$5+$E27,0),2),ROUND(AF26+AE27,2)),0) -> 0 | AE27: =IF(AF26>0,ROUND(ROUND(AF26*100,0)*ROUND(AD$7*10000,0)/12000000,0)/100,0) -> 0 | AF27: =IF(AF26>0,ROUND(AF26+AE27-AD27,2),0) -> 0 | AG27: =IF(AI26>0,MIN(ROUND(AG$6+IF(AG$5=$C27,$E$5+$E27,0),2),ROUND(AI26+AH27,2)),0) -> 0 | AH27: =IF(AI26>0,ROUND(ROUND(AI26*100,0)*ROUND(AG$7*10000,0)/12000000,0)/100,0) -> 0 | AI27: =IF(AI26>0,ROUND(AI26+AH27-AG27,2),0) -> 0 | AJ27: =IF(AL26>0,MIN(ROUND(AJ$6+IF(AJ$5=$C27,$E$5+$E27,0),2),ROUND(AL26+AK27,2)),0) -> 0 | AK27: =IF(AL26>0,ROUND(ROUND(AL26*100,0)*ROUND(AJ$7*10000,0)/12000000,0)/100,0) -> 0 | AL27: =IF(AL26>0,ROUND(AL26+AK27-AJ27,2),0) -> 0
A28: =IF(F28>0,18,"") -> 18 | B28: =IF(F28>0,EDATE($E$6,18),"") -> 46848 | C28: =IF(H27>0,MIN(IF(K27>0,I$5,99),IF(N27>0,L$5,99),IF(Q27>0,O$5,99),IF(T27>0,R$5,99),IF(W27>0,U$5,99),IF(Z27>0,X$5,99),IF(AC27>0,AA$5,99),IF(AF27>0,AD$5,99),IF(AI27>0,AG$5,99),IF(AL27>0,AJ$5,99)),0) -> 2 | D28: =IF(C28>0,INDEX($I$4:$AL$4,1,MATCH(C28,$I$5:$AL$5,0)),"") -> Credit card | E28: =ROUND(IF(AND(I$8>0,K27=0),I$6,0)+IF(AND(L$8>0,N27=0),L$6,0)+IF(AND(O$8>0,Q27=0),O$6,0)+IF(AND(R$8>0,T27=0),R$6,0)+IF(AND(U$8>0,W27=0),U$6,0)+IF(AND(X$8>0,Z27=0),X$6,0)+IF(AND(AA$8>0,AC27=0),AA$6,0)+IF(AND(AD$8>0,AF27=0),AD$6,0)+IF(AND(AG$8>0,AI27=0),AG$6,0)+IF(AND(AJ$8>0,AL27=0),AJ$6,0),2) -> 25 | F28: =ROUND(I28+L28+O28+R28+U28+X28+AA28+AD28+AG28+AJ28,2) -> 329.82 | G28: =ROUND(J28+M28+P28+S28+V28+Y28+AB28+AE28+AH28+AK28,2) -> 32.12 | H28: =ROUND(K28+N28+Q28+T28+W28+Z28+AC28+AF28+AI28+AL28,2) -> 5298.66 | I28: =IF(K27>0,MIN(ROUND(I$6+IF(I$5=$C28,$E$5+$E28,0),2),ROUND(K27+J28,2)),0) -> 119.82 | J28: =IF(K27>0,ROUND(ROUND(K27*100,0)*ROUND(I$7*10000,0)/12000000,0)/100,0) -> 2.44 | K28: =IF(K27>0,ROUND(K27+J28-I28,2),0) -> 0 | L28: =IF(N27>0,MIN(ROUND(L$6+IF(L$5=$C28,$E$5+$E28,0),2),ROUND(N27+M28,2)),0) -> 210 | M28: =IF(N27>0,ROUND(ROUND(N27*100,0)*ROUND(L$7*10000,0)/12000000,0)/100,0) -> 29.68 | N28: =IF(N27>0,ROUND(N27+M28-L28,2),0) -> 5298.66 | O28: =IF(Q27>0,MIN(ROUND(O$6+IF(O$5=$C28,$E$5+$E28,0),2),ROUND(Q27+P28,2)),0) -> 0 | P28: =IF(Q27>0,ROUND(ROUND(Q27*100,0)*ROUND(O$7*10000,0)/12000000,0)/100,0) -> 0 | Q28: =IF(Q27>0,ROUND(Q27+P28-O28,2),0) -> 0 | R28: =IF(T27>0,MIN(ROUND(R$6+IF(R$5=$C28,$E$5+$E28,0),2),ROUND(T27+S28,2)),0) -> 0 | S28: =IF(T27>0,ROUND(ROUND(T27*100,0)*ROUND(R$7*10000,0)/12000000,0)/100,0) -> 0 | T28: =IF(T27>0,ROUND(T27+S28-R28,2),0) -> 0 | U28: =IF(W27>0,MIN(ROUND(U$6+IF(U$5=$C28,$E$5+$E28,0),2),ROUND(W27+V28,2)),0) -> 0 | V28: =IF(W27>0,ROUND(ROUND(W27*100,0)*ROUND(U$7*10000,0)/12000000,0)/100,0) -> 0 | W28: =IF(W27>0,ROUND(W27+V28-U28,2),0) -> 0 | X28: =IF(Z27>0,MIN(ROUND(X$6+IF(X$5=$C28,$E$5+$E28,0),2),ROUND(Z27+Y28,2)),0) -> 0 | Y28: =IF(Z27>0,ROUND(ROUND(Z27*100,0)*ROUND(X$7*10000,0)/12000000,0)/100,0) -> 0 | Z28: =IF(Z27>0,ROUND(Z27+Y28-X28,2),0) -> 0 | AA28: =IF(AC27>0,MIN(ROUND(AA$6+IF(AA$5=$C28,$E$5+$E28,0),2),ROUND(AC27+AB28,2)),0) -> 0 | AB28: =IF(AC27>0,ROUND(ROUND(AC27*100,0)*ROUND(AA$7*10000,0)/12000000,0)/100,0) -> 0 | AC28: =IF(AC27>0,ROUND(AC27+AB28-AA28,2),0) -> 0 | AD28: =IF(AF27>0,MIN(ROUND(AD$6+IF(AD$5=$C28,$E$5+$E28,0),2),ROUND(AF27+AE28,2)),0) -> 0 | AE28: =IF(AF27>0,ROUND(ROUND(AF27*100,0)*ROUND(AD$7*10000,0)/12000000,0)/100,0) -> 0 | AF28: =IF(AF27>0,ROUND(AF27+AE28-AD28,2),0) -> 0 | AG28: =IF(AI27>0,MIN(ROUND(AG$6+IF(AG$5=$C28,$E$5+$E28,0),2),ROUND(AI27+AH28,2)),0) -> 0 | AH28: =IF(AI27>0,ROUND(ROUND(AI27*100,0)*ROUND(AG$7*10000,0)/12000000,0)/100,0) -> 0 | AI28: =IF(AI27>0,ROUND(AI27+AH28-AG28,2),0) -> 0 | AJ28: =IF(AL27>0,MIN(ROUND(AJ$6+IF(AJ$5=$C28,$E$5+$E28,0),2),ROUND(AL27+AK28,2)),0) -> 0 | AK28: =IF(AL27>0,ROUND(ROUND(AL27*100,0)*ROUND(AJ$7*10000,0)/12000000,0)/100,0) -> 0 | AL28: =IF(AL27>0,ROUND(AL27+AK28-AJ28,2),0) -> 0
A29: =IF(F29>0,19,"") -> 19 | B29: =IF(F29>0,EDATE($E$6,19),"") -> 46878 | C29: =IF(H28>0,MIN(IF(K28>0,I$5,99),IF(N28>0,L$5,99),IF(Q28>0,O$5,99),IF(T28>0,R$5,99),IF(W28>0,U$5,99),IF(Z28>0,X$5,99),IF(AC28>0,AA$5,99),IF(AF28>0,AD$5,99),IF(AI28>0,AG$5,99),IF(AL28>0,AJ$5,99)),0) -> 3 | D29: =IF(C29>0,INDEX($I$4:$AL$4,1,MATCH(C29,$I$5:$AL$5,0)),"") -> Car loan | E29: =ROUND(IF(AND(I$8>0,K28=0),I$6,0)+IF(AND(L$8>0,N28=0),L$6,0)+IF(AND(O$8>0,Q28=0),O$6,0)+IF(AND(R$8>0,T28=0),R$6,0)+IF(AND(U$8>0,W28=0),U$6,0)+IF(AND(X$8>0,Z28=0),X$6,0)+IF(AND(AA$8>0,AC28=0),AA$6,0)+IF(AND(AD$8>0,AF28=0),AD$6,0)+IF(AND(AG$8>0,AI28=0),AG$6,0)+IF(AND(AJ$8>0,AL28=0),AJ$6,0),2) -> 120 | F29: =ROUND(I29+L29+O29+R29+U29+X29+AA29+AD29+AG29+AJ29,2) -> 480 | G29: =ROUND(J29+M29+P29+S29+V29+Y29+AB29+AE29+AH29+AK29,2) -> 28.7 | H29: =ROUND(K29+N29+Q29+T29+W29+Z29+AC29+AF29+AI29+AL29,2) -> 4847.36 | I29: =IF(K28>0,MIN(ROUND(I$6+IF(I$5=$C29,$E$5+$E29,0),2),ROUND(K28+J29,2)),0) -> 0 | J29: =IF(K28>0,ROUND(ROUND(K28*100,0)*ROUND(I$7*10000,0)/12000000,0)/100,0) -> 0 | K29: =IF(K28>0,ROUND(K28+J29-I29,2),0) -> 0 | L29: =IF(N28>0,MIN(ROUND(L$6+IF(L$5=$C29,$E$5+$E29,0),2),ROUND(N28+M29,2)),0) -> 480 | M29: =IF(N28>0,ROUND(ROUND(N28*100,0)*ROUND(L$7*10000,0)/12000000,0)/100,0) -> 28.7 | N29: =IF(N28>0,ROUND(N28+M29-L29,2),0) -> 4847.36 | O29: =IF(Q28>0,MIN(ROUND(O$6+IF(O$5=$C29,$E$5+$E29,0),2),ROUND(Q28+P29,2)),0) -> 0 | P29: =IF(Q28>0,ROUND(ROUND(Q28*100,0)*ROUND(O$7*10000,0)/12000000,0)/100,0) -> 0 | Q29: =IF(Q28>0,ROUND(Q28+P29-O29,2),0) -> 0 | R29: =IF(T28>0,MIN(ROUND(R$6+IF(R$5=$C29,$E$5+$E29,0),2),ROUND(T28+S29,2)),0) -> 0 | S29: =IF(T28>0,ROUND(ROUND(T28*100,0)*ROUND(R$7*10000,0)/12000000,0)/100,0) -> 0 | T29: =IF(T28>0,ROUND(T28+S29-R29,2),0) -> 0 | U29: =IF(W28>0,MIN(ROUND(U$6+IF(U$5=$C29,$E$5+$E29,0),2),ROUND(W28+V29,2)),0) -> 0 | V29: =IF(W28>0,ROUND(ROUND(W28*100,0)*ROUND(U$7*10000,0)/12000000,0)/100,0) -> 0 | W29: =IF(W28>0,ROUND(W28+V29-U29,2),0) -> 0 | X29: =IF(Z28>0,MIN(ROUND(X$6+IF(X$5=$C29,$E$5+$E29,0),2),ROUND(Z28+Y29,2)),0) -> 0 | Y29: =IF(Z28>0,ROUND(ROUND(Z28*100,0)*ROUND(X$7*10000,0)/12000000,0)/100,0) -> 0 | Z29: =IF(Z28>0,ROUND(Z28+Y29-X29,2),0) -> 0 | AA29: =IF(AC28>0,MIN(ROUND(AA$6+IF(AA$5=$C29,$E$5+$E29,0),2),ROUND(AC28+AB29,2)),0) -> 0 | AB29: =IF(AC28>0,ROUND(ROUND(AC28*100,0)*ROUND(AA$7*10000,0)/12000000,0)/100,0) -> 0 | AC29: =IF(AC28>0,ROUND(AC28+AB29-AA29,2),0) -> 0 | AD29: =IF(AF28>0,MIN(ROUND(AD$6+IF(AD$5=$C29,$E$5+$E29,0),2),ROUND(AF28+AE29,2)),0) -> 0 | AE29: =IF(AF28>0,ROUND(ROUND(AF28*100,0)*ROUND(AD$7*10000,0)/12000000,0)/100,0) -> 0 | AF29: =IF(AF28>0,ROUND(AF28+AE29-AD29,2),0) -> 0 | AG29: =IF(AI28>0,MIN(ROUND(AG$6+IF(AG$5=$C29,$E$5+$E29,0),2),ROUND(AI28+AH29,2)),0) -> 0 | AH29: =IF(AI28>0,ROUND(ROUND(AI28*100,0)*ROUND(AG$7*10000,0)/12000000,0)/100,0) -> 0 | AI29: =IF(AI28>0,ROUND(AI28+AH29-AG29,2),0) -> 0 | AJ29: =IF(AL28>0,MIN(ROUND(AJ$6+IF(AJ$5=$C29,$E$5+$E29,0),2),ROUND(AL28+AK29,2)),0) -> 0 | AK29: =IF(AL28>0,ROUND(ROUND(AL28*100,0)*ROUND(AJ$7*10000,0)/12000000,0)/100,0) -> 0 | AL29: =IF(AL28>0,ROUND(AL28+AK29-AJ29,2),0) -> 0
A30: =IF(F30>0,20,"") -> 20 | B30: =IF(F30>0,EDATE($E$6,20),"") -> 46909 | C30: =IF(H29>0,MIN(IF(K29>0,I$5,99),IF(N29>0,L$5,99),IF(Q29>0,O$5,99),IF(T29>0,R$5,99),IF(W29>0,U$5,99),IF(Z29>0,X$5,99),IF(AC29>0,AA$5,99),IF(AF29>0,AD$5,99),IF(AI29>0,AG$5,99),IF(AL29>0,AJ$5,99)),0) -> 3 | D30: =IF(C30>0,INDEX($I$4:$AL$4,1,MATCH(C30,$I$5:$AL$5,0)),"") -> Car loan | E30: =ROUND(IF(AND(I$8>0,K29=0),I$6,0)+IF(AND(L$8>0,N29=0),L$6,0)+IF(AND(O$8>0,Q29=0),O$6,0)+IF(AND(R$8>0,T29=0),R$6,0)+IF(AND(U$8>0,W29=0),U$6,0)+IF(AND(X$8>0,Z29=0),X$6,0)+IF(AND(AA$8>0,AC29=0),AA$6,0)+IF(AND(AD$8>0,AF29=0),AD$6,0)+IF(AND(AG$8>0,AI29=0),AG$6,0)+IF(AND(AJ$8>0,AL29=0),AJ$6,0),2) -> 120 | F30: =ROUND(I30+L30+O30+R30+U30+X30+AA30+AD30+AG30+AJ30,2) -> 480 | G30: =ROUND(J30+M30+P30+S30+V30+Y30+AB30+AE30+AH30+AK30,2) -> 26.26 | H30: =ROUND(K30+N30+Q30+T30+W30+Z30+AC30+AF30+AI30+AL30,2) -> 4393.62 | I30: =IF(K29>0,MIN(ROUND(I$6+IF(I$5=$C30,$E$5+$E30,0),2),ROUND(K29+J30,2)),0) -> 0 | J30: =IF(K29>0,ROUND(ROUND(K29*100,0)*ROUND(I$7*10000,0)/12000000,0)/100,0) -> 0 | K30: =IF(K29>0,ROUND(K29+J30-I30,2),0) -> 0 | L30: =IF(N29>0,MIN(ROUND(L$6+IF(L$5=$C30,$E$5+$E30,0),2),ROUND(N29+M30,2)),0) -> 480 | M30: =IF(N29>0,ROUND(ROUND(N29*100,0)*ROUND(L$7*10000,0)/12000000,0)/100,0) -> 26.26 | N30: =IF(N29>0,ROUND(N29+M30-L30,2),0) -> 4393.62 | O30: =IF(Q29>0,MIN(ROUND(O$6+IF(O$5=$C30,$E$5+$E30,0),2),ROUND(Q29+P30,2)),0) -> 0 | P30: =IF(Q29>0,ROUND(ROUND(Q29*100,0)*ROUND(O$7*10000,0)/12000000,0)/100,0) -> 0 | Q30: =IF(Q29>0,ROUND(Q29+P30-O30,2),0) -> 0 | R30: =IF(T29>0,MIN(ROUND(R$6+IF(R$5=$C30,$E$5+$E30,0),2),ROUND(T29+S30,2)),0) -> 0 | S30: =IF(T29>0,ROUND(ROUND(T29*100,0)*ROUND(R$7*10000,0)/12000000,0)/100,0) -> 0 | T30: =IF(T29>0,ROUND(T29+S30-R30,2),0) -> 0 | U30: =IF(W29>0,MIN(ROUND(U$6+IF(U$5=$C30,$E$5+$E30,0),2),ROUND(W29+V30,2)),0) -> 0 | V30: =IF(W29>0,ROUND(ROUND(W29*100,0)*ROUND(U$7*10000,0)/12000000,0)/100,0) -> 0 | W30: =IF(W29>0,ROUND(W29+V30-U30,2),0) -> 0 | X30: =IF(Z29>0,MIN(ROUND(X$6+IF(X$5=$C30,$E$5+$E30,0),2),ROUND(Z29+Y30,2)),0) -> 0 | Y30: =IF(Z29>0,ROUND(ROUND(Z29*100,0)*ROUND(X$7*10000,0)/12000000,0)/100,0) -> 0 | Z30: =IF(Z29>0,ROUND(Z29+Y30-X30,2),0) -> 0 | AA30: =IF(AC29>0,MIN(ROUND(AA$6+IF(AA$5=$C30,$E$5+$E30,0),2),ROUND(AC29+AB30,2)),0) -> 0 | AB30: =IF(AC29>0,ROUND(ROUND(AC29*100,0)*ROUND(AA$7*10000,0)/12000000,0)/100,0) -> 0 | AC30: =IF(AC29>0,ROUND(AC29+AB30-AA30,2),0) -> 0 | AD30: =IF(AF29>0,MIN(ROUND(AD$6+IF(AD$5=$C30,$E$5+$E30,0),2),ROUND(AF29+AE30,2)),0) -> 0 | AE30: =IF(AF29>0,ROUND(ROUND(AF29*100,0)*ROUND(AD$7*10000,0)/12000000,0)/100,0) -> 0 | AF30: =IF(AF29>0,ROUND(AF29+AE30-AD30,2),0) -> 0 | AG30: =IF(AI29>0,MIN(ROUND(AG$6+IF(AG$5=$C30,$E$5+$E30,0),2),ROUND(AI29+AH30,2)),0) -> 0 | AH30: =IF(AI29>0,ROUND(ROUND(AI29*100,0)*ROUND(AG$7*10000,0)/12000000,0)/100,0) -> 0 | AI30: =IF(AI29>0,ROUND(AI29+AH30-AG30,2),0) -> 0 | AJ30: =IF(AL29>0,MIN(ROUND(AJ$6+IF(AJ$5=$C30,$E$5+$E30,0),2),ROUND(AL29+AK30,2)),0) -> 0 | AK30: =IF(AL29>0,ROUND(ROUND(AL29*100,0)*ROUND(AJ$7*10000,0)/12000000,0)/100,0) -> 0 | AL30: =IF(AL29>0,ROUND(AL29+AK30-AJ30,2),0) -> 0
A31: =IF(F31>0,21,"") -> 21 | B31: =IF(F31>0,EDATE($E$6,21),"") -> 46939 | C31: =IF(H30>0,MIN(IF(K30>0,I$5,99),IF(N30>0,L$5,99),IF(Q30>0,O$5,99),IF(T30>0,R$5,99),IF(W30>0,U$5,99),IF(Z30>0,X$5,99),IF(AC30>0,AA$5,99),IF(AF30>0,AD$5,99),IF(AI30>0,AG$5,99),IF(AL30>0,AJ$5,99)),0) -> 3 | D31: =IF(C31>0,INDEX($I$4:$AL$4,1,MATCH(C31,$I$5:$AL$5,0)),"") -> Car loan | E31: =ROUND(IF(AND(I$8>0,K30=0),I$6,0)+IF(AND(L$8>0,N30=0),L$6,0)+IF(AND(O$8>0,Q30=0),O$6,0)+IF(AND(R$8>0,T30=0),R$6,0)+IF(AND(U$8>0,W30=0),U$6,0)+IF(AND(X$8>0,Z30=0),X$6,0)+IF(AND(AA$8>0,AC30=0),AA$6,0)+IF(AND(AD$8>0,AF30=0),AD$6,0)+IF(AND(AG$8>0,AI30=0),AG$6,0)+IF(AND(AJ$8>0,AL30=0),AJ$6,0),2) -> 120 | F31: =ROUND(I31+L31+O31+R31+U31+X31+AA31+AD31+AG31+AJ31,2) -> 480 | G31: =ROUND(J31+M31+P31+S31+V31+Y31+AB31+AE31+AH31+AK31,2) -> 23.8 | H31: =ROUND(K31+N31+Q31+T31+W31+Z31+AC31+AF31+AI31+AL31,2) -> 3937.42 | I31: =IF(K30>0,MIN(ROUND(I$6+IF(I$5=$C31,$E$5+$E31,0),2),ROUND(K30+J31,2)),0) -> 0 | J31: =IF(K30>0,ROUND(ROUND(K30*100,0)*ROUND(I$7*10000,0)/12000000,0)/100,0) -> 0 | K31: =IF(K30>0,ROUND(K30+J31-I31,2),0) -> 0 | L31: =IF(N30>0,MIN(ROUND(L$6+IF(L$5=$C31,$E$5+$E31,0),2),ROUND(N30+M31,2)),0) -> 480 | M31: =IF(N30>0,ROUND(ROUND(N30*100,0)*ROUND(L$7*10000,0)/12000000,0)/100,0) -> 23.8 | N31: =IF(N30>0,ROUND(N30+M31-L31,2),0) -> 3937.42 | O31: =IF(Q30>0,MIN(ROUND(O$6+IF(O$5=$C31,$E$5+$E31,0),2),ROUND(Q30+P31,2)),0) -> 0 | P31: =IF(Q30>0,ROUND(ROUND(Q30*100,0)*ROUND(O$7*10000,0)/12000000,0)/100,0) -> 0 | Q31: =IF(Q30>0,ROUND(Q30+P31-O31,2),0) -> 0 | R31: =IF(T30>0,MIN(ROUND(R$6+IF(R$5=$C31,$E$5+$E31,0),2),ROUND(T30+S31,2)),0) -> 0 | S31: =IF(T30>0,ROUND(ROUND(T30*100,0)*ROUND(R$7*10000,0)/12000000,0)/100,0) -> 0 | T31: =IF(T30>0,ROUND(T30+S31-R31,2),0) -> 0 | U31: =IF(W30>0,MIN(ROUND(U$6+IF(U$5=$C31,$E$5+$E31,0),2),ROUND(W30+V31,2)),0) -> 0 | V31: =IF(W30>0,ROUND(ROUND(W30*100,0)*ROUND(U$7*10000,0)/12000000,0)/100,0) -> 0 | W31: =IF(W30>0,ROUND(W30+V31-U31,2),0) -> 0 | X31: =IF(Z30>0,MIN(ROUND(X$6+IF(X$5=$C31,$E$5+$E31,0),2),ROUND(Z30+Y31,2)),0) -> 0 | Y31: =IF(Z30>0,ROUND(ROUND(Z30*100,0)*ROUND(X$7*10000,0)/12000000,0)/100,0) -> 0 | Z31: =IF(Z30>0,ROUND(Z30+Y31-X31,2),0) -> 0 | AA31: =IF(AC30>0,MIN(ROUND(AA$6+IF(AA$5=$C31,$E$5+$E31,0),2),ROUND(AC30+AB31,2)),0) -> 0 | AB31: =IF(AC30>0,ROUND(ROUND(AC30*100,0)*ROUND(AA$7*10000,0)/12000000,0)/100,0) -> 0 | AC31: =IF(AC30>0,ROUND(AC30+AB31-AA31,2),0) -> 0 | AD31: =IF(AF30>0,MIN(ROUND(AD$6+IF(AD$5=$C31,$E$5+$E31,0),2),ROUND(AF30+AE31,2)),0) -> 0 | AE31: =IF(AF30>0,ROUND(ROUND(AF30*100,0)*ROUND(AD$7*10000,0)/12000000,0)/100,0) -> 0 | AF31: =IF(AF30>0,ROUND(AF30+AE31-AD31,2),0) -> 0 | AG31: =IF(AI30>0,MIN(ROUND(AG$6+IF(AG$5=$C31,$E$5+$E31,0),2),ROUND(AI30+AH31,2)),0) -> 0 | AH31: =IF(AI30>0,ROUND(ROUND(AI30*100,0)*ROUND(AG$7*10000,0)/12000000,0)/100,0) -> 0 | AI31: =IF(AI30>0,ROUND(AI30+AH31-AG31,2),0) -> 0 | AJ31: =IF(AL30>0,MIN(ROUND(AJ$6+IF(AJ$5=$C31,$E$5+$E31,0),2),ROUND(AL30+AK31,2)),0) -> 0 | AK31: =IF(AL30>0,ROUND(ROUND(AL30*100,0)*ROUND(AJ$7*10000,0)/12000000,0)/100,0) -> 0 | AL31: =IF(AL30>0,ROUND(AL30+AK31-AJ31,2),0) -> 0
A32: =IF(F32>0,22,"") -> 22 | B32: =IF(F32>0,EDATE($E$6,22),"") -> 46970 | C32: =IF(H31>0,MIN(IF(K31>0,I$5,99),IF(N31>0,L$5,99),IF(Q31>0,O$5,99),IF(T31>0,R$5,99),IF(W31>0,U$5,99),IF(Z31>0,X$5,99),IF(AC31>0,AA$5,99),IF(AF31>0,AD$5,99),IF(AI31>0,AG$5,99),IF(AL31>0,AJ$5,99)),0) -> 3 | D32: =IF(C32>0,INDEX($I$4:$AL$4,1,MATCH(C32,$I$5:$AL$5,0)),"") -> Car loan | E32: =ROUND(IF(AND(I$8>0,K31=0),I$6,0)+IF(AND(L$8>0,N31=0),L$6,0)+IF(AND(O$8>0,Q31=0),O$6,0)+IF(AND(R$8>0,T31=0),R$6,0)+IF(AND(U$8>0,W31=0),U$6,0)+IF(AND(X$8>0,Z31=0),X$6,0)+IF(AND(AA$8>0,AC31=0),AA$6,0)+IF(AND(AD$8>0,AF31=0),AD$6,0)+IF(AND(AG$8>0,AI31=0),AG$6,0)+IF(AND(AJ$8>0,AL31=0),AJ$6,0),2) -> 120 | F32: =ROUND(I32+L32+O32+R32+U32+X32+AA32+AD32+AG32+AJ32,2) -> 480 | G32: =ROUND(J32+M32+P32+S32+V32+Y32+AB32+AE32+AH32+AK32,2) -> 21.33 | H32: =ROUND(K32+N32+Q32+T32+W32+Z32+AC32+AF32+AI32+AL32,2) -> 3478.75 | I32: =IF(K31>0,MIN(ROUND(I$6+IF(I$5=$C32,$E$5+$E32,0),2),ROUND(K31+J32,2)),0) -> 0 | J32: =IF(K31>0,ROUND(ROUND(K31*100,0)*ROUND(I$7*10000,0)/12000000,0)/100,0) -> 0 | K32: =IF(K31>0,ROUND(K31+J32-I32,2),0) -> 0 | L32: =IF(N31>0,MIN(ROUND(L$6+IF(L$5=$C32,$E$5+$E32,0),2),ROUND(N31+M32,2)),0) -> 480 | M32: =IF(N31>0,ROUND(ROUND(N31*100,0)*ROUND(L$7*10000,0)/12000000,0)/100,0) -> 21.33 | N32: =IF(N31>0,ROUND(N31+M32-L32,2),0) -> 3478.75 | O32: =IF(Q31>0,MIN(ROUND(O$6+IF(O$5=$C32,$E$5+$E32,0),2),ROUND(Q31+P32,2)),0) -> 0 | P32: =IF(Q31>0,ROUND(ROUND(Q31*100,0)*ROUND(O$7*10000,0)/12000000,0)/100,0) -> 0 | Q32: =IF(Q31>0,ROUND(Q31+P32-O32,2),0) -> 0 | R32: =IF(T31>0,MIN(ROUND(R$6+IF(R$5=$C32,$E$5+$E32,0),2),ROUND(T31+S32,2)),0) -> 0 | S32: =IF(T31>0,ROUND(ROUND(T31*100,0)*ROUND(R$7*10000,0)/12000000,0)/100,0) -> 0 | T32: =IF(T31>0,ROUND(T31+S32-R32,2),0) -> 0 | U32: =IF(W31>0,MIN(ROUND(U$6+IF(U$5=$C32,$E$5+$E32,0),2),ROUND(W31+V32,2)),0) -> 0 | V32: =IF(W31>0,ROUND(ROUND(W31*100,0)*ROUND(U$7*10000,0)/12000000,0)/100,0) -> 0 | W32: =IF(W31>0,ROUND(W31+V32-U32,2),0) -> 0 | X32: =IF(Z31>0,MIN(ROUND(X$6+IF(X$5=$C32,$E$5+$E32,0),2),ROUND(Z31+Y32,2)),0) -> 0 | Y32: =IF(Z31>0,ROUND(ROUND(Z31*100,0)*ROUND(X$7*10000,0)/12000000,0)/100,0) -> 0 | Z32: =IF(Z31>0,ROUND(Z31+Y32-X32,2),0) -> 0 | AA32: =IF(AC31>0,MIN(ROUND(AA$6+IF(AA$5=$C32,$E$5+$E32,0),2),ROUND(AC31+AB32,2)),0) -> 0 | AB32: =IF(AC31>0,ROUND(ROUND(AC31*100,0)*ROUND(AA$7*10000,0)/12000000,0)/100,0) -> 0 | AC32: =IF(AC31>0,ROUND(AC31+AB32-AA32,2),0) -> 0 | AD32: =IF(AF31>0,MIN(ROUND(AD$6+IF(AD$5=$C32,$E$5+$E32,0),2),ROUND(AF31+AE32,2)),0) -> 0 | AE32: =IF(AF31>0,ROUND(ROUND(AF31*100,0)*ROUND(AD$7*10000,0)/12000000,0)/100,0) -> 0 | AF32: =IF(AF31>0,ROUND(AF31+AE32-AD32,2),0) -> 0 | AG32: =IF(AI31>0,MIN(ROUND(AG$6+IF(AG$5=$C32,$E$5+$E32,0),2),ROUND(AI31+AH32,2)),0) -> 0 | AH32: =IF(AI31>0,ROUND(ROUND(AI31*100,0)*ROUND(AG$7*10000,0)/12000000,0)/100,0) -> 0 | AI32: =IF(AI31>0,ROUND(AI31+AH32-AG32,2),0) -> 0 | AJ32: =IF(AL31>0,MIN(ROUND(AJ$6+IF(AJ$5=$C32,$E$5+$E32,0),2),ROUND(AL31+AK32,2)),0) -> 0 | AK32: =IF(AL31>0,ROUND(ROUND(AL31*100,0)*ROUND(AJ$7*10000,0)/12000000,0)/100,0) -> 0 | AL32: =IF(AL31>0,ROUND(AL31+AK32-AJ32,2),0) -> 0
A33: =IF(F33>0,23,"") -> 23 | B33: =IF(F33>0,EDATE($E$6,23),"") -> 47001 | C33: =IF(H32>0,MIN(IF(K32>0,I$5,99),IF(N32>0,L$5,99),IF(Q32>0,O$5,99),IF(T32>0,R$5,99),IF(W32>0,U$5,99),IF(Z32>0,X$5,99),IF(AC32>0,AA$5,99),IF(AF32>0,AD$5,99),IF(AI32>0,AG$5,99),IF(AL32>0,AJ$5,99)),0) -> 3 | D33: =IF(C33>0,INDEX($I$4:$AL$4,1,MATCH(C33,$I$5:$AL$5,0)),"") -> Car loan | E33: =ROUND(IF(AND(I$8>0,K32=0),I$6,0)+IF(AND(L$8>0,N32=0),L$6,0)+IF(AND(O$8>0,Q32=0),O$6,0)+IF(AND(R$8>0,T32=0),R$6,0)+IF(AND(U$8>0,W32=0),U$6,0)+IF(AND(X$8>0,Z32=0),X$6,0)+IF(AND(AA$8>0,AC32=0),AA$6,0)+IF(AND(AD$8>0,AF32=0),AD$6,0)+IF(AND(AG$8>0,AI32=0),AG$6,0)+IF(AND(AJ$8>0,AL32=0),AJ$6,0),2) -> 120 | F33: =ROUND(I33+L33+O33+R33+U33+X33+AA33+AD33+AG33+AJ33,2) -> 480 | G33: =ROUND(J33+M33+P33+S33+V33+Y33+AB33+AE33+AH33+AK33,2) -> 18.84 | H33: =ROUND(K33+N33+Q33+T33+W33+Z33+AC33+AF33+AI33+AL33,2) -> 3017.59 | I33: =IF(K32>0,MIN(ROUND(I$6+IF(I$5=$C33,$E$5+$E33,0),2),ROUND(K32+J33,2)),0) -> 0 | J33: =IF(K32>0,ROUND(ROUND(K32*100,0)*ROUND(I$7*10000,0)/12000000,0)/100,0) -> 0 | K33: =IF(K32>0,ROUND(K32+J33-I33,2),0) -> 0 | L33: =IF(N32>0,MIN(ROUND(L$6+IF(L$5=$C33,$E$5+$E33,0),2),ROUND(N32+M33,2)),0) -> 480 | M33: =IF(N32>0,ROUND(ROUND(N32*100,0)*ROUND(L$7*10000,0)/12000000,0)/100,0) -> 18.84 | N33: =IF(N32>0,ROUND(N32+M33-L33,2),0) -> 3017.59 | O33: =IF(Q32>0,MIN(ROUND(O$6+IF(O$5=$C33,$E$5+$E33,0),2),ROUND(Q32+P33,2)),0) -> 0 | P33: =IF(Q32>0,ROUND(ROUND(Q32*100,0)*ROUND(O$7*10000,0)/12000000,0)/100,0) -> 0 | Q33: =IF(Q32>0,ROUND(Q32+P33-O33,2),0) -> 0 | R33: =IF(T32>0,MIN(ROUND(R$6+IF(R$5=$C33,$E$5+$E33,0),2),ROUND(T32+S33,2)),0) -> 0 | S33: =IF(T32>0,ROUND(ROUND(T32*100,0)*ROUND(R$7*10000,0)/12000000,0)/100,0) -> 0 | T33: =IF(T32>0,ROUND(T32+S33-R33,2),0) -> 0 | U33: =IF(W32>0,MIN(ROUND(U$6+IF(U$5=$C33,$E$5+$E33,0),2),ROUND(W32+V33,2)),0) -> 0 | V33: =IF(W32>0,ROUND(ROUND(W32*100,0)*ROUND(U$7*10000,0)/12000000,0)/100,0) -> 0 | W33: =IF(W32>0,ROUND(W32+V33-U33,2),0) -> 0 | X33: =IF(Z32>0,MIN(ROUND(X$6+IF(X$5=$C33,$E$5+$E33,0),2),ROUND(Z32+Y33,2)),0) -> 0 | Y33: =IF(Z32>0,ROUND(ROUND(Z32*100,0)*ROUND(X$7*10000,0)/12000000,0)/100,0) -> 0 | Z33: =IF(Z32>0,ROUND(Z32+Y33-X33,2),0) -> 0 | AA33: =IF(AC32>0,MIN(ROUND(AA$6+IF(AA$5=$C33,$E$5+$E33,0),2),ROUND(AC32+AB33,2)),0) -> 0 | AB33: =IF(AC32>0,ROUND(ROUND(AC32*100,0)*ROUND(AA$7*10000,0)/12000000,0)/100,0) -> 0 | AC33: =IF(AC32>0,ROUND(AC32+AB33-AA33,2),0) -> 0 | AD33: =IF(AF32>0,MIN(ROUND(AD$6+IF(AD$5=$C33,$E$5+$E33,0),2),ROUND(AF32+AE33,2)),0) -> 0 | AE33: =IF(AF32>0,ROUND(ROUND(AF32*100,0)*ROUND(AD$7*10000,0)/12000000,0)/100,0) -> 0 | AF33: =IF(AF32>0,ROUND(AF32+AE33-AD33,2),0) -> 0 | AG33: =IF(AI32>0,MIN(ROUND(AG$6+IF(AG$5=$C33,$E$5+$E33,0),2),ROUND(AI32+AH33,2)),0) -> 0 | AH33: =IF(AI32>0,ROUND(ROUND(AI32*100,0)*ROUND(AG$7*10000,0)/12000000,0)/100,0) -> 0 | AI33: =IF(AI32>0,ROUND(AI32+AH33-AG33,2),0) -> 0 | AJ33: =IF(AL32>0,MIN(ROUND(AJ$6+IF(AJ$5=$C33,$E$5+$E33,0),2),ROUND(AL32+AK33,2)),0) -> 0 | AK33: =IF(AL32>0,ROUND(ROUND(AL32*100,0)*ROUND(AJ$7*10000,0)/12000000,0)/100,0) -> 0 | AL33: =IF(AL32>0,ROUND(AL32+AK33-AJ33,2),0) -> 0
A34: =IF(F34>0,24,"") -> 24 | B34: =IF(F34>0,EDATE($E$6,24),"") -> 47031 | C34: =IF(H33>0,MIN(IF(K33>0,I$5,99),IF(N33>0,L$5,99),IF(Q33>0,O$5,99),IF(T33>0,R$5,99),IF(W33>0,U$5,99),IF(Z33>0,X$5,99),IF(AC33>0,AA$5,99),IF(AF33>0,AD$5,99),IF(AI33>0,AG$5,99),IF(AL33>0,AJ$5,99)),0) -> 3 | D34: =IF(C34>0,INDEX($I$4:$AL$4,1,MATCH(C34,$I$5:$AL$5,0)),"") -> Car loan | E34: =ROUND(IF(AND(I$8>0,K33=0),I$6,0)+IF(AND(L$8>0,N33=0),L$6,0)+IF(AND(O$8>0,Q33=0),O$6,0)+IF(AND(R$8>0,T33=0),R$6,0)+IF(AND(U$8>0,W33=0),U$6,0)+IF(AND(X$8>0,Z33=0),X$6,0)+IF(AND(AA$8>0,AC33=0),AA$6,0)+IF(AND(AD$8>0,AF33=0),AD$6,0)+IF(AND(AG$8>0,AI33=0),AG$6,0)+IF(AND(AJ$8>0,AL33=0),AJ$6,0),2) -> 120 | F34: =ROUND(I34+L34+O34+R34+U34+X34+AA34+AD34+AG34+AJ34,2) -> 480 | G34: =ROUND(J34+M34+P34+S34+V34+Y34+AB34+AE34+AH34+AK34,2) -> 16.35 | H34: =ROUND(K34+N34+Q34+T34+W34+Z34+AC34+AF34+AI34+AL34,2) -> 2553.94 | I34: =IF(K33>0,MIN(ROUND(I$6+IF(I$5=$C34,$E$5+$E34,0),2),ROUND(K33+J34,2)),0) -> 0 | J34: =IF(K33>0,ROUND(ROUND(K33*100,0)*ROUND(I$7*10000,0)/12000000,0)/100,0) -> 0 | K34: =IF(K33>0,ROUND(K33+J34-I34,2),0) -> 0 | L34: =IF(N33>0,MIN(ROUND(L$6+IF(L$5=$C34,$E$5+$E34,0),2),ROUND(N33+M34,2)),0) -> 480 | M34: =IF(N33>0,ROUND(ROUND(N33*100,0)*ROUND(L$7*10000,0)/12000000,0)/100,0) -> 16.35 | N34: =IF(N33>0,ROUND(N33+M34-L34,2),0) -> 2553.94 | O34: =IF(Q33>0,MIN(ROUND(O$6+IF(O$5=$C34,$E$5+$E34,0),2),ROUND(Q33+P34,2)),0) -> 0 | P34: =IF(Q33>0,ROUND(ROUND(Q33*100,0)*ROUND(O$7*10000,0)/12000000,0)/100,0) -> 0 | Q34: =IF(Q33>0,ROUND(Q33+P34-O34,2),0) -> 0 | R34: =IF(T33>0,MIN(ROUND(R$6+IF(R$5=$C34,$E$5+$E34,0),2),ROUND(T33+S34,2)),0) -> 0 | S34: =IF(T33>0,ROUND(ROUND(T33*100,0)*ROUND(R$7*10000,0)/12000000,0)/100,0) -> 0 | T34: =IF(T33>0,ROUND(T33+S34-R34,2),0) -> 0 | U34: =IF(W33>0,MIN(ROUND(U$6+IF(U$5=$C34,$E$5+$E34,0),2),ROUND(W33+V34,2)),0) -> 0 | V34: =IF(W33>0,ROUND(ROUND(W33*100,0)*ROUND(U$7*10000,0)/12000000,0)/100,0) -> 0 | W34: =IF(W33>0,ROUND(W33+V34-U34,2),0) -> 0 | X34: =IF(Z33>0,MIN(ROUND(X$6+IF(X$5=$C34,$E$5+$E34,0),2),ROUND(Z33+Y34,2)),0) -> 0 | Y34: =IF(Z33>0,ROUND(ROUND(Z33*100,0)*ROUND(X$7*10000,0)/12000000,0)/100,0) -> 0 | Z34: =IF(Z33>0,ROUND(Z33+Y34-X34,2),0) -> 0 | AA34: =IF(AC33>0,MIN(ROUND(AA$6+IF(AA$5=$C34,$E$5+$E34,0),2),ROUND(AC33+AB34,2)),0) -> 0 | AB34: =IF(AC33>0,ROUND(ROUND(AC33*100,0)*ROUND(AA$7*10000,0)/12000000,0)/100,0) -> 0 | AC34: =IF(AC33>0,ROUND(AC33+AB34-AA34,2),0) -> 0 | AD34: =IF(AF33>0,MIN(ROUND(AD$6+IF(AD$5=$C34,$E$5+$E34,0),2),ROUND(AF33+AE34,2)),0) -> 0 | AE34: =IF(AF33>0,ROUND(ROUND(AF33*100,0)*ROUND(AD$7*10000,0)/12000000,0)/100,0) -> 0 | AF34: =IF(AF33>0,ROUND(AF33+AE34-AD34,2),0) -> 0 | AG34: =IF(AI33>0,MIN(ROUND(AG$6+IF(AG$5=$C34,$E$5+$E34,0),2),ROUND(AI33+AH34,2)),0) -> 0 | AH34: =IF(AI33>0,ROUND(ROUND(AI33*100,0)*ROUND(AG$7*10000,0)/12000000,0)/100,0) -> 0 | AI34: =IF(AI33>0,ROUND(AI33+AH34-AG34,2),0) -> 0 | AJ34: =IF(AL33>0,MIN(ROUND(AJ$6+IF(AJ$5=$C34,$E$5+$E34,0),2),ROUND(AL33+AK34,2)),0) -> 0 | AK34: =IF(AL33>0,ROUND(ROUND(AL33*100,0)*ROUND(AJ$7*10000,0)/12000000,0)/100,0) -> 0 | AL34: =IF(AL33>0,ROUND(AL33+AK34-AJ34,2),0) -> 0
A35: =IF(F35>0,25,"") -> 25 | B35: =IF(F35>0,EDATE($E$6,25),"") -> 47062 | C35: =IF(H34>0,MIN(IF(K34>0,I$5,99),IF(N34>0,L$5,99),IF(Q34>0,O$5,99),IF(T34>0,R$5,99),IF(W34>0,U$5,99),IF(Z34>0,X$5,99),IF(AC34>0,AA$5,99),IF(AF34>0,AD$5,99),IF(AI34>0,AG$5,99),IF(AL34>0,AJ$5,99)),0) -> 3 | D35: =IF(C35>0,INDEX($I$4:$AL$4,1,MATCH(C35,$I$5:$AL$5,0)),"") -> Car loan | E35: =ROUND(IF(AND(I$8>0,K34=0),I$6,0)+IF(AND(L$8>0,N34=0),L$6,0)+IF(AND(O$8>0,Q34=0),O$6,0)+IF(AND(R$8>0,T34=0),R$6,0)+IF(AND(U$8>0,W34=0),U$6,0)+IF(AND(X$8>0,Z34=0),X$6,0)+IF(AND(AA$8>0,AC34=0),AA$6,0)+IF(AND(AD$8>0,AF34=0),AD$6,0)+IF(AND(AG$8>0,AI34=0),AG$6,0)+IF(AND(AJ$8>0,AL34=0),AJ$6,0),2) -> 120 | F35: =ROUND(I35+L35+O35+R35+U35+X35+AA35+AD35+AG35+AJ35,2) -> 480 | G35: =ROUND(J35+M35+P35+S35+V35+Y35+AB35+AE35+AH35+AK35,2) -> 13.83 | H35: =ROUND(K35+N35+Q35+T35+W35+Z35+AC35+AF35+AI35+AL35,2) -> 2087.77 | I35: =IF(K34>0,MIN(ROUND(I$6+IF(I$5=$C35,$E$5+$E35,0),2),ROUND(K34+J35,2)),0) -> 0 | J35: =IF(K34>0,ROUND(ROUND(K34*100,0)*ROUND(I$7*10000,0)/12000000,0)/100,0) -> 0 | K35: =IF(K34>0,ROUND(K34+J35-I35,2),0) -> 0 | L35: =IF(N34>0,MIN(ROUND(L$6+IF(L$5=$C35,$E$5+$E35,0),2),ROUND(N34+M35,2)),0) -> 480 | M35: =IF(N34>0,ROUND(ROUND(N34*100,0)*ROUND(L$7*10000,0)/12000000,0)/100,0) -> 13.83 | N35: =IF(N34>0,ROUND(N34+M35-L35,2),0) -> 2087.77 | O35: =IF(Q34>0,MIN(ROUND(O$6+IF(O$5=$C35,$E$5+$E35,0),2),ROUND(Q34+P35,2)),0) -> 0 | P35: =IF(Q34>0,ROUND(ROUND(Q34*100,0)*ROUND(O$7*10000,0)/12000000,0)/100,0) -> 0 | Q35: =IF(Q34>0,ROUND(Q34+P35-O35,2),0) -> 0 | R35: =IF(T34>0,MIN(ROUND(R$6+IF(R$5=$C35,$E$5+$E35,0),2),ROUND(T34+S35,2)),0) -> 0 | S35: =IF(T34>0,ROUND(ROUND(T34*100,0)*ROUND(R$7*10000,0)/12000000,0)/100,0) -> 0 | T35: =IF(T34>0,ROUND(T34+S35-R35,2),0) -> 0 | U35: =IF(W34>0,MIN(ROUND(U$6+IF(U$5=$C35,$E$5+$E35,0),2),ROUND(W34+V35,2)),0) -> 0 | V35: =IF(W34>0,ROUND(ROUND(W34*100,0)*ROUND(U$7*10000,0)/12000000,0)/100,0) -> 0 | W35: =IF(W34>0,ROUND(W34+V35-U35,2),0) -> 0 | X35: =IF(Z34>0,MIN(ROUND(X$6+IF(X$5=$C35,$E$5+$E35,0),2),ROUND(Z34+Y35,2)),0) -> 0 | Y35: =IF(Z34>0,ROUND(ROUND(Z34*100,0)*ROUND(X$7*10000,0)/12000000,0)/100,0) -> 0 | Z35: =IF(Z34>0,ROUND(Z34+Y35-X35,2),0) -> 0 | AA35: =IF(AC34>0,MIN(ROUND(AA$6+IF(AA$5=$C35,$E$5+$E35,0),2),ROUND(AC34+AB35,2)),0) -> 0 | AB35: =IF(AC34>0,ROUND(ROUND(AC34*100,0)*ROUND(AA$7*10000,0)/12000000,0)/100,0) -> 0 | AC35: =IF(AC34>0,ROUND(AC34+AB35-AA35,2),0) -> 0 | AD35: =IF(AF34>0,MIN(ROUND(AD$6+IF(AD$5=$C35,$E$5+$E35,0),2),ROUND(AF34+AE35,2)),0) -> 0 | AE35: =IF(AF34>0,ROUND(ROUND(AF34*100,0)*ROUND(AD$7*10000,0)/12000000,0)/100,0) -> 0 | AF35: =IF(AF34>0,ROUND(AF34+AE35-AD35,2),0) -> 0 | AG35: =IF(AI34>0,MIN(ROUND(AG$6+IF(AG$5=$C35,$E$5+$E35,0),2),ROUND(AI34+AH35,2)),0) -> 0 | AH35: =IF(AI34>0,ROUND(ROUND(AI34*100,0)*ROUND(AG$7*10000,0)/12000000,0)/100,0) -> 0 | AI35: =IF(AI34>0,ROUND(AI34+AH35-AG35,2),0) -> 0 | AJ35: =IF(AL34>0,MIN(ROUND(AJ$6+IF(AJ$5=$C35,$E$5+$E35,0),2),ROUND(AL34+AK35,2)),0) -> 0 | AK35: =IF(AL34>0,ROUND(ROUND(AL34*100,0)*ROUND(AJ$7*10000,0)/12000000,0)/100,0) -> 0 | AL35: =IF(AL34>0,ROUND(AL34+AK35-AJ35,2),0) -> 0
A36: =IF(F36>0,26,"") -> 26 | B36: =IF(F36>0,EDATE($E$6,26),"") -> 47092 | C36: =IF(H35>0,MIN(IF(K35>0,I$5,99),IF(N35>0,L$5,99),IF(Q35>0,O$5,99),IF(T35>0,R$5,99),IF(W35>0,U$5,99),IF(Z35>0,X$5,99),IF(AC35>0,AA$5,99),IF(AF35>0,AD$5,99),IF(AI35>0,AG$5,99),IF(AL35>0,AJ$5,99)),0) -> 3 | D36: =IF(C36>0,INDEX($I$4:$AL$4,1,MATCH(C36,$I$5:$AL$5,0)),"") -> Car loan | E36: =ROUND(IF(AND(I$8>0,K35=0),I$6,0)+IF(AND(L$8>0,N35=0),L$6,0)+IF(AND(O$8>0,Q35=0),O$6,0)+IF(AND(R$8>0,T35=0),R$6,0)+IF(AND(U$8>0,W35=0),U$6,0)+IF(AND(X$8>0,Z35=0),X$6,0)+IF(AND(AA$8>0,AC35=0),AA$6,0)+IF(AND(AD$8>0,AF35=0),AD$6,0)+IF(AND(AG$8>0,AI35=0),AG$6,0)+IF(AND(AJ$8>0,AL35=0),AJ$6,0),2) -> 120 | F36: =ROUND(I36+L36+O36+R36+U36+X36+AA36+AD36+AG36+AJ36,2) -> 480 | G36: =ROUND(J36+M36+P36+S36+V36+Y36+AB36+AE36+AH36+AK36,2) -> 11.31 | H36: =ROUND(K36+N36+Q36+T36+W36+Z36+AC36+AF36+AI36+AL36,2) -> 1619.08 | I36: =IF(K35>0,MIN(ROUND(I$6+IF(I$5=$C36,$E$5+$E36,0),2),ROUND(K35+J36,2)),0) -> 0 | J36: =IF(K35>0,ROUND(ROUND(K35*100,0)*ROUND(I$7*10000,0)/12000000,0)/100,0) -> 0 | K36: =IF(K35>0,ROUND(K35+J36-I36,2),0) -> 0 | L36: =IF(N35>0,MIN(ROUND(L$6+IF(L$5=$C36,$E$5+$E36,0),2),ROUND(N35+M36,2)),0) -> 480 | M36: =IF(N35>0,ROUND(ROUND(N35*100,0)*ROUND(L$7*10000,0)/12000000,0)/100,0) -> 11.31 | N36: =IF(N35>0,ROUND(N35+M36-L36,2),0) -> 1619.08 | O36: =IF(Q35>0,MIN(ROUND(O$6+IF(O$5=$C36,$E$5+$E36,0),2),ROUND(Q35+P36,2)),0) -> 0 | P36: =IF(Q35>0,ROUND(ROUND(Q35*100,0)*ROUND(O$7*10000,0)/12000000,0)/100,0) -> 0 | Q36: =IF(Q35>0,ROUND(Q35+P36-O36,2),0) -> 0 | R36: =IF(T35>0,MIN(ROUND(R$6+IF(R$5=$C36,$E$5+$E36,0),2),ROUND(T35+S36,2)),0) -> 0 | S36: =IF(T35>0,ROUND(ROUND(T35*100,0)*ROUND(R$7*10000,0)/12000000,0)/100,0) -> 0 | T36: =IF(T35>0,ROUND(T35+S36-R36,2),0) -> 0 | U36: =IF(W35>0,MIN(ROUND(U$6+IF(U$5=$C36,$E$5+$E36,0),2),ROUND(W35+V36,2)),0) -> 0 | V36: =IF(W35>0,ROUND(ROUND(W35*100,0)*ROUND(U$7*10000,0)/12000000,0)/100,0) -> 0 | W36: =IF(W35>0,ROUND(W35+V36-U36,2),0) -> 0 | X36: =IF(Z35>0,MIN(ROUND(X$6+IF(X$5=$C36,$E$5+$E36,0),2),ROUND(Z35+Y36,2)),0) -> 0 | Y36: =IF(Z35>0,ROUND(ROUND(Z35*100,0)*ROUND(X$7*10000,0)/12000000,0)/100,0) -> 0 | Z36: =IF(Z35>0,ROUND(Z35+Y36-X36,2),0) -> 0 | AA36: =IF(AC35>0,MIN(ROUND(AA$6+IF(AA$5=$C36,$E$5+$E36,0),2),ROUND(AC35+AB36,2)),0) -> 0 | AB36: =IF(AC35>0,ROUND(ROUND(AC35*100,0)*ROUND(AA$7*10000,0)/12000000,0)/100,0) -> 0 | AC36: =IF(AC35>0,ROUND(AC35+AB36-AA36,2),0) -> 0 | AD36: =IF(AF35>0,MIN(ROUND(AD$6+IF(AD$5=$C36,$E$5+$E36,0),2),ROUND(AF35+AE36,2)),0) -> 0 | AE36: =IF(AF35>0,ROUND(ROUND(AF35*100,0)*ROUND(AD$7*10000,0)/12000000,0)/100,0) -> 0 | AF36: =IF(AF35>0,ROUND(AF35+AE36-AD36,2),0) -> 0 | AG36: =IF(AI35>0,MIN(ROUND(AG$6+IF(AG$5=$C36,$E$5+$E36,0),2),ROUND(AI35+AH36,2)),0) -> 0 | AH36: =IF(AI35>0,ROUND(ROUND(AI35*100,0)*ROUND(AG$7*10000,0)/12000000,0)/100,0) -> 0 | AI36: =IF(AI35>0,ROUND(AI35+AH36-AG36,2),0) -> 0 | AJ36: =IF(AL35>0,MIN(ROUND(AJ$6+IF(AJ$5=$C36,$E$5+$E36,0),2),ROUND(AL35+AK36,2)),0) -> 0 | AK36: =IF(AL35>0,ROUND(ROUND(AL35*100,0)*ROUND(AJ$7*10000,0)/12000000,0)/100,0) -> 0 | AL36: =IF(AL35>0,ROUND(AL35+AK36-AJ36,2),0) -> 0
A37: =IF(F37>0,27,"") -> 27 | B37: =IF(F37>0,EDATE($E$6,27),"") -> 47123 | C37: =IF(H36>0,MIN(IF(K36>0,I$5,99),IF(N36>0,L$5,99),IF(Q36>0,O$5,99),IF(T36>0,R$5,99),IF(W36>0,U$5,99),IF(Z36>0,X$5,99),IF(AC36>0,AA$5,99),IF(AF36>0,AD$5,99),IF(AI36>0,AG$5,99),IF(AL36>0,AJ$5,99)),0) -> 3 | D37: =IF(C37>0,INDEX($I$4:$AL$4,1,MATCH(C37,$I$5:$AL$5,0)),"") -> Car loan | E37: =ROUND(IF(AND(I$8>0,K36=0),I$6,0)+IF(AND(L$8>0,N36=0),L$6,0)+IF(AND(O$8>0,Q36=0),O$6,0)+IF(AND(R$8>0,T36=0),R$6,0)+IF(AND(U$8>0,W36=0),U$6,0)+IF(AND(X$8>0,Z36=0),X$6,0)+IF(AND(AA$8>0,AC36=0),AA$6,0)+IF(AND(AD$8>0,AF36=0),AD$6,0)+IF(AND(AG$8>0,AI36=0),AG$6,0)+IF(AND(AJ$8>0,AL36=0),AJ$6,0),2) -> 120 | F37: =ROUND(I37+L37+O37+R37+U37+X37+AA37+AD37+AG37+AJ37,2) -> 480 | G37: =ROUND(J37+M37+P37+S37+V37+Y37+AB37+AE37+AH37+AK37,2) -> 8.77 | H37: =ROUND(K37+N37+Q37+T37+W37+Z37+AC37+AF37+AI37+AL37,2) -> 1147.85 | I37: =IF(K36>0,MIN(ROUND(I$6+IF(I$5=$C37,$E$5+$E37,0),2),ROUND(K36+J37,2)),0) -> 0 | J37: =IF(K36>0,ROUND(ROUND(K36*100,0)*ROUND(I$7*10000,0)/12000000,0)/100,0) -> 0 | K37: =IF(K36>0,ROUND(K36+J37-I37,2),0) -> 0 | L37: =IF(N36>0,MIN(ROUND(L$6+IF(L$5=$C37,$E$5+$E37,0),2),ROUND(N36+M37,2)),0) -> 480 | M37: =IF(N36>0,ROUND(ROUND(N36*100,0)*ROUND(L$7*10000,0)/12000000,0)/100,0) -> 8.77 | N37: =IF(N36>0,ROUND(N36+M37-L37,2),0) -> 1147.85 | O37: =IF(Q36>0,MIN(ROUND(O$6+IF(O$5=$C37,$E$5+$E37,0),2),ROUND(Q36+P37,2)),0) -> 0 | P37: =IF(Q36>0,ROUND(ROUND(Q36*100,0)*ROUND(O$7*10000,0)/12000000,0)/100,0) -> 0 | Q37: =IF(Q36>0,ROUND(Q36+P37-O37,2),0) -> 0 | R37: =IF(T36>0,MIN(ROUND(R$6+IF(R$5=$C37,$E$5+$E37,0),2),ROUND(T36+S37,2)),0) -> 0 | S37: =IF(T36>0,ROUND(ROUND(T36*100,0)*ROUND(R$7*10000,0)/12000000,0)/100,0) -> 0 | T37: =IF(T36>0,ROUND(T36+S37-R37,2),0) -> 0 | U37: =IF(W36>0,MIN(ROUND(U$6+IF(U$5=$C37,$E$5+$E37,0),2),ROUND(W36+V37,2)),0) -> 0 | V37: =IF(W36>0,ROUND(ROUND(W36*100,0)*ROUND(U$7*10000,0)/12000000,0)/100,0) -> 0 | W37: =IF(W36>0,ROUND(W36+V37-U37,2),0) -> 0 | X37: =IF(Z36>0,MIN(ROUND(X$6+IF(X$5=$C37,$E$5+$E37,0),2),ROUND(Z36+Y37,2)),0) -> 0 | Y37: =IF(Z36>0,ROUND(ROUND(Z36*100,0)*ROUND(X$7*10000,0)/12000000,0)/100,0) -> 0 | Z37: =IF(Z36>0,ROUND(Z36+Y37-X37,2),0) -> 0 | AA37: =IF(AC36>0,MIN(ROUND(AA$6+IF(AA$5=$C37,$E$5+$E37,0),2),ROUND(AC36+AB37,2)),0) -> 0 | AB37: =IF(AC36>0,ROUND(ROUND(AC36*100,0)*ROUND(AA$7*10000,0)/12000000,0)/100,0) -> 0 | AC37: =IF(AC36>0,ROUND(AC36+AB37-AA37,2),0) -> 0 | AD37: =IF(AF36>0,MIN(ROUND(AD$6+IF(AD$5=$C37,$E$5+$E37,0),2),ROUND(AF36+AE37,2)),0) -> 0 | AE37: =IF(AF36>0,ROUND(ROUND(AF36*100,0)*ROUND(AD$7*10000,0)/12000000,0)/100,0) -> 0 | AF37: =IF(AF36>0,ROUND(AF36+AE37-AD37,2),0) -> 0 | AG37: =IF(AI36>0,MIN(ROUND(AG$6+IF(AG$5=$C37,$E$5+$E37,0),2),ROUND(AI36+AH37,2)),0) -> 0 | AH37: =IF(AI36>0,ROUND(ROUND(AI36*100,0)*ROUND(AG$7*10000,0)/12000000,0)/100,0) -> 0 | AI37: =IF(AI36>0,ROUND(AI36+AH37-AG37,2),0) -> 0 | AJ37: =IF(AL36>0,MIN(ROUND(AJ$6+IF(AJ$5=$C37,$E$5+$E37,0),2),ROUND(AL36+AK37,2)),0) -> 0 | AK37: =IF(AL36>0,ROUND(ROUND(AL36*100,0)*ROUND(AJ$7*10000,0)/12000000,0)/100,0) -> 0 | AL37: =IF(AL36>0,ROUND(AL36+AK37-AJ37,2),0) -> 0
A38: =IF(F38>0,28,"") -> 28 | B38: =IF(F38>0,EDATE($E$6,28),"") -> 47154 | C38: =IF(H37>0,MIN(IF(K37>0,I$5,99),IF(N37>0,L$5,99),IF(Q37>0,O$5,99),IF(T37>0,R$5,99),IF(W37>0,U$5,99),IF(Z37>0,X$5,99),IF(AC37>0,AA$5,99),IF(AF37>0,AD$5,99),IF(AI37>0,AG$5,99),IF(AL37>0,AJ$5,99)),0) -> 3 | D38: =IF(C38>0,INDEX($I$4:$AL$4,1,MATCH(C38,$I$5:$AL$5,0)),"") -> Car loan | E38: =ROUND(IF(AND(I$8>0,K37=0),I$6,0)+IF(AND(L$8>0,N37=0),L$6,0)+IF(AND(O$8>0,Q37=0),O$6,0)+IF(AND(R$8>0,T37=0),R$6,0)+IF(AND(U$8>0,W37=0),U$6,0)+IF(AND(X$8>0,Z37=0),X$6,0)+IF(AND(AA$8>0,AC37=0),AA$6,0)+IF(AND(AD$8>0,AF37=0),AD$6,0)+IF(AND(AG$8>0,AI37=0),AG$6,0)+IF(AND(AJ$8>0,AL37=0),AJ$6,0),2) -> 120 | F38: =ROUND(I38+L38+O38+R38+U38+X38+AA38+AD38+AG38+AJ38,2) -> 480 | G38: =ROUND(J38+M38+P38+S38+V38+Y38+AB38+AE38+AH38+AK38,2) -> 6.22 | H38: =ROUND(K38+N38+Q38+T38+W38+Z38+AC38+AF38+AI38+AL38,2) -> 674.07 | I38: =IF(K37>0,MIN(ROUND(I$6+IF(I$5=$C38,$E$5+$E38,0),2),ROUND(K37+J38,2)),0) -> 0 | J38: =IF(K37>0,ROUND(ROUND(K37*100,0)*ROUND(I$7*10000,0)/12000000,0)/100,0) -> 0 | K38: =IF(K37>0,ROUND(K37+J38-I38,2),0) -> 0 | L38: =IF(N37>0,MIN(ROUND(L$6+IF(L$5=$C38,$E$5+$E38,0),2),ROUND(N37+M38,2)),0) -> 480 | M38: =IF(N37>0,ROUND(ROUND(N37*100,0)*ROUND(L$7*10000,0)/12000000,0)/100,0) -> 6.22 | N38: =IF(N37>0,ROUND(N37+M38-L38,2),0) -> 674.07 | O38: =IF(Q37>0,MIN(ROUND(O$6+IF(O$5=$C38,$E$5+$E38,0),2),ROUND(Q37+P38,2)),0) -> 0 | P38: =IF(Q37>0,ROUND(ROUND(Q37*100,0)*ROUND(O$7*10000,0)/12000000,0)/100,0) -> 0 | Q38: =IF(Q37>0,ROUND(Q37+P38-O38,2),0) -> 0 | R38: =IF(T37>0,MIN(ROUND(R$6+IF(R$5=$C38,$E$5+$E38,0),2),ROUND(T37+S38,2)),0) -> 0 | S38: =IF(T37>0,ROUND(ROUND(T37*100,0)*ROUND(R$7*10000,0)/12000000,0)/100,0) -> 0 | T38: =IF(T37>0,ROUND(T37+S38-R38,2),0) -> 0 | U38: =IF(W37>0,MIN(ROUND(U$6+IF(U$5=$C38,$E$5+$E38,0),2),ROUND(W37+V38,2)),0) -> 0 | V38: =IF(W37>0,ROUND(ROUND(W37*100,0)*ROUND(U$7*10000,0)/12000000,0)/100,0) -> 0 | W38: =IF(W37>0,ROUND(W37+V38-U38,2),0) -> 0 | X38: =IF(Z37>0,MIN(ROUND(X$6+IF(X$5=$C38,$E$5+$E38,0),2),ROUND(Z37+Y38,2)),0) -> 0 | Y38: =IF(Z37>0,ROUND(ROUND(Z37*100,0)*ROUND(X$7*10000,0)/12000000,0)/100,0) -> 0 | Z38: =IF(Z37>0,ROUND(Z37+Y38-X38,2),0) -> 0 | AA38: =IF(AC37>0,MIN(ROUND(AA$6+IF(AA$5=$C38,$E$5+$E38,0),2),ROUND(AC37+AB38,2)),0) -> 0 | AB38: =IF(AC37>0,ROUND(ROUND(AC37*100,0)*ROUND(AA$7*10000,0)/12000000,0)/100,0) -> 0 | AC38: =IF(AC37>0,ROUND(AC37+AB38-AA38,2),0) -> 0 | AD38: =IF(AF37>0,MIN(ROUND(AD$6+IF(AD$5=$C38,$E$5+$E38,0),2),ROUND(AF37+AE38,2)),0) -> 0 | AE38: =IF(AF37>0,ROUND(ROUND(AF37*100,0)*ROUND(AD$7*10000,0)/12000000,0)/100,0) -> 0 | AF38: =IF(AF37>0,ROUND(AF37+AE38-AD38,2),0) -> 0 | AG38: =IF(AI37>0,MIN(ROUND(AG$6+IF(AG$5=$C38,$E$5+$E38,0),2),ROUND(AI37+AH38,2)),0) -> 0 | AH38: =IF(AI37>0,ROUND(ROUND(AI37*100,0)*ROUND(AG$7*10000,0)/12000000,0)/100,0) -> 0 | AI38: =IF(AI37>0,ROUND(AI37+AH38-AG38,2),0) -> 0 | AJ38: =IF(AL37>0,MIN(ROUND(AJ$6+IF(AJ$5=$C38,$E$5+$E38,0),2),ROUND(AL37+AK38,2)),0) -> 0 | AK38: =IF(AL37>0,ROUND(ROUND(AL37*100,0)*ROUND(AJ$7*10000,0)/12000000,0)/100,0) -> 0 | AL38: =IF(AL37>0,ROUND(AL37+AK38-AJ38,2),0) -> 0
A39: =IF(F39>0,29,"") -> 29 | B39: =IF(F39>0,EDATE($E$6,29),"") -> 47182 | C39: =IF(H38>0,MIN(IF(K38>0,I$5,99),IF(N38>0,L$5,99),IF(Q38>0,O$5,99),IF(T38>0,R$5,99),IF(W38>0,U$5,99),IF(Z38>0,X$5,99),IF(AC38>0,AA$5,99),IF(AF38>0,AD$5,99),IF(AI38>0,AG$5,99),IF(AL38>0,AJ$5,99)),0) -> 3 | D39: =IF(C39>0,INDEX($I$4:$AL$4,1,MATCH(C39,$I$5:$AL$5,0)),"") -> Car loan | E39: =ROUND(IF(AND(I$8>0,K38=0),I$6,0)+IF(AND(L$8>0,N38=0),L$6,0)+IF(AND(O$8>0,Q38=0),O$6,0)+IF(AND(R$8>0,T38=0),R$6,0)+IF(AND(U$8>0,W38=0),U$6,0)+IF(AND(X$8>0,Z38=0),X$6,0)+IF(AND(AA$8>0,AC38=0),AA$6,0)+IF(AND(AD$8>0,AF38=0),AD$6,0)+IF(AND(AG$8>0,AI38=0),AG$6,0)+IF(AND(AJ$8>0,AL38=0),AJ$6,0),2) -> 120 | F39: =ROUND(I39+L39+O39+R39+U39+X39+AA39+AD39+AG39+AJ39,2) -> 480 | G39: =ROUND(J39+M39+P39+S39+V39+Y39+AB39+AE39+AH39+AK39,2) -> 3.65 | H39: =ROUND(K39+N39+Q39+T39+W39+Z39+AC39+AF39+AI39+AL39,2) -> 197.72 | I39: =IF(K38>0,MIN(ROUND(I$6+IF(I$5=$C39,$E$5+$E39,0),2),ROUND(K38+J39,2)),0) -> 0 | J39: =IF(K38>0,ROUND(ROUND(K38*100,0)*ROUND(I$7*10000,0)/12000000,0)/100,0) -> 0 | K39: =IF(K38>0,ROUND(K38+J39-I39,2),0) -> 0 | L39: =IF(N38>0,MIN(ROUND(L$6+IF(L$5=$C39,$E$5+$E39,0),2),ROUND(N38+M39,2)),0) -> 480 | M39: =IF(N38>0,ROUND(ROUND(N38*100,0)*ROUND(L$7*10000,0)/12000000,0)/100,0) -> 3.65 | N39: =IF(N38>0,ROUND(N38+M39-L39,2),0) -> 197.72 | O39: =IF(Q38>0,MIN(ROUND(O$6+IF(O$5=$C39,$E$5+$E39,0),2),ROUND(Q38+P39,2)),0) -> 0 | P39: =IF(Q38>0,ROUND(ROUND(Q38*100,0)*ROUND(O$7*10000,0)/12000000,0)/100,0) -> 0 | Q39: =IF(Q38>0,ROUND(Q38+P39-O39,2),0) -> 0 | R39: =IF(T38>0,MIN(ROUND(R$6+IF(R$5=$C39,$E$5+$E39,0),2),ROUND(T38+S39,2)),0) -> 0 | S39: =IF(T38>0,ROUND(ROUND(T38*100,0)*ROUND(R$7*10000,0)/12000000,0)/100,0) -> 0 | T39: =IF(T38>0,ROUND(T38+S39-R39,2),0) -> 0 | U39: =IF(W38>0,MIN(ROUND(U$6+IF(U$5=$C39,$E$5+$E39,0),2),ROUND(W38+V39,2)),0) -> 0 | V39: =IF(W38>0,ROUND(ROUND(W38*100,0)*ROUND(U$7*10000,0)/12000000,0)/100,0) -> 0 | W39: =IF(W38>0,ROUND(W38+V39-U39,2),0) -> 0 | X39: =IF(Z38>0,MIN(ROUND(X$6+IF(X$5=$C39,$E$5+$E39,0),2),ROUND(Z38+Y39,2)),0) -> 0 | Y39: =IF(Z38>0,ROUND(ROUND(Z38*100,0)*ROUND(X$7*10000,0)/12000000,0)/100,0) -> 0 | Z39: =IF(Z38>0,ROUND(Z38+Y39-X39,2),0) -> 0 | AA39: =IF(AC38>0,MIN(ROUND(AA$6+IF(AA$5=$C39,$E$5+$E39,0),2),ROUND(AC38+AB39,2)),0) -> 0 | AB39: =IF(AC38>0,ROUND(ROUND(AC38*100,0)*ROUND(AA$7*10000,0)/12000000,0)/100,0) -> 0 | AC39: =IF(AC38>0,ROUND(AC38+AB39-AA39,2),0) -> 0 | AD39: =IF(AF38>0,MIN(ROUND(AD$6+IF(AD$5=$C39,$E$5+$E39,0),2),ROUND(AF38+AE39,2)),0) -> 0 | AE39: =IF(AF38>0,ROUND(ROUND(AF38*100,0)*ROUND(AD$7*10000,0)/12000000,0)/100,0) -> 0 | AF39: =IF(AF38>0,ROUND(AF38+AE39-AD39,2),0) -> 0 | AG39: =IF(AI38>0,MIN(ROUND(AG$6+IF(AG$5=$C39,$E$5+$E39,0),2),ROUND(AI38+AH39,2)),0) -> 0 | AH39: =IF(AI38>0,ROUND(ROUND(AI38*100,0)*ROUND(AG$7*10000,0)/12000000,0)/100,0) -> 0 | AI39: =IF(AI38>0,ROUND(AI38+AH39-AG39,2),0) -> 0 | AJ39: =IF(AL38>0,MIN(ROUND(AJ$6+IF(AJ$5=$C39,$E$5+$E39,0),2),ROUND(AL38+AK39,2)),0) -> 0 | AK39: =IF(AL38>0,ROUND(ROUND(AL38*100,0)*ROUND(AJ$7*10000,0)/12000000,0)/100,0) -> 0 | AL39: =IF(AL38>0,ROUND(AL38+AK39-AJ39,2),0) -> 0
A40: =IF(F40>0,30,"") -> 30 | B40: =IF(F40>0,EDATE($E$6,30),"") -> 47213 | C40: =IF(H39>0,MIN(IF(K39>0,I$5,99),IF(N39>0,L$5,99),IF(Q39>0,O$5,99),IF(T39>0,R$5,99),IF(W39>0,U$5,99),IF(Z39>0,X$5,99),IF(AC39>0,AA$5,99),IF(AF39>0,AD$5,99),IF(AI39>0,AG$5,99),IF(AL39>0,AJ$5,99)),0) -> 3 | D40: =IF(C40>0,INDEX($I$4:$AL$4,1,MATCH(C40,$I$5:$AL$5,0)),"") -> Car loan | E40: =ROUND(IF(AND(I$8>0,K39=0),I$6,0)+IF(AND(L$8>0,N39=0),L$6,0)+IF(AND(O$8>0,Q39=0),O$6,0)+IF(AND(R$8>0,T39=0),R$6,0)+IF(AND(U$8>0,W39=0),U$6,0)+IF(AND(X$8>0,Z39=0),X$6,0)+IF(AND(AA$8>0,AC39=0),AA$6,0)+IF(AND(AD$8>0,AF39=0),AD$6,0)+IF(AND(AG$8>0,AI39=0),AG$6,0)+IF(AND(AJ$8>0,AL39=0),AJ$6,0),2) -> 120 | F40: =ROUND(I40+L40+O40+R40+U40+X40+AA40+AD40+AG40+AJ40,2) -> 198.79 | G40: =ROUND(J40+M40+P40+S40+V40+Y40+AB40+AE40+AH40+AK40,2) -> 1.07 | H40: =ROUND(K40+N40+Q40+T40+W40+Z40+AC40+AF40+AI40+AL40,2) -> 0 | I40: =IF(K39>0,MIN(ROUND(I$6+IF(I$5=$C40,$E$5+$E40,0),2),ROUND(K39+J40,2)),0) -> 0 | J40: =IF(K39>0,ROUND(ROUND(K39*100,0)*ROUND(I$7*10000,0)/12000000,0)/100,0) -> 0 | K40: =IF(K39>0,ROUND(K39+J40-I40,2),0) -> 0 | L40: =IF(N39>0,MIN(ROUND(L$6+IF(L$5=$C40,$E$5+$E40,0),2),ROUND(N39+M40,2)),0) -> 198.79 | M40: =IF(N39>0,ROUND(ROUND(N39*100,0)*ROUND(L$7*10000,0)/12000000,0)/100,0) -> 1.07 | N40: =IF(N39>0,ROUND(N39+M40-L40,2),0) -> 0 | O40: =IF(Q39>0,MIN(ROUND(O$6+IF(O$5=$C40,$E$5+$E40,0),2),ROUND(Q39+P40,2)),0) -> 0 | P40: =IF(Q39>0,ROUND(ROUND(Q39*100,0)*ROUND(O$7*10000,0)/12000000,0)/100,0) -> 0 | Q40: =IF(Q39>0,ROUND(Q39+P40-O40,2),0) -> 0 | R40: =IF(T39>0,MIN(ROUND(R$6+IF(R$5=$C40,$E$5+$E40,0),2),ROUND(T39+S40,2)),0) -> 0 | S40: =IF(T39>0,ROUND(ROUND(T39*100,0)*ROUND(R$7*10000,0)/12000000,0)/100,0) -> 0 | T40: =IF(T39>0,ROUND(T39+S40-R40,2),0) -> 0 | U40: =IF(W39>0,MIN(ROUND(U$6+IF(U$5=$C40,$E$5+$E40,0),2),ROUND(W39+V40,2)),0) -> 0 | V40: =IF(W39>0,ROUND(ROUND(W39*100,0)*ROUND(U$7*10000,0)/12000000,0)/100,0) -> 0 | W40: =IF(W39>0,ROUND(W39+V40-U40,2),0) -> 0 | X40: =IF(Z39>0,MIN(ROUND(X$6+IF(X$5=$C40,$E$5+$E40,0),2),ROUND(Z39+Y40,2)),0) -> 0 | Y40: =IF(Z39>0,ROUND(ROUND(Z39*100,0)*ROUND(X$7*10000,0)/12000000,0)/100,0) -> 0 | Z40: =IF(Z39>0,ROUND(Z39+Y40-X40,2),0) -> 0 | AA40: =IF(AC39>0,MIN(ROUND(AA$6+IF(AA$5=$C40,$E$5+$E40,0),2),ROUND(AC39+AB40,2)),0) -> 0 | AB40: =IF(AC39>0,ROUND(ROUND(AC39*100,0)*ROUND(AA$7*10000,0)/12000000,0)/100,0) -> 0 | AC40: =IF(AC39>0,ROUND(AC39+AB40-AA40,2),0) -> 0 | AD40: =IF(AF39>0,MIN(ROUND(AD$6+IF(AD$5=$C40,$E$5+$E40,0),2),ROUND(AF39+AE40,2)),0) -> 0 | AE40: =IF(AF39>0,ROUND(ROUND(AF39*100,0)*ROUND(AD$7*10000,0)/12000000,0)/100,0) -> 0 | AF40: =IF(AF39>0,ROUND(AF39+AE40-AD40,2),0) -> 0 | AG40: =IF(AI39>0,MIN(ROUND(AG$6+IF(AG$5=$C40,$E$5+$E40,0),2),ROUND(AI39+AH40,2)),0) -> 0 | AH40: =IF(AI39>0,ROUND(ROUND(AI39*100,0)*ROUND(AG$7*10000,0)/12000000,0)/100,0) -> 0 | AI40: =IF(AI39>0,ROUND(AI39+AH40-AG40,2),0) -> 0 | AJ40: =IF(AL39>0,MIN(ROUND(AJ$6+IF(AJ$5=$C40,$E$5+$E40,0),2),ROUND(AL39+AK40,2)),0) -> 0 | AK40: =IF(AL39>0,ROUND(ROUND(AL39*100,0)*ROUND(AJ$7*10000,0)/12000000,0)/100,0) -> 0 | AL40: =IF(AL39>0,ROUND(AL39+AK40-AJ40,2),0) -> 0
A41: =IF(F41>0,31,"") | B41: =IF(F41>0,EDATE($E$6,31),"") | C41: =IF(H40>0,MIN(IF(K40>0,I$5,99),IF(N40>0,L$5,99),IF(Q40>0,O$5,99),IF(T40>0,R$5,99),IF(W40>0,U$5,99),IF(Z40>0,X$5,99),IF(AC40>0,AA$5,99),IF(AF40>0,AD$5,99),IF(AI40>0,AG$5,99),IF(AL40>0,AJ$5,99)),0) -> 0 | D41: =IF(C41>0,INDEX($I$4:$AL$4,1,MATCH(C41,$I$5:$AL$5,0)),"") | E41: =ROUND(IF(AND(I$8>0,K40=0),I$6,0)+IF(AND(L$8>0,N40=0),L$6,0)+IF(AND(O$8>0,Q40=0),O$6,0)+IF(AND(R$8>0,T40=0),R$6,0)+IF(AND(U$8>0,W40=0),U$6,0)+IF(AND(X$8>0,Z40=0),X$6,0)+IF(AND(AA$8>0,AC40=0),AA$6,0)+IF(AND(AD$8>0,AF40=0),AD$6,0)+IF(AND(AG$8>0,AI40=0),AG$6,0)+IF(AND(AJ$8>0,AL40=0),AJ$6,0),2) -> 330 | F41: =ROUND(I41+L41+O41+R41+U41+X41+AA41+AD41+AG41+AJ41,2) -> 0 | G41: =ROUND(J41+M41+P41+S41+V41+Y41+AB41+AE41+AH41+AK41,2) -> 0 | H41: =ROUND(K41+N41+Q41+T41+W41+Z41+AC41+AF41+AI41+AL41,2) -> 0 | I41: =IF(K40>0,MIN(ROUND(I$6+IF(I$5=$C41,$E$5+$E41,0),2),ROUND(K40+J41,2)),0) -> 0 | J41: =IF(K40>0,ROUND(ROUND(K40*100,0)*ROUND(I$7*10000,0)/12000000,0)/100,0) -> 0 | K41: =IF(K40>0,ROUND(K40+J41-I41,2),0) -> 0 | L41: =IF(N40>0,MIN(ROUND(L$6+IF(L$5=$C41,$E$5+$E41,0),2),ROUND(N40+M41,2)),0) -> 0 | M41: =IF(N40>0,ROUND(ROUND(N40*100,0)*ROUND(L$7*10000,0)/12000000,0)/100,0) -> 0 | N41: =IF(N40>0,ROUND(N40+M41-L41,2),0) -> 0 | O41: =IF(Q40>0,MIN(ROUND(O$6+IF(O$5=$C41,$E$5+$E41,0),2),ROUND(Q40+P41,2)),0) -> 0 | P41: =IF(Q40>0,ROUND(ROUND(Q40*100,0)*ROUND(O$7*10000,0)/12000000,0)/100,0) -> 0 | Q41: =IF(Q40>0,ROUND(Q40+P41-O41,2),0) -> 0 | R41: =IF(T40>0,MIN(ROUND(R$6+IF(R$5=$C41,$E$5+$E41,0),2),ROUND(T40+S41,2)),0) -> 0 | S41: =IF(T40>0,ROUND(ROUND(T40*100,0)*ROUND(R$7*10000,0)/12000000,0)/100,0) -> 0 | T41: =IF(T40>0,ROUND(T40+S41-R41,2),0) -> 0 | U41: =IF(W40>0,MIN(ROUND(U$6+IF(U$5=$C41,$E$5+$E41,0),2),ROUND(W40+V41,2)),0) -> 0 | V41: =IF(W40>0,ROUND(ROUND(W40*100,0)*ROUND(U$7*10000,0)/12000000,0)/100,0) -> 0 | W41: =IF(W40>0,ROUND(W40+V41-U41,2),0) -> 0 | X41: =IF(Z40>0,MIN(ROUND(X$6+IF(X$5=$C41,$E$5+$E41,0),2),ROUND(Z40+Y41,2)),0) -> 0 | Y41: =IF(Z40>0,ROUND(ROUND(Z40*100,0)*ROUND(X$7*10000,0)/12000000,0)/100,0) -> 0 | Z41: =IF(Z40>0,ROUND(Z40+Y41-X41,2),0) -> 0 | AA41: =IF(AC40>0,MIN(ROUND(AA$6+IF(AA$5=$C41,$E$5+$E41,0),2),ROUND(AC40+AB41,2)),0) -> 0 | AB41: =IF(AC40>0,ROUND(ROUND(AC40*100,0)*ROUND(AA$7*10000,0)/12000000,0)/100,0) -> 0 | AC41: =IF(AC40>0,ROUND(AC40+AB41-AA41,2),0) -> 0 | AD41: =IF(AF40>0,MIN(ROUND(AD$6+IF(AD$5=$C41,$E$5+$E41,0),2),ROUND(AF40+AE41,2)),0) -> 0 | AE41: =IF(AF40>0,ROUND(ROUND(AF40*100,0)*ROUND(AD$7*10000,0)/12000000,0)/100,0) -> 0 | AF41: =IF(AF40>0,ROUND(AF40+AE41-AD41,2),0) -> 0 | AG41: =IF(AI40>0,MIN(ROUND(AG$6+IF(AG$5=$C41,$E$5+$E41,0),2),ROUND(AI40+AH41,2)),0) -> 0 | AH41: =IF(AI40>0,ROUND(ROUND(AI40*100,0)*ROUND(AG$7*10000,0)/12000000,0)/100,0) -> 0 | AI41: =IF(AI40>0,ROUND(AI40+AH41-AG41,2),0) -> 0 | AJ41: =IF(AL40>0,MIN(ROUND(AJ$6+IF(AJ$5=$C41,$E$5+$E41,0),2),ROUND(AL40+AK41,2)),0) -> 0 | AK41: =IF(AL40>0,ROUND(ROUND(AL40*100,0)*ROUND(AJ$7*10000,0)/12000000,0)/100,0) -> 0 | AL41: =IF(AL40>0,ROUND(AL40+AK41-AJ41,2),0) -> 0
A42: =IF(F42>0,32,"") | B42: =IF(F42>0,EDATE($E$6,32),"") | C42: =IF(H41>0,MIN(IF(K41>0,I$5,99),IF(N41>0,L$5,99),IF(Q41>0,O$5,99),IF(T41>0,R$5,99),IF(W41>0,U$5,99),IF(Z41>0,X$5,99),IF(AC41>0,AA$5,99),IF(AF41>0,AD$5,99),IF(AI41>0,AG$5,99),IF(AL41>0,AJ$5,99)),0) -> 0 | D42: =IF(C42>0,INDEX($I$4:$AL$4,1,MATCH(C42,$I$5:$AL$5,0)),"") | E42: =ROUND(IF(AND(I$8>0,K41=0),I$6,0)+IF(AND(L$8>0,N41=0),L$6,0)+IF(AND(O$8>0,Q41=0),O$6,0)+IF(AND(R$8>0,T41=0),R$6,0)+IF(AND(U$8>0,W41=0),U$6,0)+IF(AND(X$8>0,Z41=0),X$6,0)+IF(AND(AA$8>0,AC41=0),AA$6,0)+IF(AND(AD$8>0,AF41=0),AD$6,0)+IF(AND(AG$8>0,AI41=0),AG$6,0)+IF(AND(AJ$8>0,AL41=0),AJ$6,0),2) -> 330 | F42: =ROUND(I42+L42+O42+R42+U42+X42+AA42+AD42+AG42+AJ42,2) -> 0 | G42: =ROUND(J42+M42+P42+S42+V42+Y42+AB42+AE42+AH42+AK42,2) -> 0 | H42: =ROUND(K42+N42+Q42+T42+W42+Z42+AC42+AF42+AI42+AL42,2) -> 0 | I42: =IF(K41>0,MIN(ROUND(I$6+IF(I$5=$C42,$E$5+$E42,0),2),ROUND(K41+J42,2)),0) -> 0 | J42: =IF(K41>0,ROUND(ROUND(K41*100,0)*ROUND(I$7*10000,0)/12000000,0)/100,0) -> 0 | K42: =IF(K41>0,ROUND(K41+J42-I42,2),0) -> 0 | L42: =IF(N41>0,MIN(ROUND(L$6+IF(L$5=$C42,$E$5+$E42,0),2),ROUND(N41+M42,2)),0) -> 0 | M42: =IF(N41>0,ROUND(ROUND(N41*100,0)*ROUND(L$7*10000,0)/12000000,0)/100,0) -> 0 | N42: =IF(N41>0,ROUND(N41+M42-L42,2),0) -> 0 | O42: =IF(Q41>0,MIN(ROUND(O$6+IF(O$5=$C42,$E$5+$E42,0),2),ROUND(Q41+P42,2)),0) -> 0 | P42: =IF(Q41>0,ROUND(ROUND(Q41*100,0)*ROUND(O$7*10000,0)/12000000,0)/100,0) -> 0 | Q42: =IF(Q41>0,ROUND(Q41+P42-O42,2),0) -> 0 | R42: =IF(T41>0,MIN(ROUND(R$6+IF(R$5=$C42,$E$5+$E42,0),2),ROUND(T41+S42,2)),0) -> 0 | S42: =IF(T41>0,ROUND(ROUND(T41*100,0)*ROUND(R$7*10000,0)/12000000,0)/100,0) -> 0 | T42: =IF(T41>0,ROUND(T41+S42-R42,2),0) -> 0 | U42: =IF(W41>0,MIN(ROUND(U$6+IF(U$5=$C42,$E$5+$E42,0),2),ROUND(W41+V42,2)),0) -> 0 | V42: =IF(W41>0,ROUND(ROUND(W41*100,0)*ROUND(U$7*10000,0)/12000000,0)/100,0) -> 0 | W42: =IF(W41>0,ROUND(W41+V42-U42,2),0) -> 0 | X42: =IF(Z41>0,MIN(ROUND(X$6+IF(X$5=$C42,$E$5+$E42,0),2),ROUND(Z41+Y42,2)),0) -> 0 | Y42: =IF(Z41>0,ROUND(ROUND(Z41*100,0)*ROUND(X$7*10000,0)/12000000,0)/100,0) -> 0 | Z42: =IF(Z41>0,ROUND(Z41+Y42-X42,2),0) -> 0 | AA42: =IF(AC41>0,MIN(ROUND(AA$6+IF(AA$5=$C42,$E$5+$E42,0),2),ROUND(AC41+AB42,2)),0) -> 0 | AB42: =IF(AC41>0,ROUND(ROUND(AC41*100,0)*ROUND(AA$7*10000,0)/12000000,0)/100,0) -> 0 | AC42: =IF(AC41>0,ROUND(AC41+AB42-AA42,2),0) -> 0 | AD42: =IF(AF41>0,MIN(ROUND(AD$6+IF(AD$5=$C42,$E$5+$E42,0),2),ROUND(AF41+AE42,2)),0) -> 0 | AE42: =IF(AF41>0,ROUND(ROUND(AF41*100,0)*ROUND(AD$7*10000,0)/12000000,0)/100,0) -> 0 | AF42: =IF(AF41>0,ROUND(AF41+AE42-AD42,2),0) -> 0 | AG42: =IF(AI41>0,MIN(ROUND(AG$6+IF(AG$5=$C42,$E$5+$E42,0),2),ROUND(AI41+AH42,2)),0) -> 0 | AH42: =IF(AI41>0,ROUND(ROUND(AI41*100,0)*ROUND(AG$7*10000,0)/12000000,0)/100,0) -> 0 | AI42: =IF(AI41>0,ROUND(AI41+AH42-AG42,2),0) -> 0 | AJ42: =IF(AL41>0,MIN(ROUND(AJ$6+IF(AJ$5=$C42,$E$5+$E42,0),2),ROUND(AL41+AK42,2)),0) -> 0 | AK42: =IF(AL41>0,ROUND(ROUND(AL41*100,0)*ROUND(AJ$7*10000,0)/12000000,0)/100,0) -> 0 | AL42: =IF(AL41>0,ROUND(AL41+AK42-AJ42,2),0) -> 0
A43: =IF(F43>0,33,"") | B43: =IF(F43>0,EDATE($E$6,33),"") | C43: =IF(H42>0,MIN(IF(K42>0,I$5,99),IF(N42>0,L$5,99),IF(Q42>0,O$5,99),IF(T42>0,R$5,99),IF(W42>0,U$5,99),IF(Z42>0,X$5,99),IF(AC42>0,AA$5,99),IF(AF42>0,AD$5,99),IF(AI42>0,AG$5,99),IF(AL42>0,AJ$5,99)),0) -> 0 | D43: =IF(C43>0,INDEX($I$4:$AL$4,1,MATCH(C43,$I$5:$AL$5,0)),"") | E43: =ROUND(IF(AND(I$8>0,K42=0),I$6,0)+IF(AND(L$8>0,N42=0),L$6,0)+IF(AND(O$8>0,Q42=0),O$6,0)+IF(AND(R$8>0,T42=0),R$6,0)+IF(AND(U$8>0,W42=0),U$6,0)+IF(AND(X$8>0,Z42=0),X$6,0)+IF(AND(AA$8>0,AC42=0),AA$6,0)+IF(AND(AD$8>0,AF42=0),AD$6,0)+IF(AND(AG$8>0,AI42=0),AG$6,0)+IF(AND(AJ$8>0,AL42=0),AJ$6,0),2) -> 330 | F43: =ROUND(I43+L43+O43+R43+U43+X43+AA43+AD43+AG43+AJ43,2) -> 0 | G43: =ROUND(J43+M43+P43+S43+V43+Y43+AB43+AE43+AH43+AK43,2) -> 0 | H43: =ROUND(K43+N43+Q43+T43+W43+Z43+AC43+AF43+AI43+AL43,2) -> 0 | I43: =IF(K42>0,MIN(ROUND(I$6+IF(I$5=$C43,$E$5+$E43,0),2),ROUND(K42+J43,2)),0) -> 0 | J43: =IF(K42>0,ROUND(ROUND(K42*100,0)*ROUND(I$7*10000,0)/12000000,0)/100,0) -> 0 | K43: =IF(K42>0,ROUND(K42+J43-I43,2),0) -> 0 | L43: =IF(N42>0,MIN(ROUND(L$6+IF(L$5=$C43,$E$5+$E43,0),2),ROUND(N42+M43,2)),0) -> 0 | M43: =IF(N42>0,ROUND(ROUND(N42*100,0)*ROUND(L$7*10000,0)/12000000,0)/100,0) -> 0 | N43: =IF(N42>0,ROUND(N42+M43-L43,2),0) -> 0 | O43: =IF(Q42>0,MIN(ROUND(O$6+IF(O$5=$C43,$E$5+$E43,0),2),ROUND(Q42+P43,2)),0) -> 0 | P43: =IF(Q42>0,ROUND(ROUND(Q42*100,0)*ROUND(O$7*10000,0)/12000000,0)/100,0) -> 0 | Q43: =IF(Q42>0,ROUND(Q42+P43-O43,2),0) -> 0 | R43: =IF(T42>0,MIN(ROUND(R$6+IF(R$5=$C43,$E$5+$E43,0),2),ROUND(T42+S43,2)),0) -> 0 | S43: =IF(T42>0,ROUND(ROUND(T42*100,0)*ROUND(R$7*10000,0)/12000000,0)/100,0) -> 0 | T43: =IF(T42>0,ROUND(T42+S43-R43,2),0) -> 0 | U43: =IF(W42>0,MIN(ROUND(U$6+IF(U$5=$C43,$E$5+$E43,0),2),ROUND(W42+V43,2)),0) -> 0 | V43: =IF(W42>0,ROUND(ROUND(W42*100,0)*ROUND(U$7*10000,0)/12000000,0)/100,0) -> 0 | W43: =IF(W42>0,ROUND(W42+V43-U43,2),0) -> 0 | X43: =IF(Z42>0,MIN(ROUND(X$6+IF(X$5=$C43,$E$5+$E43,0),2),ROUND(Z42+Y43,2)),0) -> 0 | Y43: =IF(Z42>0,ROUND(ROUND(Z42*100,0)*ROUND(X$7*10000,0)/12000000,0)/100,0) -> 0 | Z43: =IF(Z42>0,ROUND(Z42+Y43-X43,2),0) -> 0 | AA43: =IF(AC42>0,MIN(ROUND(AA$6+IF(AA$5=$C43,$E$5+$E43,0),2),ROUND(AC42+AB43,2)),0) -> 0 | AB43: =IF(AC42>0,ROUND(ROUND(AC42*100,0)*ROUND(AA$7*10000,0)/12000000,0)/100,0) -> 0 | AC43: =IF(AC42>0,ROUND(AC42+AB43-AA43,2),0) -> 0 | AD43: =IF(AF42>0,MIN(ROUND(AD$6+IF(AD$5=$C43,$E$5+$E43,0),2),ROUND(AF42+AE43,2)),0) -> 0 | AE43: =IF(AF42>0,ROUND(ROUND(AF42*100,0)*ROUND(AD$7*10000,0)/12000000,0)/100,0) -> 0 | AF43: =IF(AF42>0,ROUND(AF42+AE43-AD43,2),0) -> 0 | AG43: =IF(AI42>0,MIN(ROUND(AG$6+IF(AG$5=$C43,$E$5+$E43,0),2),ROUND(AI42+AH43,2)),0) -> 0 | AH43: =IF(AI42>0,ROUND(ROUND(AI42*100,0)*ROUND(AG$7*10000,0)/12000000,0)/100,0) -> 0 | AI43: =IF(AI42>0,ROUND(AI42+AH43-AG43,2),0) -> 0 | AJ43: =IF(AL42>0,MIN(ROUND(AJ$6+IF(AJ$5=$C43,$E$5+$E43,0),2),ROUND(AL42+AK43,2)),0) -> 0 | AK43: =IF(AL42>0,ROUND(ROUND(AL42*100,0)*ROUND(AJ$7*10000,0)/12000000,0)/100,0) -> 0 | AL43: =IF(AL42>0,ROUND(AL42+AK43-AJ43,2),0) -> 0
A44: =IF(F44>0,34,"") | B44: =IF(F44>0,EDATE($E$6,34),"") | C44: =IF(H43>0,MIN(IF(K43>0,I$5,99),IF(N43>0,L$5,99),IF(Q43>0,O$5,99),IF(T43>0,R$5,99),IF(W43>0,U$5,99),IF(Z43>0,X$5,99),IF(AC43>0,AA$5,99),IF(AF43>0,AD$5,99),IF(AI43>0,AG$5,99),IF(AL43>0,AJ$5,99)),0) -> 0 | D44: =IF(C44>0,INDEX($I$4:$AL$4,1,MATCH(C44,$I$5:$AL$5,0)),"") | E44: =ROUND(IF(AND(I$8>0,K43=0),I$6,0)+IF(AND(L$8>0,N43=0),L$6,0)+IF(AND(O$8>0,Q43=0),O$6,0)+IF(AND(R$8>0,T43=0),R$6,0)+IF(AND(U$8>0,W43=0),U$6,0)+IF(AND(X$8>0,Z43=0),X$6,0)+IF(AND(AA$8>0,AC43=0),AA$6,0)+IF(AND(AD$8>0,AF43=0),AD$6,0)+IF(AND(AG$8>0,AI43=0),AG$6,0)+IF(AND(AJ$8>0,AL43=0),AJ$6,0),2) -> 330 | F44: =ROUND(I44+L44+O44+R44+U44+X44+AA44+AD44+AG44+AJ44,2) -> 0 | G44: =ROUND(J44+M44+P44+S44+V44+Y44+AB44+AE44+AH44+AK44,2) -> 0 | H44: =ROUND(K44+N44+Q44+T44+W44+Z44+AC44+AF44+AI44+AL44,2) -> 0 | I44: =IF(K43>0,MIN(ROUND(I$6+IF(I$5=$C44,$E$5+$E44,0),2),ROUND(K43+J44,2)),0) -> 0 | J44: =IF(K43>0,ROUND(ROUND(K43*100,0)*ROUND(I$7*10000,0)/12000000,0)/100,0) -> 0 | K44: =IF(K43>0,ROUND(K43+J44-I44,2),0) -> 0 | L44: =IF(N43>0,MIN(ROUND(L$6+IF(L$5=$C44,$E$5+$E44,0),2),ROUND(N43+M44,2)),0) -> 0 | M44: =IF(N43>0,ROUND(ROUND(N43*100,0)*ROUND(L$7*10000,0)/12000000,0)/100,0) -> 0 | N44: =IF(N43>0,ROUND(N43+M44-L44,2),0) -> 0 | O44: =IF(Q43>0,MIN(ROUND(O$6+IF(O$5=$C44,$E$5+$E44,0),2),ROUND(Q43+P44,2)),0) -> 0 | P44: =IF(Q43>0,ROUND(ROUND(Q43*100,0)*ROUND(O$7*10000,0)/12000000,0)/100,0) -> 0 | Q44: =IF(Q43>0,ROUND(Q43+P44-O44,2),0) -> 0 | R44: =IF(T43>0,MIN(ROUND(R$6+IF(R$5=$C44,$E$5+$E44,0),2),ROUND(T43+S44,2)),0) -> 0 | S44: =IF(T43>0,ROUND(ROUND(T43*100,0)*ROUND(R$7*10000,0)/12000000,0)/100,0) -> 0 | T44: =IF(T43>0,ROUND(T43+S44-R44,2),0) -> 0 | U44: =IF(W43>0,MIN(ROUND(U$6+IF(U$5=$C44,$E$5+$E44,0),2),ROUND(W43+V44,2)),0) -> 0 | V44: =IF(W43>0,ROUND(ROUND(W43*100,0)*ROUND(U$7*10000,0)/12000000,0)/100,0) -> 0 | W44: =IF(W43>0,ROUND(W43+V44-U44,2),0) -> 0 | X44: =IF(Z43>0,MIN(ROUND(X$6+IF(X$5=$C44,$E$5+$E44,0),2),ROUND(Z43+Y44,2)),0) -> 0 | Y44: =IF(Z43>0,ROUND(ROUND(Z43*100,0)*ROUND(X$7*10000,0)/12000000,0)/100,0) -> 0 | Z44: =IF(Z43>0,ROUND(Z43+Y44-X44,2),0) -> 0 | AA44: =IF(AC43>0,MIN(ROUND(AA$6+IF(AA$5=$C44,$E$5+$E44,0),2),ROUND(AC43+AB44,2)),0) -> 0 | AB44: =IF(AC43>0,ROUND(ROUND(AC43*100,0)*ROUND(AA$7*10000,0)/12000000,0)/100,0) -> 0 | AC44: =IF(AC43>0,ROUND(AC43+AB44-AA44,2),0) -> 0 | AD44: =IF(AF43>0,MIN(ROUND(AD$6+IF(AD$5=$C44,$E$5+$E44,0),2),ROUND(AF43+AE44,2)),0) -> 0 | AE44: =IF(AF43>0,ROUND(ROUND(AF43*100,0)*ROUND(AD$7*10000,0)/12000000,0)/100,0) -> 0 | AF44: =IF(AF43>0,ROUND(AF43+AE44-AD44,2),0) -> 0 | AG44: =IF(AI43>0,MIN(ROUND(AG$6+IF(AG$5=$C44,$E$5+$E44,0),2),ROUND(AI43+AH44,2)),0) -> 0 | AH44: =IF(AI43>0,ROUND(ROUND(AI43*100,0)*ROUND(AG$7*10000,0)/12000000,0)/100,0) -> 0 | AI44: =IF(AI43>0,ROUND(AI43+AH44-AG44,2),0) -> 0 | AJ44: =IF(AL43>0,MIN(ROUND(AJ$6+IF(AJ$5=$C44,$E$5+$E44,0),2),ROUND(AL43+AK44,2)),0) -> 0 | AK44: =IF(AL43>0,ROUND(ROUND(AL43*100,0)*ROUND(AJ$7*10000,0)/12000000,0)/100,0) -> 0 | AL44: =IF(AL43>0,ROUND(AL43+AK44-AJ44,2),0) -> 0
A45: =IF(F45>0,35,"") | B45: =IF(F45>0,EDATE($E$6,35),"") | C45: =IF(H44>0,MIN(IF(K44>0,I$5,99),IF(N44>0,L$5,99),IF(Q44>0,O$5,99),IF(T44>0,R$5,99),IF(W44>0,U$5,99),IF(Z44>0,X$5,99),IF(AC44>0,AA$5,99),IF(AF44>0,AD$5,99),IF(AI44>0,AG$5,99),IF(AL44>0,AJ$5,99)),0) -> 0 | D45: =IF(C45>0,INDEX($I$4:$AL$4,1,MATCH(C45,$I$5:$AL$5,0)),"") | E45: =ROUND(IF(AND(I$8>0,K44=0),I$6,0)+IF(AND(L$8>0,N44=0),L$6,0)+IF(AND(O$8>0,Q44=0),O$6,0)+IF(AND(R$8>0,T44=0),R$6,0)+IF(AND(U$8>0,W44=0),U$6,0)+IF(AND(X$8>0,Z44=0),X$6,0)+IF(AND(AA$8>0,AC44=0),AA$6,0)+IF(AND(AD$8>0,AF44=0),AD$6,0)+IF(AND(AG$8>0,AI44=0),AG$6,0)+IF(AND(AJ$8>0,AL44=0),AJ$6,0),2) -> 330 | F45: =ROUND(I45+L45+O45+R45+U45+X45+AA45+AD45+AG45+AJ45,2) -> 0 | G45: =ROUND(J45+M45+P45+S45+V45+Y45+AB45+AE45+AH45+AK45,2) -> 0 | H45: =ROUND(K45+N45+Q45+T45+W45+Z45+AC45+AF45+AI45+AL45,2) -> 0 | I45: =IF(K44>0,MIN(ROUND(I$6+IF(I$5=$C45,$E$5+$E45,0),2),ROUND(K44+J45,2)),0) -> 0 | J45: =IF(K44>0,ROUND(ROUND(K44*100,0)*ROUND(I$7*10000,0)/12000000,0)/100,0) -> 0 | K45: =IF(K44>0,ROUND(K44+J45-I45,2),0) -> 0 | L45: =IF(N44>0,MIN(ROUND(L$6+IF(L$5=$C45,$E$5+$E45,0),2),ROUND(N44+M45,2)),0) -> 0 | M45: =IF(N44>0,ROUND(ROUND(N44*100,0)*ROUND(L$7*10000,0)/12000000,0)/100,0) -> 0 | N45: =IF(N44>0,ROUND(N44+M45-L45,2),0) -> 0 | O45: =IF(Q44>0,MIN(ROUND(O$6+IF(O$5=$C45,$E$5+$E45,0),2),ROUND(Q44+P45,2)),0) -> 0 | P45: =IF(Q44>0,ROUND(ROUND(Q44*100,0)*ROUND(O$7*10000,0)/12000000,0)/100,0) -> 0 | Q45: =IF(Q44>0,ROUND(Q44+P45-O45,2),0) -> 0 | R45: =IF(T44>0,MIN(ROUND(R$6+IF(R$5=$C45,$E$5+$E45,0),2),ROUND(T44+S45,2)),0) -> 0 | S45: =IF(T44>0,ROUND(ROUND(T44*100,0)*ROUND(R$7*10000,0)/12000000,0)/100,0) -> 0 | T45: =IF(T44>0,ROUND(T44+S45-R45,2),0) -> 0 | U45: =IF(W44>0,MIN(ROUND(U$6+IF(U$5=$C45,$E$5+$E45,0),2),ROUND(W44+V45,2)),0) -> 0 | V45: =IF(W44>0,ROUND(ROUND(W44*100,0)*ROUND(U$7*10000,0)/12000000,0)/100,0) -> 0 | W45: =IF(W44>0,ROUND(W44+V45-U45,2),0) -> 0 | X45: =IF(Z44>0,MIN(ROUND(X$6+IF(X$5=$C45,$E$5+$E45,0),2),ROUND(Z44+Y45,2)),0) -> 0 | Y45: =IF(Z44>0,ROUND(ROUND(Z44*100,0)*ROUND(X$7*10000,0)/12000000,0)/100,0) -> 0 | Z45: =IF(Z44>0,ROUND(Z44+Y45-X45,2),0) -> 0 | AA45: =IF(AC44>0,MIN(ROUND(AA$6+IF(AA$5=$C45,$E$5+$E45,0),2),ROUND(AC44+AB45,2)),0) -> 0 | AB45: =IF(AC44>0,ROUND(ROUND(AC44*100,0)*ROUND(AA$7*10000,0)/12000000,0)/100,0) -> 0 | AC45: =IF(AC44>0,ROUND(AC44+AB45-AA45,2),0) -> 0 | AD45: =IF(AF44>0,MIN(ROUND(AD$6+IF(AD$5=$C45,$E$5+$E45,0),2),ROUND(AF44+AE45,2)),0) -> 0 | AE45: =IF(AF44>0,ROUND(ROUND(AF44*100,0)*ROUND(AD$7*10000,0)/12000000,0)/100,0) -> 0 | AF45: =IF(AF44>0,ROUND(AF44+AE45-AD45,2),0) -> 0 | AG45: =IF(AI44>0,MIN(ROUND(AG$6+IF(AG$5=$C45,$E$5+$E45,0),2),ROUND(AI44+AH45,2)),0) -> 0 | AH45: =IF(AI44>0,ROUND(ROUND(AI44*100,0)*ROUND(AG$7*10000,0)/12000000,0)/100,0) -> 0 | AI45: =IF(AI44>0,ROUND(AI44+AH45-AG45,2),0) -> 0 | AJ45: =IF(AL44>0,MIN(ROUND(AJ$6+IF(AJ$5=$C45,$E$5+$E45,0),2),ROUND(AL44+AK45,2)),0) -> 0 | AK45: =IF(AL44>0,ROUND(ROUND(AL44*100,0)*ROUND(AJ$7*10000,0)/12000000,0)/100,0) -> 0 | AL45: =IF(AL44>0,ROUND(AL44+AK45-AJ45,2),0) -> 0
A46: =IF(F46>0,36,"") | B46: =IF(F46>0,EDATE($E$6,36),"") | C46: =IF(H45>0,MIN(IF(K45>0,I$5,99),IF(N45>0,L$5,99),IF(Q45>0,O$5,99),IF(T45>0,R$5,99),IF(W45>0,U$5,99),IF(Z45>0,X$5,99),IF(AC45>0,AA$5,99),IF(AF45>0,AD$5,99),IF(AI45>0,AG$5,99),IF(AL45>0,AJ$5,99)),0) -> 0 | D46: =IF(C46>0,INDEX($I$4:$AL$4,1,MATCH(C46,$I$5:$AL$5,0)),"") | E46: =ROUND(IF(AND(I$8>0,K45=0),I$6,0)+IF(AND(L$8>0,N45=0),L$6,0)+IF(AND(O$8>0,Q45=0),O$6,0)+IF(AND(R$8>0,T45=0),R$6,0)+IF(AND(U$8>0,W45=0),U$6,0)+IF(AND(X$8>0,Z45=0),X$6,0)+IF(AND(AA$8>0,AC45=0),AA$6,0)+IF(AND(AD$8>0,AF45=0),AD$6,0)+IF(AND(AG$8>0,AI45=0),AG$6,0)+IF(AND(AJ$8>0,AL45=0),AJ$6,0),2) -> 330 | F46: =ROUND(I46+L46+O46+R46+U46+X46+AA46+AD46+AG46+AJ46,2) -> 0 | G46: =ROUND(J46+M46+P46+S46+V46+Y46+AB46+AE46+AH46+AK46,2) -> 0 | H46: =ROUND(K46+N46+Q46+T46+W46+Z46+AC46+AF46+AI46+AL46,2) -> 0 | I46: =IF(K45>0,MIN(ROUND(I$6+IF(I$5=$C46,$E$5+$E46,0),2),ROUND(K45+J46,2)),0) -> 0 | J46: =IF(K45>0,ROUND(ROUND(K45*100,0)*ROUND(I$7*10000,0)/12000000,0)/100,0) -> 0 | K46: =IF(K45>0,ROUND(K45+J46-I46,2),0) -> 0 | L46: =IF(N45>0,MIN(ROUND(L$6+IF(L$5=$C46,$E$5+$E46,0),2),ROUND(N45+M46,2)),0) -> 0 | M46: =IF(N45>0,ROUND(ROUND(N45*100,0)*ROUND(L$7*10000,0)/12000000,0)/100,0) -> 0 | N46: =IF(N45>0,ROUND(N45+M46-L46,2),0) -> 0 | O46: =IF(Q45>0,MIN(ROUND(O$6+IF(O$5=$C46,$E$5+$E46,0),2),ROUND(Q45+P46,2)),0) -> 0 | P46: =IF(Q45>0,ROUND(ROUND(Q45*100,0)*ROUND(O$7*10000,0)/12000000,0)/100,0) -> 0 | Q46: =IF(Q45>0,ROUND(Q45+P46-O46,2),0) -> 0 | R46: =IF(T45>0,MIN(ROUND(R$6+IF(R$5=$C46,$E$5+$E46,0),2),ROUND(T45+S46,2)),0) -> 0 | S46: =IF(T45>0,ROUND(ROUND(T45*100,0)*ROUND(R$7*10000,0)/12000000,0)/100,0) -> 0 | T46: =IF(T45>0,ROUND(T45+S46-R46,2),0) -> 0 | U46: =IF(W45>0,MIN(ROUND(U$6+IF(U$5=$C46,$E$5+$E46,0),2),ROUND(W45+V46,2)),0) -> 0 | V46: =IF(W45>0,ROUND(ROUND(W45*100,0)*ROUND(U$7*10000,0)/12000000,0)/100,0) -> 0 | W46: =IF(W45>0,ROUND(W45+V46-U46,2),0) -> 0 | X46: =IF(Z45>0,MIN(ROUND(X$6+IF(X$5=$C46,$E$5+$E46,0),2),ROUND(Z45+Y46,2)),0) -> 0 | Y46: =IF(Z45>0,ROUND(ROUND(Z45*100,0)*ROUND(X$7*10000,0)/12000000,0)/100,0) -> 0 | Z46: =IF(Z45>0,ROUND(Z45+Y46-X46,2),0) -> 0 | AA46: =IF(AC45>0,MIN(ROUND(AA$6+IF(AA$5=$C46,$E$5+$E46,0),2),ROUND(AC45+AB46,2)),0) -> 0 | AB46: =IF(AC45>0,ROUND(ROUND(AC45*100,0)*ROUND(AA$7*10000,0)/12000000,0)/100,0) -> 0 | AC46: =IF(AC45>0,ROUND(AC45+AB46-AA46,2),0) -> 0 | AD46: =IF(AF45>0,MIN(ROUND(AD$6+IF(AD$5=$C46,$E$5+$E46,0),2),ROUND(AF45+AE46,2)),0) -> 0 | AE46: =IF(AF45>0,ROUND(ROUND(AF45*100,0)*ROUND(AD$7*10000,0)/12000000,0)/100,0) -> 0 | AF46: =IF(AF45>0,ROUND(AF45+AE46-AD46,2),0) -> 0 | AG46: =IF(AI45>0,MIN(ROUND(AG$6+IF(AG$5=$C46,$E$5+$E46,0),2),ROUND(AI45+AH46,2)),0) -> 0 | AH46: =IF(AI45>0,ROUND(ROUND(AI45*100,0)*ROUND(AG$7*10000,0)/12000000,0)/100,0) -> 0 | AI46: =IF(AI45>0,ROUND(AI45+AH46-AG46,2),0) -> 0 | AJ46: =IF(AL45>0,MIN(ROUND(AJ$6+IF(AJ$5=$C46,$E$5+$E46,0),2),ROUND(AL45+AK46,2)),0) -> 0 | AK46: =IF(AL45>0,ROUND(ROUND(AL45*100,0)*ROUND(AJ$7*10000,0)/12000000,0)/100,0) -> 0 | AL46: =IF(AL45>0,ROUND(AL45+AK46-AJ46,2),0) -> 0
A47: =IF(F47>0,37,"") | B47: =IF(F47>0,EDATE($E$6,37),"") | C47: =IF(H46>0,MIN(IF(K46>0,I$5,99),IF(N46>0,L$5,99),IF(Q46>0,O$5,99),IF(T46>0,R$5,99),IF(W46>0,U$5,99),IF(Z46>0,X$5,99),IF(AC46>0,AA$5,99),IF(AF46>0,AD$5,99),IF(AI46>0,AG$5,99),IF(AL46>0,AJ$5,99)),0) -> 0 | D47: =IF(C47>0,INDEX($I$4:$AL$4,1,MATCH(C47,$I$5:$AL$5,0)),"") | E47: =ROUND(IF(AND(I$8>0,K46=0),I$6,0)+IF(AND(L$8>0,N46=0),L$6,0)+IF(AND(O$8>0,Q46=0),O$6,0)+IF(AND(R$8>0,T46=0),R$6,0)+IF(AND(U$8>0,W46=0),U$6,0)+IF(AND(X$8>0,Z46=0),X$6,0)+IF(AND(AA$8>0,AC46=0),AA$6,0)+IF(AND(AD$8>0,AF46=0),AD$6,0)+IF(AND(AG$8>0,AI46=0),AG$6,0)+IF(AND(AJ$8>0,AL46=0),AJ$6,0),2) -> 330 | F47: =ROUND(I47+L47+O47+R47+U47+X47+AA47+AD47+AG47+AJ47,2) -> 0 | G47: =ROUND(J47+M47+P47+S47+V47+Y47+AB47+AE47+AH47+AK47,2) -> 0 | H47: =ROUND(K47+N47+Q47+T47+W47+Z47+AC47+AF47+AI47+AL47,2) -> 0 | I47: =IF(K46>0,MIN(ROUND(I$6+IF(I$5=$C47,$E$5+$E47,0),2),ROUND(K46+J47,2)),0) -> 0 | J47: =IF(K46>0,ROUND(ROUND(K46*100,0)*ROUND(I$7*10000,0)/12000000,0)/100,0) -> 0 | K47: =IF(K46>0,ROUND(K46+J47-I47,2),0) -> 0 | L47: =IF(N46>0,MIN(ROUND(L$6+IF(L$5=$C47,$E$5+$E47,0),2),ROUND(N46+M47,2)),0) -> 0 | M47: =IF(N46>0,ROUND(ROUND(N46*100,0)*ROUND(L$7*10000,0)/12000000,0)/100,0) -> 0 | N47: =IF(N46>0,ROUND(N46+M47-L47,2),0) -> 0 | O47: =IF(Q46>0,MIN(ROUND(O$6+IF(O$5=$C47,$E$5+$E47,0),2),ROUND(Q46+P47,2)),0) -> 0 | P47: =IF(Q46>0,ROUND(ROUND(Q46*100,0)*ROUND(O$7*10000,0)/12000000,0)/100,0) -> 0 | Q47: =IF(Q46>0,ROUND(Q46+P47-O47,2),0) -> 0 | R47: =IF(T46>0,MIN(ROUND(R$6+IF(R$5=$C47,$E$5+$E47,0),2),ROUND(T46+S47,2)),0) -> 0 | S47: =IF(T46>0,ROUND(ROUND(T46*100,0)*ROUND(R$7*10000,0)/12000000,0)/100,0) -> 0 | T47: =IF(T46>0,ROUND(T46+S47-R47,2),0) -> 0 | U47: =IF(W46>0,MIN(ROUND(U$6+IF(U$5=$C47,$E$5+$E47,0),2),ROUND(W46+V47,2)),0) -> 0 | V47: =IF(W46>0,ROUND(ROUND(W46*100,0)*ROUND(U$7*10000,0)/12000000,0)/100,0) -> 0 | W47: =IF(W46>0,ROUND(W46+V47-U47,2),0) -> 0 | X47: =IF(Z46>0,MIN(ROUND(X$6+IF(X$5=$C47,$E$5+$E47,0),2),ROUND(Z46+Y47,2)),0) -> 0 | Y47: =IF(Z46>0,ROUND(ROUND(Z46*100,0)*ROUND(X$7*10000,0)/12000000,0)/100,0) -> 0 | Z47: =IF(Z46>0,ROUND(Z46+Y47-X47,2),0) -> 0 | AA47: =IF(AC46>0,MIN(ROUND(AA$6+IF(AA$5=$C47,$E$5+$E47,0),2),ROUND(AC46+AB47,2)),0) -> 0 | AB47: =IF(AC46>0,ROUND(ROUND(AC46*100,0)*ROUND(AA$7*10000,0)/12000000,0)/100,0) -> 0 | AC47: =IF(AC46>0,ROUND(AC46+AB47-AA47,2),0) -> 0 | AD47: =IF(AF46>0,MIN(ROUND(AD$6+IF(AD$5=$C47,$E$5+$E47,0),2),ROUND(AF46+AE47,2)),0) -> 0 | AE47: =IF(AF46>0,ROUND(ROUND(AF46*100,0)*ROUND(AD$7*10000,0)/12000000,0)/100,0) -> 0 | AF47: =IF(AF46>0,ROUND(AF46+AE47-AD47,2),0) -> 0 | AG47: =IF(AI46>0,MIN(ROUND(AG$6+IF(AG$5=$C47,$E$5+$E47,0),2),ROUND(AI46+AH47,2)),0) -> 0 | AH47: =IF(AI46>0,ROUND(ROUND(AI46*100,0)*ROUND(AG$7*10000,0)/12000000,0)/100,0) -> 0 | AI47: =IF(AI46>0,ROUND(AI46+AH47-AG47,2),0) -> 0 | AJ47: =IF(AL46>0,MIN(ROUND(AJ$6+IF(AJ$5=$C47,$E$5+$E47,0),2),ROUND(AL46+AK47,2)),0) -> 0 | AK47: =IF(AL46>0,ROUND(ROUND(AL46*100,0)*ROUND(AJ$7*10000,0)/12000000,0)/100,0) -> 0 | AL47: =IF(AL46>0,ROUND(AL46+AK47-AJ47,2),0) -> 0
A48: =IF(F48>0,38,"") | B48: =IF(F48>0,EDATE($E$6,38),"") | C48: =IF(H47>0,MIN(IF(K47>0,I$5,99),IF(N47>0,L$5,99),IF(Q47>0,O$5,99),IF(T47>0,R$5,99),IF(W47>0,U$5,99),IF(Z47>0,X$5,99),IF(AC47>0,AA$5,99),IF(AF47>0,AD$5,99),IF(AI47>0,AG$5,99),IF(AL47>0,AJ$5,99)),0) -> 0 | D48: =IF(C48>0,INDEX($I$4:$AL$4,1,MATCH(C48,$I$5:$AL$5,0)),"") | E48: =ROUND(IF(AND(I$8>0,K47=0),I$6,0)+IF(AND(L$8>0,N47=0),L$6,0)+IF(AND(O$8>0,Q47=0),O$6,0)+IF(AND(R$8>0,T47=0),R$6,0)+IF(AND(U$8>0,W47=0),U$6,0)+IF(AND(X$8>0,Z47=0),X$6,0)+IF(AND(AA$8>0,AC47=0),AA$6,0)+IF(AND(AD$8>0,AF47=0),AD$6,0)+IF(AND(AG$8>0,AI47=0),AG$6,0)+IF(AND(AJ$8>0,AL47=0),AJ$6,0),2) -> 330 | F48: =ROUND(I48+L48+O48+R48+U48+X48+AA48+AD48+AG48+AJ48,2) -> 0 | G48: =ROUND(J48+M48+P48+S48+V48+Y48+AB48+AE48+AH48+AK48,2) -> 0 | H48: =ROUND(K48+N48+Q48+T48+W48+Z48+AC48+AF48+AI48+AL48,2) -> 0 | I48: =IF(K47>0,MIN(ROUND(I$6+IF(I$5=$C48,$E$5+$E48,0),2),ROUND(K47+J48,2)),0) -> 0 | J48: =IF(K47>0,ROUND(ROUND(K47*100,0)*ROUND(I$7*10000,0)/12000000,0)/100,0) -> 0 | K48: =IF(K47>0,ROUND(K47+J48-I48,2),0) -> 0 | L48: =IF(N47>0,MIN(ROUND(L$6+IF(L$5=$C48,$E$5+$E48,0),2),ROUND(N47+M48,2)),0) -> 0 | M48: =IF(N47>0,ROUND(ROUND(N47*100,0)*ROUND(L$7*10000,0)/12000000,0)/100,0) -> 0 | N48: =IF(N47>0,ROUND(N47+M48-L48,2),0) -> 0 | O48: =IF(Q47>0,MIN(ROUND(O$6+IF(O$5=$C48,$E$5+$E48,0),2),ROUND(Q47+P48,2)),0) -> 0 | P48: =IF(Q47>0,ROUND(ROUND(Q47*100,0)*ROUND(O$7*10000,0)/12000000,0)/100,0) -> 0 | Q48: =IF(Q47>0,ROUND(Q47+P48-O48,2),0) -> 0 | R48: =IF(T47>0,MIN(ROUND(R$6+IF(R$5=$C48,$E$5+$E48,0),2),ROUND(T47+S48,2)),0) -> 0 | S48: =IF(T47>0,ROUND(ROUND(T47*100,0)*ROUND(R$7*10000,0)/12000000,0)/100,0) -> 0 | T48: =IF(T47>0,ROUND(T47+S48-R48,2),0) -> 0 | U48: =IF(W47>0,MIN(ROUND(U$6+IF(U$5=$C48,$E$5+$E48,0),2),ROUND(W47+V48,2)),0) -> 0 | V48: =IF(W47>0,ROUND(ROUND(W47*100,0)*ROUND(U$7*10000,0)/12000000,0)/100,0) -> 0 | W48: =IF(W47>0,ROUND(W47+V48-U48,2),0) -> 0 | X48: =IF(Z47>0,MIN(ROUND(X$6+IF(X$5=$C48,$E$5+$E48,0),2),ROUND(Z47+Y48,2)),0) -> 0 | Y48: =IF(Z47>0,ROUND(ROUND(Z47*100,0)*ROUND(X$7*10000,0)/12000000,0)/100,0) -> 0 | Z48: =IF(Z47>0,ROUND(Z47+Y48-X48,2),0) -> 0 | AA48: =IF(AC47>0,MIN(ROUND(AA$6+IF(AA$5=$C48,$E$5+$E48,0),2),ROUND(AC47+AB48,2)),0) -> 0 | AB48: =IF(AC47>0,ROUND(ROUND(AC47*100,0)*ROUND(AA$7*10000,0)/12000000,0)/100,0) -> 0 | AC48: =IF(AC47>0,ROUND(AC47+AB48-AA48,2),0) -> 0 | AD48: =IF(AF47>0,MIN(ROUND(AD$6+IF(AD$5=$C48,$E$5+$E48,0),2),ROUND(AF47+AE48,2)),0) -> 0 | AE48: =IF(AF47>0,ROUND(ROUND(AF47*100,0)*ROUND(AD$7*10000,0)/12000000,0)/100,0) -> 0 | AF48: =IF(AF47>0,ROUND(AF47+AE48-AD48,2),0) -> 0 | AG48: =IF(AI47>0,MIN(ROUND(AG$6+IF(AG$5=$C48,$E$5+$E48,0),2),ROUND(AI47+AH48,2)),0) -> 0 | AH48: =IF(AI47>0,ROUND(ROUND(AI47*100,0)*ROUND(AG$7*10000,0)/12000000,0)/100,0) -> 0 | AI48: =IF(AI47>0,ROUND(AI47+AH48-AG48,2),0) -> 0 | AJ48: =IF(AL47>0,MIN(ROUND(AJ$6+IF(AJ$5=$C48,$E$5+$E48,0),2),ROUND(AL47+AK48,2)),0) -> 0 | AK48: =IF(AL47>0,ROUND(ROUND(AL47*100,0)*ROUND(AJ$7*10000,0)/12000000,0)/100,0) -> 0 | AL48: =IF(AL47>0,ROUND(AL47+AK48-AJ48,2),0) -> 0
A49: =IF(F49>0,39,"") | B49: =IF(F49>0,EDATE($E$6,39),"") | C49: =IF(H48>0,MIN(IF(K48>0,I$5,99),IF(N48>0,L$5,99),IF(Q48>0,O$5,99),IF(T48>0,R$5,99),IF(W48>0,U$5,99),IF(Z48>0,X$5,99),IF(AC48>0,AA$5,99),IF(AF48>0,AD$5,99),IF(AI48>0,AG$5,99),IF(AL48>0,AJ$5,99)),0) -> 0 | D49: =IF(C49>0,INDEX($I$4:$AL$4,1,MATCH(C49,$I$5:$AL$5,0)),"") | E49: =ROUND(IF(AND(I$8>0,K48=0),I$6,0)+IF(AND(L$8>0,N48=0),L$6,0)+IF(AND(O$8>0,Q48=0),O$6,0)+IF(AND(R$8>0,T48=0),R$6,0)+IF(AND(U$8>0,W48=0),U$6,0)+IF(AND(X$8>0,Z48=0),X$6,0)+IF(AND(AA$8>0,AC48=0),AA$6,0)+IF(AND(AD$8>0,AF48=0),AD$6,0)+IF(AND(AG$8>0,AI48=0),AG$6,0)+IF(AND(AJ$8>0,AL48=0),AJ$6,0),2) -> 330 | F49: =ROUND(I49+L49+O49+R49+U49+X49+AA49+AD49+AG49+AJ49,2) -> 0 | G49: =ROUND(J49+M49+P49+S49+V49+Y49+AB49+AE49+AH49+AK49,2) -> 0 | H49: =ROUND(K49+N49+Q49+T49+W49+Z49+AC49+AF49+AI49+AL49,2) -> 0 | I49: =IF(K48>0,MIN(ROUND(I$6+IF(I$5=$C49,$E$5+$E49,0),2),ROUND(K48+J49,2)),0) -> 0 | J49: =IF(K48>0,ROUND(ROUND(K48*100,0)*ROUND(I$7*10000,0)/12000000,0)/100,0) -> 0 | K49: =IF(K48>0,ROUND(K48+J49-I49,2),0) -> 0 | L49: =IF(N48>0,MIN(ROUND(L$6+IF(L$5=$C49,$E$5+$E49,0),2),ROUND(N48+M49,2)),0) -> 0 | M49: =IF(N48>0,ROUND(ROUND(N48*100,0)*ROUND(L$7*10000,0)/12000000,0)/100,0) -> 0 | N49: =IF(N48>0,ROUND(N48+M49-L49,2),0) -> 0 | O49: =IF(Q48>0,MIN(ROUND(O$6+IF(O$5=$C49,$E$5+$E49,0),2),ROUND(Q48+P49,2)),0) -> 0 | P49: =IF(Q48>0,ROUND(ROUND(Q48*100,0)*ROUND(O$7*10000,0)/12000000,0)/100,0) -> 0 | Q49: =IF(Q48>0,ROUND(Q48+P49-O49,2),0) -> 0 | R49: =IF(T48>0,MIN(ROUND(R$6+IF(R$5=$C49,$E$5+$E49,0),2),ROUND(T48+S49,2)),0) -> 0 | S49: =IF(T48>0,ROUND(ROUND(T48*100,0)*ROUND(R$7*10000,0)/12000000,0)/100,0) -> 0 | T49: =IF(T48>0,ROUND(T48+S49-R49,2),0) -> 0 | U49: =IF(W48>0,MIN(ROUND(U$6+IF(U$5=$C49,$E$5+$E49,0),2),ROUND(W48+V49,2)),0) -> 0 | V49: =IF(W48>0,ROUND(ROUND(W48*100,0)*ROUND(U$7*10000,0)/12000000,0)/100,0) -> 0 | W49: =IF(W48>0,ROUND(W48+V49-U49,2),0) -> 0 | X49: =IF(Z48>0,MIN(ROUND(X$6+IF(X$5=$C49,$E$5+$E49,0),2),ROUND(Z48+Y49,2)),0) -> 0 | Y49: =IF(Z48>0,ROUND(ROUND(Z48*100,0)*ROUND(X$7*10000,0)/12000000,0)/100,0) -> 0 | Z49: =IF(Z48>0,ROUND(Z48+Y49-X49,2),0) -> 0 | AA49: =IF(AC48>0,MIN(ROUND(AA$6+IF(AA$5=$C49,$E$5+$E49,0),2),ROUND(AC48+AB49,2)),0) -> 0 | AB49: =IF(AC48>0,ROUND(ROUND(AC48*100,0)*ROUND(AA$7*10000,0)/12000000,0)/100,0) -> 0 | AC49: =IF(AC48>0,ROUND(AC48+AB49-AA49,2),0) -> 0 | AD49: =IF(AF48>0,MIN(ROUND(AD$6+IF(AD$5=$C49,$E$5+$E49,0),2),ROUND(AF48+AE49,2)),0) -> 0 | AE49: =IF(AF48>0,ROUND(ROUND(AF48*100,0)*ROUND(AD$7*10000,0)/12000000,0)/100,0) -> 0 | AF49: =IF(AF48>0,ROUND(AF48+AE49-AD49,2),0) -> 0 | AG49: =IF(AI48>0,MIN(ROUND(AG$6+IF(AG$5=$C49,$E$5+$E49,0),2),ROUND(AI48+AH49,2)),0) -> 0 | AH49: =IF(AI48>0,ROUND(ROUND(AI48*100,0)*ROUND(AG$7*10000,0)/12000000,0)/100,0) -> 0 | AI49: =IF(AI48>0,ROUND(AI48+AH49-AG49,2),0) -> 0 | AJ49: =IF(AL48>0,MIN(ROUND(AJ$6+IF(AJ$5=$C49,$E$5+$E49,0),2),ROUND(AL48+AK49,2)),0) -> 0 | AK49: =IF(AL48>0,ROUND(ROUND(AL48*100,0)*ROUND(AJ$7*10000,0)/12000000,0)/100,0) -> 0 | AL49: =IF(AL48>0,ROUND(AL48+AK49-AJ49,2),0) -> 0
A50: =IF(F50>0,40,"") | B50: =IF(F50>0,EDATE($E$6,40),"") | C50: =IF(H49>0,MIN(IF(K49>0,I$5,99),IF(N49>0,L$5,99),IF(Q49>0,O$5,99),IF(T49>0,R$5,99),IF(W49>0,U$5,99),IF(Z49>0,X$5,99),IF(AC49>0,AA$5,99),IF(AF49>0,AD$5,99),IF(AI49>0,AG$5,99),IF(AL49>0,AJ$5,99)),0) -> 0 | D50: =IF(C50>0,INDEX($I$4:$AL$4,1,MATCH(C50,$I$5:$AL$5,0)),"") | E50: =ROUND(IF(AND(I$8>0,K49=0),I$6,0)+IF(AND(L$8>0,N49=0),L$6,0)+IF(AND(O$8>0,Q49=0),O$6,0)+IF(AND(R$8>0,T49=0),R$6,0)+IF(AND(U$8>0,W49=0),U$6,0)+IF(AND(X$8>0,Z49=0),X$6,0)+IF(AND(AA$8>0,AC49=0),AA$6,0)+IF(AND(AD$8>0,AF49=0),AD$6,0)+IF(AND(AG$8>0,AI49=0),AG$6,0)+IF(AND(AJ$8>0,AL49=0),AJ$6,0),2) -> 330 | F50: =ROUND(I50+L50+O50+R50+U50+X50+AA50+AD50+AG50+AJ50,2) -> 0 | G50: =ROUND(J50+M50+P50+S50+V50+Y50+AB50+AE50+AH50+AK50,2) -> 0 | H50: =ROUND(K50+N50+Q50+T50+W50+Z50+AC50+AF50+AI50+AL50,2) -> 0 | I50: =IF(K49>0,MIN(ROUND(I$6+IF(I$5=$C50,$E$5+$E50,0),2),ROUND(K49+J50,2)),0) -> 0 | J50: =IF(K49>0,ROUND(ROUND(K49*100,0)*ROUND(I$7*10000,0)/12000000,0)/100,0) -> 0 | K50: =IF(K49>0,ROUND(K49+J50-I50,2),0) -> 0 | L50: =IF(N49>0,MIN(ROUND(L$6+IF(L$5=$C50,$E$5+$E50,0),2),ROUND(N49+M50,2)),0) -> 0 | M50: =IF(N49>0,ROUND(ROUND(N49*100,0)*ROUND(L$7*10000,0)/12000000,0)/100,0) -> 0 | N50: =IF(N49>0,ROUND(N49+M50-L50,2),0) -> 0 | O50: =IF(Q49>0,MIN(ROUND(O$6+IF(O$5=$C50,$E$5+$E50,0),2),ROUND(Q49+P50,2)),0) -> 0 | P50: =IF(Q49>0,ROUND(ROUND(Q49*100,0)*ROUND(O$7*10000,0)/12000000,0)/100,0) -> 0 | Q50: =IF(Q49>0,ROUND(Q49+P50-O50,2),0) -> 0 | R50: =IF(T49>0,MIN(ROUND(R$6+IF(R$5=$C50,$E$5+$E50,0),2),ROUND(T49+S50,2)),0) -> 0 | S50: =IF(T49>0,ROUND(ROUND(T49*100,0)*ROUND(R$7*10000,0)/12000000,0)/100,0) -> 0 | T50: =IF(T49>0,ROUND(T49+S50-R50,2),0) -> 0 | U50: =IF(W49>0,MIN(ROUND(U$6+IF(U$5=$C50,$E$5+$E50,0),2),ROUND(W49+V50,2)),0) -> 0 | V50: =IF(W49>0,ROUND(ROUND(W49*100,0)*ROUND(U$7*10000,0)/12000000,0)/100,0) -> 0 | W50: =IF(W49>0,ROUND(W49+V50-U50,2),0) -> 0 | X50: =IF(Z49>0,MIN(ROUND(X$6+IF(X$5=$C50,$E$5+$E50,0),2),ROUND(Z49+Y50,2)),0) -> 0 | Y50: =IF(Z49>0,ROUND(ROUND(Z49*100,0)*ROUND(X$7*10000,0)/12000000,0)/100,0) -> 0 | Z50: =IF(Z49>0,ROUND(Z49+Y50-X50,2),0) -> 0 | AA50: =IF(AC49>0,MIN(ROUND(AA$6+IF(AA$5=$C50,$E$5+$E50,0),2),ROUND(AC49+AB50,2)),0) -> 0 | AB50: =IF(AC49>0,ROUND(ROUND(AC49*100,0)*ROUND(AA$7*10000,0)/12000000,0)/100,0) -> 0 | AC50: =IF(AC49>0,ROUND(AC49+AB50-AA50,2),0) -> 0 | AD50: =IF(AF49>0,MIN(ROUND(AD$6+IF(AD$5=$C50,$E$5+$E50,0),2),ROUND(AF49+AE50,2)),0) -> 0 | AE50: =IF(AF49>0,ROUND(ROUND(AF49*100,0)*ROUND(AD$7*10000,0)/12000000,0)/100,0) -> 0 | AF50: =IF(AF49>0,ROUND(AF49+AE50-AD50,2),0) -> 0 | AG50: =IF(AI49>0,MIN(ROUND(AG$6+IF(AG$5=$C50,$E$5+$E50,0),2),ROUND(AI49+AH50,2)),0) -> 0 | AH50: =IF(AI49>0,ROUND(ROUND(AI49*100,0)*ROUND(AG$7*10000,0)/12000000,0)/100,0) -> 0 | AI50: =IF(AI49>0,ROUND(AI49+AH50-AG50,2),0) -> 0 | AJ50: =IF(AL49>0,MIN(ROUND(AJ$6+IF(AJ$5=$C50,$E$5+$E50,0),2),ROUND(AL49+AK50,2)),0) -> 0 | AK50: =IF(AL49>0,ROUND(ROUND(AL49*100,0)*ROUND(AJ$7*10000,0)/12000000,0)/100,0) -> 0 | AL50: =IF(AL49>0,ROUND(AL49+AK50-AJ50,2),0) -> 0
A51: =IF(F51>0,41,"") | B51: =IF(F51>0,EDATE($E$6,41),"") | C51: =IF(H50>0,MIN(IF(K50>0,I$5,99),IF(N50>0,L$5,99),IF(Q50>0,O$5,99),IF(T50>0,R$5,99),IF(W50>0,U$5,99),IF(Z50>0,X$5,99),IF(AC50>0,AA$5,99),IF(AF50>0,AD$5,99),IF(AI50>0,AG$5,99),IF(AL50>0,AJ$5,99)),0) -> 0 | D51: =IF(C51>0,INDEX($I$4:$AL$4,1,MATCH(C51,$I$5:$AL$5,0)),"") | E51: =ROUND(IF(AND(I$8>0,K50=0),I$6,0)+IF(AND(L$8>0,N50=0),L$6,0)+IF(AND(O$8>0,Q50=0),O$6,0)+IF(AND(R$8>0,T50=0),R$6,0)+IF(AND(U$8>0,W50=0),U$6,0)+IF(AND(X$8>0,Z50=0),X$6,0)+IF(AND(AA$8>0,AC50=0),AA$6,0)+IF(AND(AD$8>0,AF50=0),AD$6,0)+IF(AND(AG$8>0,AI50=0),AG$6,0)+IF(AND(AJ$8>0,AL50=0),AJ$6,0),2) -> 330 | F51: =ROUND(I51+L51+O51+R51+U51+X51+AA51+AD51+AG51+AJ51,2) -> 0 | G51: =ROUND(J51+M51+P51+S51+V51+Y51+AB51+AE51+AH51+AK51,2) -> 0 | H51: =ROUND(K51+N51+Q51+T51+W51+Z51+AC51+AF51+AI51+AL51,2) -> 0 | I51: =IF(K50>0,MIN(ROUND(I$6+IF(I$5=$C51,$E$5+$E51,0),2),ROUND(K50+J51,2)),0) -> 0 | J51: =IF(K50>0,ROUND(ROUND(K50*100,0)*ROUND(I$7*10000,0)/12000000,0)/100,0) -> 0 | K51: =IF(K50>0,ROUND(K50+J51-I51,2),0) -> 0 | L51: =IF(N50>0,MIN(ROUND(L$6+IF(L$5=$C51,$E$5+$E51,0),2),ROUND(N50+M51,2)),0) -> 0 | M51: =IF(N50>0,ROUND(ROUND(N50*100,0)*ROUND(L$7*10000,0)/12000000,0)/100,0) -> 0 | N51: =IF(N50>0,ROUND(N50+M51-L51,2),0) -> 0 | O51: =IF(Q50>0,MIN(ROUND(O$6+IF(O$5=$C51,$E$5+$E51,0),2),ROUND(Q50+P51,2)),0) -> 0 | P51: =IF(Q50>0,ROUND(ROUND(Q50*100,0)*ROUND(O$7*10000,0)/12000000,0)/100,0) -> 0 | Q51: =IF(Q50>0,ROUND(Q50+P51-O51,2),0) -> 0 | R51: =IF(T50>0,MIN(ROUND(R$6+IF(R$5=$C51,$E$5+$E51,0),2),ROUND(T50+S51,2)),0) -> 0 | S51: =IF(T50>0,ROUND(ROUND(T50*100,0)*ROUND(R$7*10000,0)/12000000,0)/100,0) -> 0 | T51: =IF(T50>0,ROUND(T50+S51-R51,2),0) -> 0 | U51: =IF(W50>0,MIN(ROUND(U$6+IF(U$5=$C51,$E$5+$E51,0),2),ROUND(W50+V51,2)),0) -> 0 | V51: =IF(W50>0,ROUND(ROUND(W50*100,0)*ROUND(U$7*10000,0)/12000000,0)/100,0) -> 0 | W51: =IF(W50>0,ROUND(W50+V51-U51,2),0) -> 0 | X51: =IF(Z50>0,MIN(ROUND(X$6+IF(X$5=$C51,$E$5+$E51,0),2),ROUND(Z50+Y51,2)),0) -> 0 | Y51: =IF(Z50>0,ROUND(ROUND(Z50*100,0)*ROUND(X$7*10000,0)/12000000,0)/100,0) -> 0 | Z51: =IF(Z50>0,ROUND(Z50+Y51-X51,2),0) -> 0 | AA51: =IF(AC50>0,MIN(ROUND(AA$6+IF(AA$5=$C51,$E$5+$E51,0),2),ROUND(AC50+AB51,2)),0) -> 0 | AB51: =IF(AC50>0,ROUND(ROUND(AC50*100,0)*ROUND(AA$7*10000,0)/12000000,0)/100,0) -> 0 | AC51: =IF(AC50>0,ROUND(AC50+AB51-AA51,2),0) -> 0 | AD51: =IF(AF50>0,MIN(ROUND(AD$6+IF(AD$5=$C51,$E$5+$E51,0),2),ROUND(AF50+AE51,2)),0) -> 0 | AE51: =IF(AF50>0,ROUND(ROUND(AF50*100,0)*ROUND(AD$7*10000,0)/12000000,0)/100,0) -> 0 | AF51: =IF(AF50>0,ROUND(AF50+AE51-AD51,2),0) -> 0 | AG51: =IF(AI50>0,MIN(ROUND(AG$6+IF(AG$5=$C51,$E$5+$E51,0),2),ROUND(AI50+AH51,2)),0) -> 0 | AH51: =IF(AI50>0,ROUND(ROUND(AI50*100,0)*ROUND(AG$7*10000,0)/12000000,0)/100,0) -> 0 | AI51: =IF(AI50>0,ROUND(AI50+AH51-AG51,2),0) -> 0 | AJ51: =IF(AL50>0,MIN(ROUND(AJ$6+IF(AJ$5=$C51,$E$5+$E51,0),2),ROUND(AL50+AK51,2)),0) -> 0 | AK51: =IF(AL50>0,ROUND(ROUND(AL50*100,0)*ROUND(AJ$7*10000,0)/12000000,0)/100,0) -> 0 | AL51: =IF(AL50>0,ROUND(AL50+AK51-AJ51,2),0) -> 0
A52: =IF(F52>0,42,"") | B52: =IF(F52>0,EDATE($E$6,42),"") | C52: =IF(H51>0,MIN(IF(K51>0,I$5,99),IF(N51>0,L$5,99),IF(Q51>0,O$5,99),IF(T51>0,R$5,99),IF(W51>0,U$5,99),IF(Z51>0,X$5,99),IF(AC51>0,AA$5,99),IF(AF51>0,AD$5,99),IF(AI51>0,AG$5,99),IF(AL51>0,AJ$5,99)),0) -> 0 | D52: =IF(C52>0,INDEX($I$4:$AL$4,1,MATCH(C52,$I$5:$AL$5,0)),"") | E52: =ROUND(IF(AND(I$8>0,K51=0),I$6,0)+IF(AND(L$8>0,N51=0),L$6,0)+IF(AND(O$8>0,Q51=0),O$6,0)+IF(AND(R$8>0,T51=0),R$6,0)+IF(AND(U$8>0,W51=0),U$6,0)+IF(AND(X$8>0,Z51=0),X$6,0)+IF(AND(AA$8>0,AC51=0),AA$6,0)+IF(AND(AD$8>0,AF51=0),AD$6,0)+IF(AND(AG$8>0,AI51=0),AG$6,0)+IF(AND(AJ$8>0,AL51=0),AJ$6,0),2) -> 330 | F52: =ROUND(I52+L52+O52+R52+U52+X52+AA52+AD52+AG52+AJ52,2) -> 0 | G52: =ROUND(J52+M52+P52+S52+V52+Y52+AB52+AE52+AH52+AK52,2) -> 0 | H52: =ROUND(K52+N52+Q52+T52+W52+Z52+AC52+AF52+AI52+AL52,2) -> 0 | I52: =IF(K51>0,MIN(ROUND(I$6+IF(I$5=$C52,$E$5+$E52,0),2),ROUND(K51+J52,2)),0) -> 0 | J52: =IF(K51>0,ROUND(ROUND(K51*100,0)*ROUND(I$7*10000,0)/12000000,0)/100,0) -> 0 | K52: =IF(K51>0,ROUND(K51+J52-I52,2),0) -> 0 | L52: =IF(N51>0,MIN(ROUND(L$6+IF(L$5=$C52,$E$5+$E52,0),2),ROUND(N51+M52,2)),0) -> 0 | M52: =IF(N51>0,ROUND(ROUND(N51*100,0)*ROUND(L$7*10000,0)/12000000,0)/100,0) -> 0 | N52: =IF(N51>0,ROUND(N51+M52-L52,2),0) -> 0 | O52: =IF(Q51>0,MIN(ROUND(O$6+IF(O$5=$C52,$E$5+$E52,0),2),ROUND(Q51+P52,2)),0) -> 0 | P52: =IF(Q51>0,ROUND(ROUND(Q51*100,0)*ROUND(O$7*10000,0)/12000000,0)/100,0) -> 0 | Q52: =IF(Q51>0,ROUND(Q51+P52-O52,2),0) -> 0 | R52: =IF(T51>0,MIN(ROUND(R$6+IF(R$5=$C52,$E$5+$E52,0),2),ROUND(T51+S52,2)),0) -> 0 | S52: =IF(T51>0,ROUND(ROUND(T51*100,0)*ROUND(R$7*10000,0)/12000000,0)/100,0) -> 0 | T52: =IF(T51>0,ROUND(T51+S52-R52,2),0) -> 0 | U52: =IF(W51>0,MIN(ROUND(U$6+IF(U$5=$C52,$E$5+$E52,0),2),ROUND(W51+V52,2)),0) -> 0 | V52: =IF(W51>0,ROUND(ROUND(W51*100,0)*ROUND(U$7*10000,0)/12000000,0)/100,0) -> 0 | W52: =IF(W51>0,ROUND(W51+V52-U52,2),0) -> 0 | X52: =IF(Z51>0,MIN(ROUND(X$6+IF(X$5=$C52,$E$5+$E52,0),2),ROUND(Z51+Y52,2)),0) -> 0 | Y52: =IF(Z51>0,ROUND(ROUND(Z51*100,0)*ROUND(X$7*10000,0)/12000000,0)/100,0) -> 0 | Z52: =IF(Z51>0,ROUND(Z51+Y52-X52,2),0) -> 0 | AA52: =IF(AC51>0,MIN(ROUND(AA$6+IF(AA$5=$C52,$E$5+$E52,0),2),ROUND(AC51+AB52,2)),0) -> 0 | AB52: =IF(AC51>0,ROUND(ROUND(AC51*100,0)*ROUND(AA$7*10000,0)/12000000,0)/100,0) -> 0 | AC52: =IF(AC51>0,ROUND(AC51+AB52-AA52,2),0) -> 0 | AD52: =IF(AF51>0,MIN(ROUND(AD$6+IF(AD$5=$C52,$E$5+$E52,0),2),ROUND(AF51+AE52,2)),0) -> 0 | AE52: =IF(AF51>0,ROUND(ROUND(AF51*100,0)*ROUND(AD$7*10000,0)/12000000,0)/100,0) -> 0 | AF52: =IF(AF51>0,ROUND(AF51+AE52-AD52,2),0) -> 0 | AG52: =IF(AI51>0,MIN(ROUND(AG$6+IF(AG$5=$C52,$E$5+$E52,0),2),ROUND(AI51+AH52,2)),0) -> 0 | AH52: =IF(AI51>0,ROUND(ROUND(AI51*100,0)*ROUND(AG$7*10000,0)/12000000,0)/100,0) -> 0 | AI52: =IF(AI51>0,ROUND(AI51+AH52-AG52,2),0) -> 0 | AJ52: =IF(AL51>0,MIN(ROUND(AJ$6+IF(AJ$5=$C52,$E$5+$E52,0),2),ROUND(AL51+AK52,2)),0) -> 0 | AK52: =IF(AL51>0,ROUND(ROUND(AL51*100,0)*ROUND(AJ$7*10000,0)/12000000,0)/100,0) -> 0 | AL52: =IF(AL51>0,ROUND(AL51+AK52-AJ52,2),0) -> 0
A53: =IF(F53>0,43,"") | B53: =IF(F53>0,EDATE($E$6,43),"") | C53: =IF(H52>0,MIN(IF(K52>0,I$5,99),IF(N52>0,L$5,99),IF(Q52>0,O$5,99),IF(T52>0,R$5,99),IF(W52>0,U$5,99),IF(Z52>0,X$5,99),IF(AC52>0,AA$5,99),IF(AF52>0,AD$5,99),IF(AI52>0,AG$5,99),IF(AL52>0,AJ$5,99)),0) -> 0 | D53: =IF(C53>0,INDEX($I$4:$AL$4,1,MATCH(C53,$I$5:$AL$5,0)),"") | E53: =ROUND(IF(AND(I$8>0,K52=0),I$6,0)+IF(AND(L$8>0,N52=0),L$6,0)+IF(AND(O$8>0,Q52=0),O$6,0)+IF(AND(R$8>0,T52=0),R$6,0)+IF(AND(U$8>0,W52=0),U$6,0)+IF(AND(X$8>0,Z52=0),X$6,0)+IF(AND(AA$8>0,AC52=0),AA$6,0)+IF(AND(AD$8>0,AF52=0),AD$6,0)+IF(AND(AG$8>0,AI52=0),AG$6,0)+IF(AND(AJ$8>0,AL52=0),AJ$6,0),2) -> 330 | F53: =ROUND(I53+L53+O53+R53+U53+X53+AA53+AD53+AG53+AJ53,2) -> 0 | G53: =ROUND(J53+M53+P53+S53+V53+Y53+AB53+AE53+AH53+AK53,2) -> 0 | H53: =ROUND(K53+N53+Q53+T53+W53+Z53+AC53+AF53+AI53+AL53,2) -> 0 | I53: =IF(K52>0,MIN(ROUND(I$6+IF(I$5=$C53,$E$5+$E53,0),2),ROUND(K52+J53,2)),0) -> 0 | J53: =IF(K52>0,ROUND(ROUND(K52*100,0)*ROUND(I$7*10000,0)/12000000,0)/100,0) -> 0 | K53: =IF(K52>0,ROUND(K52+J53-I53,2),0) -> 0 | L53: =IF(N52>0,MIN(ROUND(L$6+IF(L$5=$C53,$E$5+$E53,0),2),ROUND(N52+M53,2)),0) -> 0 | M53: =IF(N52>0,ROUND(ROUND(N52*100,0)*ROUND(L$7*10000,0)/12000000,0)/100,0) -> 0 | N53: =IF(N52>0,ROUND(N52+M53-L53,2),0) -> 0 | O53: =IF(Q52>0,MIN(ROUND(O$6+IF(O$5=$C53,$E$5+$E53,0),2),ROUND(Q52+P53,2)),0) -> 0 | P53: =IF(Q52>0,ROUND(ROUND(Q52*100,0)*ROUND(O$7*10000,0)/12000000,0)/100,0) -> 0 | Q53: =IF(Q52>0,ROUND(Q52+P53-O53,2),0) -> 0 | R53: =IF(T52>0,MIN(ROUND(R$6+IF(R$5=$C53,$E$5+$E53,0),2),ROUND(T52+S53,2)),0) -> 0 | S53: =IF(T52>0,ROUND(ROUND(T52*100,0)*ROUND(R$7*10000,0)/12000000,0)/100,0) -> 0 | T53: =IF(T52>0,ROUND(T52+S53-R53,2),0) -> 0 | U53: =IF(W52>0,MIN(ROUND(U$6+IF(U$5=$C53,$E$5+$E53,0),2),ROUND(W52+V53,2)),0) -> 0 | V53: =IF(W52>0,ROUND(ROUND(W52*100,0)*ROUND(U$7*10000,0)/12000000,0)/100,0) -> 0 | W53: =IF(W52>0,ROUND(W52+V53-U53,2),0) -> 0 | X53: =IF(Z52>0,MIN(ROUND(X$6+IF(X$5=$C53,$E$5+$E53,0),2),ROUND(Z52+Y53,2)),0) -> 0 | Y53: =IF(Z52>0,ROUND(ROUND(Z52*100,0)*ROUND(X$7*10000,0)/12000000,0)/100,0) -> 0 | Z53: =IF(Z52>0,ROUND(Z52+Y53-X53,2),0) -> 0 | AA53: =IF(AC52>0,MIN(ROUND(AA$6+IF(AA$5=$C53,$E$5+$E53,0),2),ROUND(AC52+AB53,2)),0) -> 0 | AB53: =IF(AC52>0,ROUND(ROUND(AC52*100,0)*ROUND(AA$7*10000,0)/12000000,0)/100,0) -> 0 | AC53: =IF(AC52>0,ROUND(AC52+AB53-AA53,2),0) -> 0 | AD53: =IF(AF52>0,MIN(ROUND(AD$6+IF(AD$5=$C53,$E$5+$E53,0),2),ROUND(AF52+AE53,2)),0) -> 0 | AE53: =IF(AF52>0,ROUND(ROUND(AF52*100,0)*ROUND(AD$7*10000,0)/12000000,0)/100,0) -> 0 | AF53: =IF(AF52>0,ROUND(AF52+AE53-AD53,2),0) -> 0 | AG53: =IF(AI52>0,MIN(ROUND(AG$6+IF(AG$5=$C53,$E$5+$E53,0),2),ROUND(AI52+AH53,2)),0) -> 0 | AH53: =IF(AI52>0,ROUND(ROUND(AI52*100,0)*ROUND(AG$7*10000,0)/12000000,0)/100,0) -> 0 | AI53: =IF(AI52>0,ROUND(AI52+AH53-AG53,2),0) -> 0 | AJ53: =IF(AL52>0,MIN(ROUND(AJ$6+IF(AJ$5=$C53,$E$5+$E53,0),2),ROUND(AL52+AK53,2)),0) -> 0 | AK53: =IF(AL52>0,ROUND(ROUND(AL52*100,0)*ROUND(AJ$7*10000,0)/12000000,0)/100,0) -> 0 | AL53: =IF(AL52>0,ROUND(AL52+AK53-AJ53,2),0) -> 0
A54: =IF(F54>0,44,"") | B54: =IF(F54>0,EDATE($E$6,44),"") | C54: =IF(H53>0,MIN(IF(K53>0,I$5,99),IF(N53>0,L$5,99),IF(Q53>0,O$5,99),IF(T53>0,R$5,99),IF(W53>0,U$5,99),IF(Z53>0,X$5,99),IF(AC53>0,AA$5,99),IF(AF53>0,AD$5,99),IF(AI53>0,AG$5,99),IF(AL53>0,AJ$5,99)),0) -> 0 | D54: =IF(C54>0,INDEX($I$4:$AL$4,1,MATCH(C54,$I$5:$AL$5,0)),"") | E54: =ROUND(IF(AND(I$8>0,K53=0),I$6,0)+IF(AND(L$8>0,N53=0),L$6,0)+IF(AND(O$8>0,Q53=0),O$6,0)+IF(AND(R$8>0,T53=0),R$6,0)+IF(AND(U$8>0,W53=0),U$6,0)+IF(AND(X$8>0,Z53=0),X$6,0)+IF(AND(AA$8>0,AC53=0),AA$6,0)+IF(AND(AD$8>0,AF53=0),AD$6,0)+IF(AND(AG$8>0,AI53=0),AG$6,0)+IF(AND(AJ$8>0,AL53=0),AJ$6,0),2) -> 330 | F54: =ROUND(I54+L54+O54+R54+U54+X54+AA54+AD54+AG54+AJ54,2) -> 0 | G54: =ROUND(J54+M54+P54+S54+V54+Y54+AB54+AE54+AH54+AK54,2) -> 0 | H54: =ROUND(K54+N54+Q54+T54+W54+Z54+AC54+AF54+AI54+AL54,2) -> 0 | I54: =IF(K53>0,MIN(ROUND(I$6+IF(I$5=$C54,$E$5+$E54,0),2),ROUND(K53+J54,2)),0) -> 0 | J54: =IF(K53>0,ROUND(ROUND(K53*100,0)*ROUND(I$7*10000,0)/12000000,0)/100,0) -> 0 | K54: =IF(K53>0,ROUND(K53+J54-I54,2),0) -> 0 | L54: =IF(N53>0,MIN(ROUND(L$6+IF(L$5=$C54,$E$5+$E54,0),2),ROUND(N53+M54,2)),0) -> 0 | M54: =IF(N53>0,ROUND(ROUND(N53*100,0)*ROUND(L$7*10000,0)/12000000,0)/100,0) -> 0 | N54: =IF(N53>0,ROUND(N53+M54-L54,2),0) -> 0 | O54: =IF(Q53>0,MIN(ROUND(O$6+IF(O$5=$C54,$E$5+$E54,0),2),ROUND(Q53+P54,2)),0) -> 0 | P54: =IF(Q53>0,ROUND(ROUND(Q53*100,0)*ROUND(O$7*10000,0)/12000000,0)/100,0) -> 0 | Q54: =IF(Q53>0,ROUND(Q53+P54-O54,2),0) -> 0 | R54: =IF(T53>0,MIN(ROUND(R$6+IF(R$5=$C54,$E$5+$E54,0),2),ROUND(T53+S54,2)),0) -> 0 | S54: =IF(T53>0,ROUND(ROUND(T53*100,0)*ROUND(R$7*10000,0)/12000000,0)/100,0) -> 0 | T54: =IF(T53>0,ROUND(T53+S54-R54,2),0) -> 0 | U54: =IF(W53>0,MIN(ROUND(U$6+IF(U$5=$C54,$E$5+$E54,0),2),ROUND(W53+V54,2)),0) -> 0 | V54: =IF(W53>0,ROUND(ROUND(W53*100,0)*ROUND(U$7*10000,0)/12000000,0)/100,0) -> 0 | W54: =IF(W53>0,ROUND(W53+V54-U54,2),0) -> 0 | X54: =IF(Z53>0,MIN(ROUND(X$6+IF(X$5=$C54,$E$5+$E54,0),2),ROUND(Z53+Y54,2)),0) -> 0 | Y54: =IF(Z53>0,ROUND(ROUND(Z53*100,0)*ROUND(X$7*10000,0)/12000000,0)/100,0) -> 0 | Z54: =IF(Z53>0,ROUND(Z53+Y54-X54,2),0) -> 0 | AA54: =IF(AC53>0,MIN(ROUND(AA$6+IF(AA$5=$C54,$E$5+$E54,0),2),ROUND(AC53+AB54,2)),0) -> 0 | AB54: =IF(AC53>0,ROUND(ROUND(AC53*100,0)*ROUND(AA$7*10000,0)/12000000,0)/100,0) -> 0 | AC54: =IF(AC53>0,ROUND(AC53+AB54-AA54,2),0) -> 0 | AD54: =IF(AF53>0,MIN(ROUND(AD$6+IF(AD$5=$C54,$E$5+$E54,0),2),ROUND(AF53+AE54,2)),0) -> 0 | AE54: =IF(AF53>0,ROUND(ROUND(AF53*100,0)*ROUND(AD$7*10000,0)/12000000,0)/100,0) -> 0 | AF54: =IF(AF53>0,ROUND(AF53+AE54-AD54,2),0) -> 0 | AG54: =IF(AI53>0,MIN(ROUND(AG$6+IF(AG$5=$C54,$E$5+$E54,0),2),ROUND(AI53+AH54,2)),0) -> 0 | AH54: =IF(AI53>0,ROUND(ROUND(AI53*100,0)*ROUND(AG$7*10000,0)/12000000,0)/100,0) -> 0 | AI54: =IF(AI53>0,ROUND(AI53+AH54-AG54,2),0) -> 0 | AJ54: =IF(AL53>0,MIN(ROUND(AJ$6+IF(AJ$5=$C54,$E$5+$E54,0),2),ROUND(AL53+AK54,2)),0) -> 0 | AK54: =IF(AL53>0,ROUND(ROUND(AL53*100,0)*ROUND(AJ$7*10000,0)/12000000,0)/100,0) -> 0 | AL54: =IF(AL53>0,ROUND(AL53+AK54-AJ54,2),0) -> 0
A55: =IF(F55>0,45,"") | B55: =IF(F55>0,EDATE($E$6,45),"") | C55: =IF(H54>0,MIN(IF(K54>0,I$5,99),IF(N54>0,L$5,99),IF(Q54>0,O$5,99),IF(T54>0,R$5,99),IF(W54>0,U$5,99),IF(Z54>0,X$5,99),IF(AC54>0,AA$5,99),IF(AF54>0,AD$5,99),IF(AI54>0,AG$5,99),IF(AL54>0,AJ$5,99)),0) -> 0 | D55: =IF(C55>0,INDEX($I$4:$AL$4,1,MATCH(C55,$I$5:$AL$5,0)),"") | E55: =ROUND(IF(AND(I$8>0,K54=0),I$6,0)+IF(AND(L$8>0,N54=0),L$6,0)+IF(AND(O$8>0,Q54=0),O$6,0)+IF(AND(R$8>0,T54=0),R$6,0)+IF(AND(U$8>0,W54=0),U$6,0)+IF(AND(X$8>0,Z54=0),X$6,0)+IF(AND(AA$8>0,AC54=0),AA$6,0)+IF(AND(AD$8>0,AF54=0),AD$6,0)+IF(AND(AG$8>0,AI54=0),AG$6,0)+IF(AND(AJ$8>0,AL54=0),AJ$6,0),2) -> 330 | F55: =ROUND(I55+L55+O55+R55+U55+X55+AA55+AD55+AG55+AJ55,2) -> 0 | G55: =ROUND(J55+M55+P55+S55+V55+Y55+AB55+AE55+AH55+AK55,2) -> 0 | H55: =ROUND(K55+N55+Q55+T55+W55+Z55+AC55+AF55+AI55+AL55,2) -> 0 | I55: =IF(K54>0,MIN(ROUND(I$6+IF(I$5=$C55,$E$5+$E55,0),2),ROUND(K54+J55,2)),0) -> 0 | J55: =IF(K54>0,ROUND(ROUND(K54*100,0)*ROUND(I$7*10000,0)/12000000,0)/100,0) -> 0 | K55: =IF(K54>0,ROUND(K54+J55-I55,2),0) -> 0 | L55: =IF(N54>0,MIN(ROUND(L$6+IF(L$5=$C55,$E$5+$E55,0),2),ROUND(N54+M55,2)),0) -> 0 | M55: =IF(N54>0,ROUND(ROUND(N54*100,0)*ROUND(L$7*10000,0)/12000000,0)/100,0) -> 0 | N55: =IF(N54>0,ROUND(N54+M55-L55,2),0) -> 0 | O55: =IF(Q54>0,MIN(ROUND(O$6+IF(O$5=$C55,$E$5+$E55,0),2),ROUND(Q54+P55,2)),0) -> 0 | P55: =IF(Q54>0,ROUND(ROUND(Q54*100,0)*ROUND(O$7*10000,0)/12000000,0)/100,0) -> 0 | Q55: =IF(Q54>0,ROUND(Q54+P55-O55,2),0) -> 0 | R55: =IF(T54>0,MIN(ROUND(R$6+IF(R$5=$C55,$E$5+$E55,0),2),ROUND(T54+S55,2)),0) -> 0 | S55: =IF(T54>0,ROUND(ROUND(T54*100,0)*ROUND(R$7*10000,0)/12000000,0)/100,0) -> 0 | T55: =IF(T54>0,ROUND(T54+S55-R55,2),0) -> 0 | U55: =IF(W54>0,MIN(ROUND(U$6+IF(U$5=$C55,$E$5+$E55,0),2),ROUND(W54+V55,2)),0) -> 0 | V55: =IF(W54>0,ROUND(ROUND(W54*100,0)*ROUND(U$7*10000,0)/12000000,0)/100,0) -> 0 | W55: =IF(W54>0,ROUND(W54+V55-U55,2),0) -> 0 | X55: =IF(Z54>0,MIN(ROUND(X$6+IF(X$5=$C55,$E$5+$E55,0),2),ROUND(Z54+Y55,2)),0) -> 0 | Y55: =IF(Z54>0,ROUND(ROUND(Z54*100,0)*ROUND(X$7*10000,0)/12000000,0)/100,0) -> 0 | Z55: =IF(Z54>0,ROUND(Z54+Y55-X55,2),0) -> 0 | AA55: =IF(AC54>0,MIN(ROUND(AA$6+IF(AA$5=$C55,$E$5+$E55,0),2),ROUND(AC54+AB55,2)),0) -> 0 | AB55: =IF(AC54>0,ROUND(ROUND(AC54*100,0)*ROUND(AA$7*10000,0)/12000000,0)/100,0) -> 0 | AC55: =IF(AC54>0,ROUND(AC54+AB55-AA55,2),0) -> 0 | AD55: =IF(AF54>0,MIN(ROUND(AD$6+IF(AD$5=$C55,$E$5+$E55,0),2),ROUND(AF54+AE55,2)),0) -> 0 | AE55: =IF(AF54>0,ROUND(ROUND(AF54*100,0)*ROUND(AD$7*10000,0)/12000000,0)/100,0) -> 0 | AF55: =IF(AF54>0,ROUND(AF54+AE55-AD55,2),0) -> 0 | AG55: =IF(AI54>0,MIN(ROUND(AG$6+IF(AG$5=$C55,$E$5+$E55,0),2),ROUND(AI54+AH55,2)),0) -> 0 | AH55: =IF(AI54>0,ROUND(ROUND(AI54*100,0)*ROUND(AG$7*10000,0)/12000000,0)/100,0) -> 0 | AI55: =IF(AI54>0,ROUND(AI54+AH55-AG55,2),0) -> 0 | AJ55: =IF(AL54>0,MIN(ROUND(AJ$6+IF(AJ$5=$C55,$E$5+$E55,0),2),ROUND(AL54+AK55,2)),0) -> 0 | AK55: =IF(AL54>0,ROUND(ROUND(AL54*100,0)*ROUND(AJ$7*10000,0)/12000000,0)/100,0) -> 0 | AL55: =IF(AL54>0,ROUND(AL54+AK55-AJ55,2),0) -> 0
A56: =IF(F56>0,46,"") | B56: =IF(F56>0,EDATE($E$6,46),"") | C56: =IF(H55>0,MIN(IF(K55>0,I$5,99),IF(N55>0,L$5,99),IF(Q55>0,O$5,99),IF(T55>0,R$5,99),IF(W55>0,U$5,99),IF(Z55>0,X$5,99),IF(AC55>0,AA$5,99),IF(AF55>0,AD$5,99),IF(AI55>0,AG$5,99),IF(AL55>0,AJ$5,99)),0) -> 0 | D56: =IF(C56>0,INDEX($I$4:$AL$4,1,MATCH(C56,$I$5:$AL$5,0)),"") | E56: =ROUND(IF(AND(I$8>0,K55=0),I$6,0)+IF(AND(L$8>0,N55=0),L$6,0)+IF(AND(O$8>0,Q55=0),O$6,0)+IF(AND(R$8>0,T55=0),R$6,0)+IF(AND(U$8>0,W55=0),U$6,0)+IF(AND(X$8>0,Z55=0),X$6,0)+IF(AND(AA$8>0,AC55=0),AA$6,0)+IF(AND(AD$8>0,AF55=0),AD$6,0)+IF(AND(AG$8>0,AI55=0),AG$6,0)+IF(AND(AJ$8>0,AL55=0),AJ$6,0),2) -> 330 | F56: =ROUND(I56+L56+O56+R56+U56+X56+AA56+AD56+AG56+AJ56,2) -> 0 | G56: =ROUND(J56+M56+P56+S56+V56+Y56+AB56+AE56+AH56+AK56,2) -> 0 | H56: =ROUND(K56+N56+Q56+T56+W56+Z56+AC56+AF56+AI56+AL56,2) -> 0 | I56: =IF(K55>0,MIN(ROUND(I$6+IF(I$5=$C56,$E$5+$E56,0),2),ROUND(K55+J56,2)),0) -> 0 | J56: =IF(K55>0,ROUND(ROUND(K55*100,0)*ROUND(I$7*10000,0)/12000000,0)/100,0) -> 0 | K56: =IF(K55>0,ROUND(K55+J56-I56,2),0) -> 0 | L56: =IF(N55>0,MIN(ROUND(L$6+IF(L$5=$C56,$E$5+$E56,0),2),ROUND(N55+M56,2)),0) -> 0 | M56: =IF(N55>0,ROUND(ROUND(N55*100,0)*ROUND(L$7*10000,0)/12000000,0)/100,0) -> 0 | N56: =IF(N55>0,ROUND(N55+M56-L56,2),0) -> 0 | O56: =IF(Q55>0,MIN(ROUND(O$6+IF(O$5=$C56,$E$5+$E56,0),2),ROUND(Q55+P56,2)),0) -> 0 | P56: =IF(Q55>0,ROUND(ROUND(Q55*100,0)*ROUND(O$7*10000,0)/12000000,0)/100,0) -> 0 | Q56: =IF(Q55>0,ROUND(Q55+P56-O56,2),0) -> 0 | R56: =IF(T55>0,MIN(ROUND(R$6+IF(R$5=$C56,$E$5+$E56,0),2),ROUND(T55+S56,2)),0) -> 0 | S56: =IF(T55>0,ROUND(ROUND(T55*100,0)*ROUND(R$7*10000,0)/12000000,0)/100,0) -> 0 | T56: =IF(T55>0,ROUND(T55+S56-R56,2),0) -> 0 | U56: =IF(W55>0,MIN(ROUND(U$6+IF(U$5=$C56,$E$5+$E56,0),2),ROUND(W55+V56,2)),0) -> 0 | V56: =IF(W55>0,ROUND(ROUND(W55*100,0)*ROUND(U$7*10000,0)/12000000,0)/100,0) -> 0 | W56: =IF(W55>0,ROUND(W55+V56-U56,2),0) -> 0 | X56: =IF(Z55>0,MIN(ROUND(X$6+IF(X$5=$C56,$E$5+$E56,0),2),ROUND(Z55+Y56,2)),0) -> 0 | Y56: =IF(Z55>0,ROUND(ROUND(Z55*100,0)*ROUND(X$7*10000,0)/12000000,0)/100,0) -> 0 | Z56: =IF(Z55>0,ROUND(Z55+Y56-X56,2),0) -> 0 | AA56: =IF(AC55>0,MIN(ROUND(AA$6+IF(AA$5=$C56,$E$5+$E56,0),2),ROUND(AC55+AB56,2)),0) -> 0 | AB56: =IF(AC55>0,ROUND(ROUND(AC55*100,0)*ROUND(AA$7*10000,0)/12000000,0)/100,0) -> 0 | AC56: =IF(AC55>0,ROUND(AC55+AB56-AA56,2),0) -> 0 | AD56: =IF(AF55>0,MIN(ROUND(AD$6+IF(AD$5=$C56,$E$5+$E56,0),2),ROUND(AF55+AE56,2)),0) -> 0 | AE56: =IF(AF55>0,ROUND(ROUND(AF55*100,0)*ROUND(AD$7*10000,0)/12000000,0)/100,0) -> 0 | AF56: =IF(AF55>0,ROUND(AF55+AE56-AD56,2),0) -> 0 | AG56: =IF(AI55>0,MIN(ROUND(AG$6+IF(AG$5=$C56,$E$5+$E56,0),2),ROUND(AI55+AH56,2)),0) -> 0 | AH56: =IF(AI55>0,ROUND(ROUND(AI55*100,0)*ROUND(AG$7*10000,0)/12000000,0)/100,0) -> 0 | AI56: =IF(AI55>0,ROUND(AI55+AH56-AG56,2),0) -> 0 | AJ56: =IF(AL55>0,MIN(ROUND(AJ$6+IF(AJ$5=$C56,$E$5+$E56,0),2),ROUND(AL55+AK56,2)),0) -> 0 | AK56: =IF(AL55>0,ROUND(ROUND(AL55*100,0)*ROUND(AJ$7*10000,0)/12000000,0)/100,0) -> 0 | AL56: =IF(AL55>0,ROUND(AL55+AK56-AJ56,2),0) -> 0
A57: =IF(F57>0,47,"") | B57: =IF(F57>0,EDATE($E$6,47),"") | C57: =IF(H56>0,MIN(IF(K56>0,I$5,99),IF(N56>0,L$5,99),IF(Q56>0,O$5,99),IF(T56>0,R$5,99),IF(W56>0,U$5,99),IF(Z56>0,X$5,99),IF(AC56>0,AA$5,99),IF(AF56>0,AD$5,99),IF(AI56>0,AG$5,99),IF(AL56>0,AJ$5,99)),0) -> 0 | D57: =IF(C57>0,INDEX($I$4:$AL$4,1,MATCH(C57,$I$5:$AL$5,0)),"") | E57: =ROUND(IF(AND(I$8>0,K56=0),I$6,0)+IF(AND(L$8>0,N56=0),L$6,0)+IF(AND(O$8>0,Q56=0),O$6,0)+IF(AND(R$8>0,T56=0),R$6,0)+IF(AND(U$8>0,W56=0),U$6,0)+IF(AND(X$8>0,Z56=0),X$6,0)+IF(AND(AA$8>0,AC56=0),AA$6,0)+IF(AND(AD$8>0,AF56=0),AD$6,0)+IF(AND(AG$8>0,AI56=0),AG$6,0)+IF(AND(AJ$8>0,AL56=0),AJ$6,0),2) -> 330 | F57: =ROUND(I57+L57+O57+R57+U57+X57+AA57+AD57+AG57+AJ57,2) -> 0 | G57: =ROUND(J57+M57+P57+S57+V57+Y57+AB57+AE57+AH57+AK57,2) -> 0 | H57: =ROUND(K57+N57+Q57+T57+W57+Z57+AC57+AF57+AI57+AL57,2) -> 0 | I57: =IF(K56>0,MIN(ROUND(I$6+IF(I$5=$C57,$E$5+$E57,0),2),ROUND(K56+J57,2)),0) -> 0 | J57: =IF(K56>0,ROUND(ROUND(K56*100,0)*ROUND(I$7*10000,0)/12000000,0)/100,0) -> 0 | K57: =IF(K56>0,ROUND(K56+J57-I57,2),0) -> 0 | L57: =IF(N56>0,MIN(ROUND(L$6+IF(L$5=$C57,$E$5+$E57,0),2),ROUND(N56+M57,2)),0) -> 0 | M57: =IF(N56>0,ROUND(ROUND(N56*100,0)*ROUND(L$7*10000,0)/12000000,0)/100,0) -> 0 | N57: =IF(N56>0,ROUND(N56+M57-L57,2),0) -> 0 | O57: =IF(Q56>0,MIN(ROUND(O$6+IF(O$5=$C57,$E$5+$E57,0),2),ROUND(Q56+P57,2)),0) -> 0 | P57: =IF(Q56>0,ROUND(ROUND(Q56*100,0)*ROUND(O$7*10000,0)/12000000,0)/100,0) -> 0 | Q57: =IF(Q56>0,ROUND(Q56+P57-O57,2),0) -> 0 | R57: =IF(T56>0,MIN(ROUND(R$6+IF(R$5=$C57,$E$5+$E57,0),2),ROUND(T56+S57,2)),0) -> 0 | S57: =IF(T56>0,ROUND(ROUND(T56*100,0)*ROUND(R$7*10000,0)/12000000,0)/100,0) -> 0 | T57: =IF(T56>0,ROUND(T56+S57-R57,2),0) -> 0 | U57: =IF(W56>0,MIN(ROUND(U$6+IF(U$5=$C57,$E$5+$E57,0),2),ROUND(W56+V57,2)),0) -> 0 | V57: =IF(W56>0,ROUND(ROUND(W56*100,0)*ROUND(U$7*10000,0)/12000000,0)/100,0) -> 0 | W57: =IF(W56>0,ROUND(W56+V57-U57,2),0) -> 0 | X57: =IF(Z56>0,MIN(ROUND(X$6+IF(X$5=$C57,$E$5+$E57,0),2),ROUND(Z56+Y57,2)),0) -> 0 | Y57: =IF(Z56>0,ROUND(ROUND(Z56*100,0)*ROUND(X$7*10000,0)/12000000,0)/100,0) -> 0 | Z57: =IF(Z56>0,ROUND(Z56+Y57-X57,2),0) -> 0 | AA57: =IF(AC56>0,MIN(ROUND(AA$6+IF(AA$5=$C57,$E$5+$E57,0),2),ROUND(AC56+AB57,2)),0) -> 0 | AB57: =IF(AC56>0,ROUND(ROUND(AC56*100,0)*ROUND(AA$7*10000,0)/12000000,0)/100,0) -> 0 | AC57: =IF(AC56>0,ROUND(AC56+AB57-AA57,2),0) -> 0 | AD57: =IF(AF56>0,MIN(ROUND(AD$6+IF(AD$5=$C57,$E$5+$E57,0),2),ROUND(AF56+AE57,2)),0) -> 0 | AE57: =IF(AF56>0,ROUND(ROUND(AF56*100,0)*ROUND(AD$7*10000,0)/12000000,0)/100,0) -> 0 | AF57: =IF(AF56>0,ROUND(AF56+AE57-AD57,2),0) -> 0 | AG57: =IF(AI56>0,MIN(ROUND(AG$6+IF(AG$5=$C57,$E$5+$E57,0),2),ROUND(AI56+AH57,2)),0) -> 0 | AH57: =IF(AI56>0,ROUND(ROUND(AI56*100,0)*ROUND(AG$7*10000,0)/12000000,0)/100,0) -> 0 | AI57: =IF(AI56>0,ROUND(AI56+AH57-AG57,2),0) -> 0 | AJ57: =IF(AL56>0,MIN(ROUND(AJ$6+IF(AJ$5=$C57,$E$5+$E57,0),2),ROUND(AL56+AK57,2)),0) -> 0 | AK57: =IF(AL56>0,ROUND(ROUND(AL56*100,0)*ROUND(AJ$7*10000,0)/12000000,0)/100,0) -> 0 | AL57: =IF(AL56>0,ROUND(AL56+AK57-AJ57,2),0) -> 0
A58: =IF(F58>0,48,"") | B58: =IF(F58>0,EDATE($E$6,48),"") | C58: =IF(H57>0,MIN(IF(K57>0,I$5,99),IF(N57>0,L$5,99),IF(Q57>0,O$5,99),IF(T57>0,R$5,99),IF(W57>0,U$5,99),IF(Z57>0,X$5,99),IF(AC57>0,AA$5,99),IF(AF57>0,AD$5,99),IF(AI57>0,AG$5,99),IF(AL57>0,AJ$5,99)),0) -> 0 | D58: =IF(C58>0,INDEX($I$4:$AL$4,1,MATCH(C58,$I$5:$AL$5,0)),"") | E58: =ROUND(IF(AND(I$8>0,K57=0),I$6,0)+IF(AND(L$8>0,N57=0),L$6,0)+IF(AND(O$8>0,Q57=0),O$6,0)+IF(AND(R$8>0,T57=0),R$6,0)+IF(AND(U$8>0,W57=0),U$6,0)+IF(AND(X$8>0,Z57=0),X$6,0)+IF(AND(AA$8>0,AC57=0),AA$6,0)+IF(AND(AD$8>0,AF57=0),AD$6,0)+IF(AND(AG$8>0,AI57=0),AG$6,0)+IF(AND(AJ$8>0,AL57=0),AJ$6,0),2) -> 330 | F58: =ROUND(I58+L58+O58+R58+U58+X58+AA58+AD58+AG58+AJ58,2) -> 0 | G58: =ROUND(J58+M58+P58+S58+V58+Y58+AB58+AE58+AH58+AK58,2) -> 0 | H58: =ROUND(K58+N58+Q58+T58+W58+Z58+AC58+AF58+AI58+AL58,2) -> 0 | I58: =IF(K57>0,MIN(ROUND(I$6+IF(I$5=$C58,$E$5+$E58,0),2),ROUND(K57+J58,2)),0) -> 0 | J58: =IF(K57>0,ROUND(ROUND(K57*100,0)*ROUND(I$7*10000,0)/12000000,0)/100,0) -> 0 | K58: =IF(K57>0,ROUND(K57+J58-I58,2),0) -> 0 | L58: =IF(N57>0,MIN(ROUND(L$6+IF(L$5=$C58,$E$5+$E58,0),2),ROUND(N57+M58,2)),0) -> 0 | M58: =IF(N57>0,ROUND(ROUND(N57*100,0)*ROUND(L$7*10000,0)/12000000,0)/100,0) -> 0 | N58: =IF(N57>0,ROUND(N57+M58-L58,2),0) -> 0 | O58: =IF(Q57>0,MIN(ROUND(O$6+IF(O$5=$C58,$E$5+$E58,0),2),ROUND(Q57+P58,2)),0) -> 0 | P58: =IF(Q57>0,ROUND(ROUND(Q57*100,0)*ROUND(O$7*10000,0)/12000000,0)/100,0) -> 0 | Q58: =IF(Q57>0,ROUND(Q57+P58-O58,2),0) -> 0 | R58: =IF(T57>0,MIN(ROUND(R$6+IF(R$5=$C58,$E$5+$E58,0),2),ROUND(T57+S58,2)),0) -> 0 | S58: =IF(T57>0,ROUND(ROUND(T57*100,0)*ROUND(R$7*10000,0)/12000000,0)/100,0) -> 0 | T58: =IF(T57>0,ROUND(T57+S58-R58,2),0) -> 0 | U58: =IF(W57>0,MIN(ROUND(U$6+IF(U$5=$C58,$E$5+$E58,0),2),ROUND(W57+V58,2)),0) -> 0 | V58: =IF(W57>0,ROUND(ROUND(W57*100,0)*ROUND(U$7*10000,0)/12000000,0)/100,0) -> 0 | W58: =IF(W57>0,ROUND(W57+V58-U58,2),0) -> 0 | X58: =IF(Z57>0,MIN(ROUND(X$6+IF(X$5=$C58,$E$5+$E58,0),2),ROUND(Z57+Y58,2)),0) -> 0 | Y58: =IF(Z57>0,ROUND(ROUND(Z57*100,0)*ROUND(X$7*10000,0)/12000000,0)/100,0) -> 0 | Z58: =IF(Z57>0,ROUND(Z57+Y58-X58,2),0) -> 0 | AA58: =IF(AC57>0,MIN(ROUND(AA$6+IF(AA$5=$C58,$E$5+$E58,0),2),ROUND(AC57+AB58,2)),0) -> 0 | AB58: =IF(AC57>0,ROUND(ROUND(AC57*100,0)*ROUND(AA$7*10000,0)/12000000,0)/100,0) -> 0 | AC58: =IF(AC57>0,ROUND(AC57+AB58-AA58,2),0) -> 0 | AD58: =IF(AF57>0,MIN(ROUND(AD$6+IF(AD$5=$C58,$E$5+$E58,0),2),ROUND(AF57+AE58,2)),0) -> 0 | AE58: =IF(AF57>0,ROUND(ROUND(AF57*100,0)*ROUND(AD$7*10000,0)/12000000,0)/100,0) -> 0 | AF58: =IF(AF57>0,ROUND(AF57+AE58-AD58,2),0) -> 0 | AG58: =IF(AI57>0,MIN(ROUND(AG$6+IF(AG$5=$C58,$E$5+$E58,0),2),ROUND(AI57+AH58,2)),0) -> 0 | AH58: =IF(AI57>0,ROUND(ROUND(AI57*100,0)*ROUND(AG$7*10000,0)/12000000,0)/100,0) -> 0 | AI58: =IF(AI57>0,ROUND(AI57+AH58-AG58,2),0) -> 0 | AJ58: =IF(AL57>0,MIN(ROUND(AJ$6+IF(AJ$5=$C58,$E$5+$E58,0),2),ROUND(AL57+AK58,2)),0) -> 0 | AK58: =IF(AL57>0,ROUND(ROUND(AL57*100,0)*ROUND(AJ$7*10000,0)/12000000,0)/100,0) -> 0 | AL58: =IF(AL57>0,ROUND(AL57+AK58-AJ58,2),0) -> 0
A59: =IF(F59>0,49,"") | B59: =IF(F59>0,EDATE($E$6,49),"") | C59: =IF(H58>0,MIN(IF(K58>0,I$5,99),IF(N58>0,L$5,99),IF(Q58>0,O$5,99),IF(T58>0,R$5,99),IF(W58>0,U$5,99),IF(Z58>0,X$5,99),IF(AC58>0,AA$5,99),IF(AF58>0,AD$5,99),IF(AI58>0,AG$5,99),IF(AL58>0,AJ$5,99)),0) -> 0 | D59: =IF(C59>0,INDEX($I$4:$AL$4,1,MATCH(C59,$I$5:$AL$5,0)),"") | E59: =ROUND(IF(AND(I$8>0,K58=0),I$6,0)+IF(AND(L$8>0,N58=0),L$6,0)+IF(AND(O$8>0,Q58=0),O$6,0)+IF(AND(R$8>0,T58=0),R$6,0)+IF(AND(U$8>0,W58=0),U$6,0)+IF(AND(X$8>0,Z58=0),X$6,0)+IF(AND(AA$8>0,AC58=0),AA$6,0)+IF(AND(AD$8>0,AF58=0),AD$6,0)+IF(AND(AG$8>0,AI58=0),AG$6,0)+IF(AND(AJ$8>0,AL58=0),AJ$6,0),2) -> 330 | F59: =ROUND(I59+L59+O59+R59+U59+X59+AA59+AD59+AG59+AJ59,2) -> 0 | G59: =ROUND(J59+M59+P59+S59+V59+Y59+AB59+AE59+AH59+AK59,2) -> 0 | H59: =ROUND(K59+N59+Q59+T59+W59+Z59+AC59+AF59+AI59+AL59,2) -> 0 | I59: =IF(K58>0,MIN(ROUND(I$6+IF(I$5=$C59,$E$5+$E59,0),2),ROUND(K58+J59,2)),0) -> 0 | J59: =IF(K58>0,ROUND(ROUND(K58*100,0)*ROUND(I$7*10000,0)/12000000,0)/100,0) -> 0 | K59: =IF(K58>0,ROUND(K58+J59-I59,2),0) -> 0 | L59: =IF(N58>0,MIN(ROUND(L$6+IF(L$5=$C59,$E$5+$E59,0),2),ROUND(N58+M59,2)),0) -> 0 | M59: =IF(N58>0,ROUND(ROUND(N58*100,0)*ROUND(L$7*10000,0)/12000000,0)/100,0) -> 0 | N59: =IF(N58>0,ROUND(N58+M59-L59,2),0) -> 0 | O59: =IF(Q58>0,MIN(ROUND(O$6+IF(O$5=$C59,$E$5+$E59,0),2),ROUND(Q58+P59,2)),0) -> 0 | P59: =IF(Q58>0,ROUND(ROUND(Q58*100,0)*ROUND(O$7*10000,0)/12000000,0)/100,0) -> 0 | Q59: =IF(Q58>0,ROUND(Q58+P59-O59,2),0) -> 0 | R59: =IF(T58>0,MIN(ROUND(R$6+IF(R$5=$C59,$E$5+$E59,0),2),ROUND(T58+S59,2)),0) -> 0 | S59: =IF(T58>0,ROUND(ROUND(T58*100,0)*ROUND(R$7*10000,0)/12000000,0)/100,0) -> 0 | T59: =IF(T58>0,ROUND(T58+S59-R59,2),0) -> 0 | U59: =IF(W58>0,MIN(ROUND(U$6+IF(U$5=$C59,$E$5+$E59,0),2),ROUND(W58+V59,2)),0) -> 0 | V59: =IF(W58>0,ROUND(ROUND(W58*100,0)*ROUND(U$7*10000,0)/12000000,0)/100,0) -> 0 | W59: =IF(W58>0,ROUND(W58+V59-U59,2),0) -> 0 | X59: =IF(Z58>0,MIN(ROUND(X$6+IF(X$5=$C59,$E$5+$E59,0),2),ROUND(Z58+Y59,2)),0) -> 0 | Y59: =IF(Z58>0,ROUND(ROUND(Z58*100,0)*ROUND(X$7*10000,0)/12000000,0)/100,0) -> 0 | Z59: =IF(Z58>0,ROUND(Z58+Y59-X59,2),0) -> 0 | AA59: =IF(AC58>0,MIN(ROUND(AA$6+IF(AA$5=$C59,$E$5+$E59,0),2),ROUND(AC58+AB59,2)),0) -> 0 | AB59: =IF(AC58>0,ROUND(ROUND(AC58*100,0)*ROUND(AA$7*10000,0)/12000000,0)/100,0) -> 0 | AC59: =IF(AC58>0,ROUND(AC58+AB59-AA59,2),0) -> 0 | AD59: =IF(AF58>0,MIN(ROUND(AD$6+IF(AD$5=$C59,$E$5+$E59,0),2),ROUND(AF58+AE59,2)),0) -> 0 | AE59: =IF(AF58>0,ROUND(ROUND(AF58*100,0)*ROUND(AD$7*10000,0)/12000000,0)/100,0) -> 0 | AF59: =IF(AF58>0,ROUND(AF58+AE59-AD59,2),0) -> 0 | AG59: =IF(AI58>0,MIN(ROUND(AG$6+IF(AG$5=$C59,$E$5+$E59,0),2),ROUND(AI58+AH59,2)),0) -> 0 | AH59: =IF(AI58>0,ROUND(ROUND(AI58*100,0)*ROUND(AG$7*10000,0)/12000000,0)/100,0) -> 0 | AI59: =IF(AI58>0,ROUND(AI58+AH59-AG59,2),0) -> 0 | AJ59: =IF(AL58>0,MIN(ROUND(AJ$6+IF(AJ$5=$C59,$E$5+$E59,0),2),ROUND(AL58+AK59,2)),0) -> 0 | AK59: =IF(AL58>0,ROUND(ROUND(AL58*100,0)*ROUND(AJ$7*10000,0)/12000000,0)/100,0) -> 0 | AL59: =IF(AL58>0,ROUND(AL58+AK59-AJ59,2),0) -> 0
A60: =IF(F60>0,50,"") | B60: =IF(F60>0,EDATE($E$6,50),"") | C60: =IF(H59>0,MIN(IF(K59>0,I$5,99),IF(N59>0,L$5,99),IF(Q59>0,O$5,99),IF(T59>0,R$5,99),IF(W59>0,U$5,99),IF(Z59>0,X$5,99),IF(AC59>0,AA$5,99),IF(AF59>0,AD$5,99),IF(AI59>0,AG$5,99),IF(AL59>0,AJ$5,99)),0) -> 0 | D60: =IF(C60>0,INDEX($I$4:$AL$4,1,MATCH(C60,$I$5:$AL$5,0)),"") | E60: =ROUND(IF(AND(I$8>0,K59=0),I$6,0)+IF(AND(L$8>0,N59=0),L$6,0)+IF(AND(O$8>0,Q59=0),O$6,0)+IF(AND(R$8>0,T59=0),R$6,0)+IF(AND(U$8>0,W59=0),U$6,0)+IF(AND(X$8>0,Z59=0),X$6,0)+IF(AND(AA$8>0,AC59=0),AA$6,0)+IF(AND(AD$8>0,AF59=0),AD$6,0)+IF(AND(AG$8>0,AI59=0),AG$6,0)+IF(AND(AJ$8>0,AL59=0),AJ$6,0),2) -> 330 | F60: =ROUND(I60+L60+O60+R60+U60+X60+AA60+AD60+AG60+AJ60,2) -> 0 | G60: =ROUND(J60+M60+P60+S60+V60+Y60+AB60+AE60+AH60+AK60,2) -> 0 | H60: =ROUND(K60+N60+Q60+T60+W60+Z60+AC60+AF60+AI60+AL60,2) -> 0 | I60: =IF(K59>0,MIN(ROUND(I$6+IF(I$5=$C60,$E$5+$E60,0),2),ROUND(K59+J60,2)),0) -> 0 | J60: =IF(K59>0,ROUND(ROUND(K59*100,0)*ROUND(I$7*10000,0)/12000000,0)/100,0) -> 0 | K60: =IF(K59>0,ROUND(K59+J60-I60,2),0) -> 0 | L60: =IF(N59>0,MIN(ROUND(L$6+IF(L$5=$C60,$E$5+$E60,0),2),ROUND(N59+M60,2)),0) -> 0 | M60: =IF(N59>0,ROUND(ROUND(N59*100,0)*ROUND(L$7*10000,0)/12000000,0)/100,0) -> 0 | N60: =IF(N59>0,ROUND(N59+M60-L60,2),0) -> 0 | O60: =IF(Q59>0,MIN(ROUND(O$6+IF(O$5=$C60,$E$5+$E60,0),2),ROUND(Q59+P60,2)),0) -> 0 | P60: =IF(Q59>0,ROUND(ROUND(Q59*100,0)*ROUND(O$7*10000,0)/12000000,0)/100,0) -> 0 | Q60: =IF(Q59>0,ROUND(Q59+P60-O60,2),0) -> 0 | R60: =IF(T59>0,MIN(ROUND(R$6+IF(R$5=$C60,$E$5+$E60,0),2),ROUND(T59+S60,2)),0) -> 0 | S60: =IF(T59>0,ROUND(ROUND(T59*100,0)*ROUND(R$7*10000,0)/12000000,0)/100,0) -> 0 | T60: =IF(T59>0,ROUND(T59+S60-R60,2),0) -> 0 | U60: =IF(W59>0,MIN(ROUND(U$6+IF(U$5=$C60,$E$5+$E60,0),2),ROUND(W59+V60,2)),0) -> 0 | V60: =IF(W59>0,ROUND(ROUND(W59*100,0)*ROUND(U$7*10000,0)/12000000,0)/100,0) -> 0 | W60: =IF(W59>0,ROUND(W59+V60-U60,2),0) -> 0 | X60: =IF(Z59>0,MIN(ROUND(X$6+IF(X$5=$C60,$E$5+$E60,0),2),ROUND(Z59+Y60,2)),0) -> 0 | Y60: =IF(Z59>0,ROUND(ROUND(Z59*100,0)*ROUND(X$7*10000,0)/12000000,0)/100,0) -> 0 | Z60: =IF(Z59>0,ROUND(Z59+Y60-X60,2),0) -> 0 | AA60: =IF(AC59>0,MIN(ROUND(AA$6+IF(AA$5=$C60,$E$5+$E60,0),2),ROUND(AC59+AB60,2)),0) -> 0 | AB60: =IF(AC59>0,ROUND(ROUND(AC59*100,0)*ROUND(AA$7*10000,0)/12000000,0)/100,0) -> 0 | AC60: =IF(AC59>0,ROUND(AC59+AB60-AA60,2),0) -> 0 | AD60: =IF(AF59>0,MIN(ROUND(AD$6+IF(AD$5=$C60,$E$5+$E60,0),2),ROUND(AF59+AE60,2)),0) -> 0 | AE60: =IF(AF59>0,ROUND(ROUND(AF59*100,0)*ROUND(AD$7*10000,0)/12000000,0)/100,0) -> 0 | AF60: =IF(AF59>0,ROUND(AF59+AE60-AD60,2),0) -> 0 | AG60: =IF(AI59>0,MIN(ROUND(AG$6+IF(AG$5=$C60,$E$5+$E60,0),2),ROUND(AI59+AH60,2)),0) -> 0 | AH60: =IF(AI59>0,ROUND(ROUND(AI59*100,0)*ROUND(AG$7*10000,0)/12000000,0)/100,0) -> 0 | AI60: =IF(AI59>0,ROUND(AI59+AH60-AG60,2),0) -> 0 | AJ60: =IF(AL59>0,MIN(ROUND(AJ$6+IF(AJ$5=$C60,$E$5+$E60,0),2),ROUND(AL59+AK60,2)),0) -> 0 | AK60: =IF(AL59>0,ROUND(ROUND(AL59*100,0)*ROUND(AJ$7*10000,0)/12000000,0)/100,0) -> 0 | AL60: =IF(AL59>0,ROUND(AL59+AK60-AJ60,2),0) -> 0
A61: =IF(F61>0,51,"") | B61: =IF(F61>0,EDATE($E$6,51),"") | C61: =IF(H60>0,MIN(IF(K60>0,I$5,99),IF(N60>0,L$5,99),IF(Q60>0,O$5,99),IF(T60>0,R$5,99),IF(W60>0,U$5,99),IF(Z60>0,X$5,99),IF(AC60>0,AA$5,99),IF(AF60>0,AD$5,99),IF(AI60>0,AG$5,99),IF(AL60>0,AJ$5,99)),0) -> 0 | D61: =IF(C61>0,INDEX($I$4:$AL$4,1,MATCH(C61,$I$5:$AL$5,0)),"") | E61: =ROUND(IF(AND(I$8>0,K60=0),I$6,0)+IF(AND(L$8>0,N60=0),L$6,0)+IF(AND(O$8>0,Q60=0),O$6,0)+IF(AND(R$8>0,T60=0),R$6,0)+IF(AND(U$8>0,W60=0),U$6,0)+IF(AND(X$8>0,Z60=0),X$6,0)+IF(AND(AA$8>0,AC60=0),AA$6,0)+IF(AND(AD$8>0,AF60=0),AD$6,0)+IF(AND(AG$8>0,AI60=0),AG$6,0)+IF(AND(AJ$8>0,AL60=0),AJ$6,0),2) -> 330 | F61: =ROUND(I61+L61+O61+R61+U61+X61+AA61+AD61+AG61+AJ61,2) -> 0 | G61: =ROUND(J61+M61+P61+S61+V61+Y61+AB61+AE61+AH61+AK61,2) -> 0 | H61: =ROUND(K61+N61+Q61+T61+W61+Z61+AC61+AF61+AI61+AL61,2) -> 0 | I61: =IF(K60>0,MIN(ROUND(I$6+IF(I$5=$C61,$E$5+$E61,0),2),ROUND(K60+J61,2)),0) -> 0 | J61: =IF(K60>0,ROUND(ROUND(K60*100,0)*ROUND(I$7*10000,0)/12000000,0)/100,0) -> 0 | K61: =IF(K60>0,ROUND(K60+J61-I61,2),0) -> 0 | L61: =IF(N60>0,MIN(ROUND(L$6+IF(L$5=$C61,$E$5+$E61,0),2),ROUND(N60+M61,2)),0) -> 0 | M61: =IF(N60>0,ROUND(ROUND(N60*100,0)*ROUND(L$7*10000,0)/12000000,0)/100,0) -> 0 | N61: =IF(N60>0,ROUND(N60+M61-L61,2),0) -> 0 | O61: =IF(Q60>0,MIN(ROUND(O$6+IF(O$5=$C61,$E$5+$E61,0),2),ROUND(Q60+P61,2)),0) -> 0 | P61: =IF(Q60>0,ROUND(ROUND(Q60*100,0)*ROUND(O$7*10000,0)/12000000,0)/100,0) -> 0 | Q61: =IF(Q60>0,ROUND(Q60+P61-O61,2),0) -> 0 | R61: =IF(T60>0,MIN(ROUND(R$6+IF(R$5=$C61,$E$5+$E61,0),2),ROUND(T60+S61,2)),0) -> 0 | S61: =IF(T60>0,ROUND(ROUND(T60*100,0)*ROUND(R$7*10000,0)/12000000,0)/100,0) -> 0 | T61: =IF(T60>0,ROUND(T60+S61-R61,2),0) -> 0 | U61: =IF(W60>0,MIN(ROUND(U$6+IF(U$5=$C61,$E$5+$E61,0),2),ROUND(W60+V61,2)),0) -> 0 | V61: =IF(W60>0,ROUND(ROUND(W60*100,0)*ROUND(U$7*10000,0)/12000000,0)/100,0) -> 0 | W61: =IF(W60>0,ROUND(W60+V61-U61,2),0) -> 0 | X61: =IF(Z60>0,MIN(ROUND(X$6+IF(X$5=$C61,$E$5+$E61,0),2),ROUND(Z60+Y61,2)),0) -> 0 | Y61: =IF(Z60>0,ROUND(ROUND(Z60*100,0)*ROUND(X$7*10000,0)/12000000,0)/100,0) -> 0 | Z61: =IF(Z60>0,ROUND(Z60+Y61-X61,2),0) -> 0 | AA61: =IF(AC60>0,MIN(ROUND(AA$6+IF(AA$5=$C61,$E$5+$E61,0),2),ROUND(AC60+AB61,2)),0) -> 0 | AB61: =IF(AC60>0,ROUND(ROUND(AC60*100,0)*ROUND(AA$7*10000,0)/12000000,0)/100,0) -> 0 | AC61: =IF(AC60>0,ROUND(AC60+AB61-AA61,2),0) -> 0 | AD61: =IF(AF60>0,MIN(ROUND(AD$6+IF(AD$5=$C61,$E$5+$E61,0),2),ROUND(AF60+AE61,2)),0) -> 0 | AE61: =IF(AF60>0,ROUND(ROUND(AF60*100,0)*ROUND(AD$7*10000,0)/12000000,0)/100,0) -> 0 | AF61: =IF(AF60>0,ROUND(AF60+AE61-AD61,2),0) -> 0 | AG61: =IF(AI60>0,MIN(ROUND(AG$6+IF(AG$5=$C61,$E$5+$E61,0),2),ROUND(AI60+AH61,2)),0) -> 0 | AH61: =IF(AI60>0,ROUND(ROUND(AI60*100,0)*ROUND(AG$7*10000,0)/12000000,0)/100,0) -> 0 | AI61: =IF(AI60>0,ROUND(AI60+AH61-AG61,2),0) -> 0 | AJ61: =IF(AL60>0,MIN(ROUND(AJ$6+IF(AJ$5=$C61,$E$5+$E61,0),2),ROUND(AL60+AK61,2)),0) -> 0 | AK61: =IF(AL60>0,ROUND(ROUND(AL60*100,0)*ROUND(AJ$7*10000,0)/12000000,0)/100,0) -> 0 | AL61: =IF(AL60>0,ROUND(AL60+AK61-AJ61,2),0) -> 0
A62: =IF(F62>0,52,"") | B62: =IF(F62>0,EDATE($E$6,52),"") | C62: =IF(H61>0,MIN(IF(K61>0,I$5,99),IF(N61>0,L$5,99),IF(Q61>0,O$5,99),IF(T61>0,R$5,99),IF(W61>0,U$5,99),IF(Z61>0,X$5,99),IF(AC61>0,AA$5,99),IF(AF61>0,AD$5,99),IF(AI61>0,AG$5,99),IF(AL61>0,AJ$5,99)),0) -> 0 | D62: =IF(C62>0,INDEX($I$4:$AL$4,1,MATCH(C62,$I$5:$AL$5,0)),"") | E62: =ROUND(IF(AND(I$8>0,K61=0),I$6,0)+IF(AND(L$8>0,N61=0),L$6,0)+IF(AND(O$8>0,Q61=0),O$6,0)+IF(AND(R$8>0,T61=0),R$6,0)+IF(AND(U$8>0,W61=0),U$6,0)+IF(AND(X$8>0,Z61=0),X$6,0)+IF(AND(AA$8>0,AC61=0),AA$6,0)+IF(AND(AD$8>0,AF61=0),AD$6,0)+IF(AND(AG$8>0,AI61=0),AG$6,0)+IF(AND(AJ$8>0,AL61=0),AJ$6,0),2) -> 330 | F62: =ROUND(I62+L62+O62+R62+U62+X62+AA62+AD62+AG62+AJ62,2) -> 0 | G62: =ROUND(J62+M62+P62+S62+V62+Y62+AB62+AE62+AH62+AK62,2) -> 0 | H62: =ROUND(K62+N62+Q62+T62+W62+Z62+AC62+AF62+AI62+AL62,2) -> 0 | I62: =IF(K61>0,MIN(ROUND(I$6+IF(I$5=$C62,$E$5+$E62,0),2),ROUND(K61+J62,2)),0) -> 0 | J62: =IF(K61>0,ROUND(ROUND(K61*100,0)*ROUND(I$7*10000,0)/12000000,0)/100,0) -> 0 | K62: =IF(K61>0,ROUND(K61+J62-I62,2),0) -> 0 | L62: =IF(N61>0,MIN(ROUND(L$6+IF(L$5=$C62,$E$5+$E62,0),2),ROUND(N61+M62,2)),0) -> 0 | M62: =IF(N61>0,ROUND(ROUND(N61*100,0)*ROUND(L$7*10000,0)/12000000,0)/100,0) -> 0 | N62: =IF(N61>0,ROUND(N61+M62-L62,2),0) -> 0 | O62: =IF(Q61>0,MIN(ROUND(O$6+IF(O$5=$C62,$E$5+$E62,0),2),ROUND(Q61+P62,2)),0) -> 0 | P62: =IF(Q61>0,ROUND(ROUND(Q61*100,0)*ROUND(O$7*10000,0)/12000000,0)/100,0) -> 0 | Q62: =IF(Q61>0,ROUND(Q61+P62-O62,2),0) -> 0 | R62: =IF(T61>0,MIN(ROUND(R$6+IF(R$5=$C62,$E$5+$E62,0),2),ROUND(T61+S62,2)),0) -> 0 | S62: =IF(T61>0,ROUND(ROUND(T61*100,0)*ROUND(R$7*10000,0)/12000000,0)/100,0) -> 0 | T62: =IF(T61>0,ROUND(T61+S62-R62,2),0) -> 0 | U62: =IF(W61>0,MIN(ROUND(U$6+IF(U$5=$C62,$E$5+$E62,0),2),ROUND(W61+V62,2)),0) -> 0 | V62: =IF(W61>0,ROUND(ROUND(W61*100,0)*ROUND(U$7*10000,0)/12000000,0)/100,0) -> 0 | W62: =IF(W61>0,ROUND(W61+V62-U62,2),0) -> 0 | X62: =IF(Z61>0,MIN(ROUND(X$6+IF(X$5=$C62,$E$5+$E62,0),2),ROUND(Z61+Y62,2)),0) -> 0 | Y62: =IF(Z61>0,ROUND(ROUND(Z61*100,0)*ROUND(X$7*10000,0)/12000000,0)/100,0) -> 0 | Z62: =IF(Z61>0,ROUND(Z61+Y62-X62,2),0) -> 0 | AA62: =IF(AC61>0,MIN(ROUND(AA$6+IF(AA$5=$C62,$E$5+$E62,0),2),ROUND(AC61+AB62,2)),0) -> 0 | AB62: =IF(AC61>0,ROUND(ROUND(AC61*100,0)*ROUND(AA$7*10000,0)/12000000,0)/100,0) -> 0 | AC62: =IF(AC61>0,ROUND(AC61+AB62-AA62,2),0) -> 0 | AD62: =IF(AF61>0,MIN(ROUND(AD$6+IF(AD$5=$C62,$E$5+$E62,0),2),ROUND(AF61+AE62,2)),0) -> 0 | AE62: =IF(AF61>0,ROUND(ROUND(AF61*100,0)*ROUND(AD$7*10000,0)/12000000,0)/100,0) -> 0 | AF62: =IF(AF61>0,ROUND(AF61+AE62-AD62,2),0) -> 0 | AG62: =IF(AI61>0,MIN(ROUND(AG$6+IF(AG$5=$C62,$E$5+$E62,0),2),ROUND(AI61+AH62,2)),0) -> 0 | AH62: =IF(AI61>0,ROUND(ROUND(AI61*100,0)*ROUND(AG$7*10000,0)/12000000,0)/100,0) -> 0 | AI62: =IF(AI61>0,ROUND(AI61+AH62-AG62,2),0) -> 0 | AJ62: =IF(AL61>0,MIN(ROUND(AJ$6+IF(AJ$5=$C62,$E$5+$E62,0),2),ROUND(AL61+AK62,2)),0) -> 0 | AK62: =IF(AL61>0,ROUND(ROUND(AL61*100,0)*ROUND(AJ$7*10000,0)/12000000,0)/100,0) -> 0 | AL62: =IF(AL61>0,ROUND(AL61+AK62-AJ62,2),0) -> 0
A63: =IF(F63>0,53,"") | B63: =IF(F63>0,EDATE($E$6,53),"") | C63: =IF(H62>0,MIN(IF(K62>0,I$5,99),IF(N62>0,L$5,99),IF(Q62>0,O$5,99),IF(T62>0,R$5,99),IF(W62>0,U$5,99),IF(Z62>0,X$5,99),IF(AC62>0,AA$5,99),IF(AF62>0,AD$5,99),IF(AI62>0,AG$5,99),IF(AL62>0,AJ$5,99)),0) -> 0 | D63: =IF(C63>0,INDEX($I$4:$AL$4,1,MATCH(C63,$I$5:$AL$5,0)),"") | E63: =ROUND(IF(AND(I$8>0,K62=0),I$6,0)+IF(AND(L$8>0,N62=0),L$6,0)+IF(AND(O$8>0,Q62=0),O$6,0)+IF(AND(R$8>0,T62=0),R$6,0)+IF(AND(U$8>0,W62=0),U$6,0)+IF(AND(X$8>0,Z62=0),X$6,0)+IF(AND(AA$8>0,AC62=0),AA$6,0)+IF(AND(AD$8>0,AF62=0),AD$6,0)+IF(AND(AG$8>0,AI62=0),AG$6,0)+IF(AND(AJ$8>0,AL62=0),AJ$6,0),2) -> 330 | F63: =ROUND(I63+L63+O63+R63+U63+X63+AA63+AD63+AG63+AJ63,2) -> 0 | G63: =ROUND(J63+M63+P63+S63+V63+Y63+AB63+AE63+AH63+AK63,2) -> 0 | H63: =ROUND(K63+N63+Q63+T63+W63+Z63+AC63+AF63+AI63+AL63,2) -> 0 | I63: =IF(K62>0,MIN(ROUND(I$6+IF(I$5=$C63,$E$5+$E63,0),2),ROUND(K62+J63,2)),0) -> 0 | J63: =IF(K62>0,ROUND(ROUND(K62*100,0)*ROUND(I$7*10000,0)/12000000,0)/100,0) -> 0 | K63: =IF(K62>0,ROUND(K62+J63-I63,2),0) -> 0 | L63: =IF(N62>0,MIN(ROUND(L$6+IF(L$5=$C63,$E$5+$E63,0),2),ROUND(N62+M63,2)),0) -> 0 | M63: =IF(N62>0,ROUND(ROUND(N62*100,0)*ROUND(L$7*10000,0)/12000000,0)/100,0) -> 0 | N63: =IF(N62>0,ROUND(N62+M63-L63,2),0) -> 0 | O63: =IF(Q62>0,MIN(ROUND(O$6+IF(O$5=$C63,$E$5+$E63,0),2),ROUND(Q62+P63,2)),0) -> 0 | P63: =IF(Q62>0,ROUND(ROUND(Q62*100,0)*ROUND(O$7*10000,0)/12000000,0)/100,0) -> 0 | Q63: =IF(Q62>0,ROUND(Q62+P63-O63,2),0) -> 0 | R63: =IF(T62>0,MIN(ROUND(R$6+IF(R$5=$C63,$E$5+$E63,0),2),ROUND(T62+S63,2)),0) -> 0 | S63: =IF(T62>0,ROUND(ROUND(T62*100,0)*ROUND(R$7*10000,0)/12000000,0)/100,0) -> 0 | T63: =IF(T62>0,ROUND(T62+S63-R63,2),0) -> 0 | U63: =IF(W62>0,MIN(ROUND(U$6+IF(U$5=$C63,$E$5+$E63,0),2),ROUND(W62+V63,2)),0) -> 0 | V63: =IF(W62>0,ROUND(ROUND(W62*100,0)*ROUND(U$7*10000,0)/12000000,0)/100,0) -> 0 | W63: =IF(W62>0,ROUND(W62+V63-U63,2),0) -> 0 | X63: =IF(Z62>0,MIN(ROUND(X$6+IF(X$5=$C63,$E$5+$E63,0),2),ROUND(Z62+Y63,2)),0) -> 0 | Y63: =IF(Z62>0,ROUND(ROUND(Z62*100,0)*ROUND(X$7*10000,0)/12000000,0)/100,0) -> 0 | Z63: =IF(Z62>0,ROUND(Z62+Y63-X63,2),0) -> 0 | AA63: =IF(AC62>0,MIN(ROUND(AA$6+IF(AA$5=$C63,$E$5+$E63,0),2),ROUND(AC62+AB63,2)),0) -> 0 | AB63: =IF(AC62>0,ROUND(ROUND(AC62*100,0)*ROUND(AA$7*10000,0)/12000000,0)/100,0) -> 0 | AC63: =IF(AC62>0,ROUND(AC62+AB63-AA63,2),0) -> 0 | AD63: =IF(AF62>0,MIN(ROUND(AD$6+IF(AD$5=$C63,$E$5+$E63,0),2),ROUND(AF62+AE63,2)),0) -> 0 | AE63: =IF(AF62>0,ROUND(ROUND(AF62*100,0)*ROUND(AD$7*10000,0)/12000000,0)/100,0) -> 0 | AF63: =IF(AF62>0,ROUND(AF62+AE63-AD63,2),0) -> 0 | AG63: =IF(AI62>0,MIN(ROUND(AG$6+IF(AG$5=$C63,$E$5+$E63,0),2),ROUND(AI62+AH63,2)),0) -> 0 | AH63: =IF(AI62>0,ROUND(ROUND(AI62*100,0)*ROUND(AG$7*10000,0)/12000000,0)/100,0) -> 0 | AI63: =IF(AI62>0,ROUND(AI62+AH63-AG63,2),0) -> 0 | AJ63: =IF(AL62>0,MIN(ROUND(AJ$6+IF(AJ$5=$C63,$E$5+$E63,0),2),ROUND(AL62+AK63,2)),0) -> 0 | AK63: =IF(AL62>0,ROUND(ROUND(AL62*100,0)*ROUND(AJ$7*10000,0)/12000000,0)/100,0) -> 0 | AL63: =IF(AL62>0,ROUND(AL62+AK63-AJ63,2),0) -> 0
A64: =IF(F64>0,54,"") | B64: =IF(F64>0,EDATE($E$6,54),"") | C64: =IF(H63>0,MIN(IF(K63>0,I$5,99),IF(N63>0,L$5,99),IF(Q63>0,O$5,99),IF(T63>0,R$5,99),IF(W63>0,U$5,99),IF(Z63>0,X$5,99),IF(AC63>0,AA$5,99),IF(AF63>0,AD$5,99),IF(AI63>0,AG$5,99),IF(AL63>0,AJ$5,99)),0) -> 0 | D64: =IF(C64>0,INDEX($I$4:$AL$4,1,MATCH(C64,$I$5:$AL$5,0)),"") | E64: =ROUND(IF(AND(I$8>0,K63=0),I$6,0)+IF(AND(L$8>0,N63=0),L$6,0)+IF(AND(O$8>0,Q63=0),O$6,0)+IF(AND(R$8>0,T63=0),R$6,0)+IF(AND(U$8>0,W63=0),U$6,0)+IF(AND(X$8>0,Z63=0),X$6,0)+IF(AND(AA$8>0,AC63=0),AA$6,0)+IF(AND(AD$8>0,AF63=0),AD$6,0)+IF(AND(AG$8>0,AI63=0),AG$6,0)+IF(AND(AJ$8>0,AL63=0),AJ$6,0),2) -> 330 | F64: =ROUND(I64+L64+O64+R64+U64+X64+AA64+AD64+AG64+AJ64,2) -> 0 | G64: =ROUND(J64+M64+P64+S64+V64+Y64+AB64+AE64+AH64+AK64,2) -> 0 | H64: =ROUND(K64+N64+Q64+T64+W64+Z64+AC64+AF64+AI64+AL64,2) -> 0 | I64: =IF(K63>0,MIN(ROUND(I$6+IF(I$5=$C64,$E$5+$E64,0),2),ROUND(K63+J64,2)),0) -> 0 | J64: =IF(K63>0,ROUND(ROUND(K63*100,0)*ROUND(I$7*10000,0)/12000000,0)/100,0) -> 0 | K64: =IF(K63>0,ROUND(K63+J64-I64,2),0) -> 0 | L64: =IF(N63>0,MIN(ROUND(L$6+IF(L$5=$C64,$E$5+$E64,0),2),ROUND(N63+M64,2)),0) -> 0 | M64: =IF(N63>0,ROUND(ROUND(N63*100,0)*ROUND(L$7*10000,0)/12000000,0)/100,0) -> 0 | N64: =IF(N63>0,ROUND(N63+M64-L64,2),0) -> 0 | O64: =IF(Q63>0,MIN(ROUND(O$6+IF(O$5=$C64,$E$5+$E64,0),2),ROUND(Q63+P64,2)),0) -> 0 | P64: =IF(Q63>0,ROUND(ROUND(Q63*100,0)*ROUND(O$7*10000,0)/12000000,0)/100,0) -> 0 | Q64: =IF(Q63>0,ROUND(Q63+P64-O64,2),0) -> 0 | R64: =IF(T63>0,MIN(ROUND(R$6+IF(R$5=$C64,$E$5+$E64,0),2),ROUND(T63+S64,2)),0) -> 0 | S64: =IF(T63>0,ROUND(ROUND(T63*100,0)*ROUND(R$7*10000,0)/12000000,0)/100,0) -> 0 | T64: =IF(T63>0,ROUND(T63+S64-R64,2),0) -> 0 | U64: =IF(W63>0,MIN(ROUND(U$6+IF(U$5=$C64,$E$5+$E64,0),2),ROUND(W63+V64,2)),0) -> 0 | V64: =IF(W63>0,ROUND(ROUND(W63*100,0)*ROUND(U$7*10000,0)/12000000,0)/100,0) -> 0 | W64: =IF(W63>0,ROUND(W63+V64-U64,2),0) -> 0 | X64: =IF(Z63>0,MIN(ROUND(X$6+IF(X$5=$C64,$E$5+$E64,0),2),ROUND(Z63+Y64,2)),0) -> 0 | Y64: =IF(Z63>0,ROUND(ROUND(Z63*100,0)*ROUND(X$7*10000,0)/12000000,0)/100,0) -> 0 | Z64: =IF(Z63>0,ROUND(Z63+Y64-X64,2),0) -> 0 | AA64: =IF(AC63>0,MIN(ROUND(AA$6+IF(AA$5=$C64,$E$5+$E64,0),2),ROUND(AC63+AB64,2)),0) -> 0 | AB64: =IF(AC63>0,ROUND(ROUND(AC63*100,0)*ROUND(AA$7*10000,0)/12000000,0)/100,0) -> 0 | AC64: =IF(AC63>0,ROUND(AC63+AB64-AA64,2),0) -> 0 | AD64: =IF(AF63>0,MIN(ROUND(AD$6+IF(AD$5=$C64,$E$5+$E64,0),2),ROUND(AF63+AE64,2)),0) -> 0 | AE64: =IF(AF63>0,ROUND(ROUND(AF63*100,0)*ROUND(AD$7*10000,0)/12000000,0)/100,0) -> 0 | AF64: =IF(AF63>0,ROUND(AF63+AE64-AD64,2),0) -> 0 | AG64: =IF(AI63>0,MIN(ROUND(AG$6+IF(AG$5=$C64,$E$5+$E64,0),2),ROUND(AI63+AH64,2)),0) -> 0 | AH64: =IF(AI63>0,ROUND(ROUND(AI63*100,0)*ROUND(AG$7*10000,0)/12000000,0)/100,0) -> 0 | AI64: =IF(AI63>0,ROUND(AI63+AH64-AG64,2),0) -> 0 | AJ64: =IF(AL63>0,MIN(ROUND(AJ$6+IF(AJ$5=$C64,$E$5+$E64,0),2),ROUND(AL63+AK64,2)),0) -> 0 | AK64: =IF(AL63>0,ROUND(ROUND(AL63*100,0)*ROUND(AJ$7*10000,0)/12000000,0)/100,0) -> 0 | AL64: =IF(AL63>0,ROUND(AL63+AK64-AJ64,2),0) -> 0
A65: =IF(F65>0,55,"") | B65: =IF(F65>0,EDATE($E$6,55),"") | C65: =IF(H64>0,MIN(IF(K64>0,I$5,99),IF(N64>0,L$5,99),IF(Q64>0,O$5,99),IF(T64>0,R$5,99),IF(W64>0,U$5,99),IF(Z64>0,X$5,99),IF(AC64>0,AA$5,99),IF(AF64>0,AD$5,99),IF(AI64>0,AG$5,99),IF(AL64>0,AJ$5,99)),0) -> 0 | D65: =IF(C65>0,INDEX($I$4:$AL$4,1,MATCH(C65,$I$5:$AL$5,0)),"") | E65: =ROUND(IF(AND(I$8>0,K64=0),I$6,0)+IF(AND(L$8>0,N64=0),L$6,0)+IF(AND(O$8>0,Q64=0),O$6,0)+IF(AND(R$8>0,T64=0),R$6,0)+IF(AND(U$8>0,W64=0),U$6,0)+IF(AND(X$8>0,Z64=0),X$6,0)+IF(AND(AA$8>0,AC64=0),AA$6,0)+IF(AND(AD$8>0,AF64=0),AD$6,0)+IF(AND(AG$8>0,AI64=0),AG$6,0)+IF(AND(AJ$8>0,AL64=0),AJ$6,0),2) -> 330 | F65: =ROUND(I65+L65+O65+R65+U65+X65+AA65+AD65+AG65+AJ65,2) -> 0 | G65: =ROUND(J65+M65+P65+S65+V65+Y65+AB65+AE65+AH65+AK65,2) -> 0 | H65: =ROUND(K65+N65+Q65+T65+W65+Z65+AC65+AF65+AI65+AL65,2) -> 0 | I65: =IF(K64>0,MIN(ROUND(I$6+IF(I$5=$C65,$E$5+$E65,0),2),ROUND(K64+J65,2)),0) -> 0 | J65: =IF(K64>0,ROUND(ROUND(K64*100,0)*ROUND(I$7*10000,0)/12000000,0)/100,0) -> 0 | K65: =IF(K64>0,ROUND(K64+J65-I65,2),0) -> 0 | L65: =IF(N64>0,MIN(ROUND(L$6+IF(L$5=$C65,$E$5+$E65,0),2),ROUND(N64+M65,2)),0) -> 0 | M65: =IF(N64>0,ROUND(ROUND(N64*100,0)*ROUND(L$7*10000,0)/12000000,0)/100,0) -> 0 | N65: =IF(N64>0,ROUND(N64+M65-L65,2),0) -> 0 | O65: =IF(Q64>0,MIN(ROUND(O$6+IF(O$5=$C65,$E$5+$E65,0),2),ROUND(Q64+P65,2)),0) -> 0 | P65: =IF(Q64>0,ROUND(ROUND(Q64*100,0)*ROUND(O$7*10000,0)/12000000,0)/100,0) -> 0 | Q65: =IF(Q64>0,ROUND(Q64+P65-O65,2),0) -> 0 | R65: =IF(T64>0,MIN(ROUND(R$6+IF(R$5=$C65,$E$5+$E65,0),2),ROUND(T64+S65,2)),0) -> 0 | S65: =IF(T64>0,ROUND(ROUND(T64*100,0)*ROUND(R$7*10000,0)/12000000,0)/100,0) -> 0 | T65: =IF(T64>0,ROUND(T64+S65-R65,2),0) -> 0 | U65: =IF(W64>0,MIN(ROUND(U$6+IF(U$5=$C65,$E$5+$E65,0),2),ROUND(W64+V65,2)),0) -> 0 | V65: =IF(W64>0,ROUND(ROUND(W64*100,0)*ROUND(U$7*10000,0)/12000000,0)/100,0) -> 0 | W65: =IF(W64>0,ROUND(W64+V65-U65,2),0) -> 0 | X65: =IF(Z64>0,MIN(ROUND(X$6+IF(X$5=$C65,$E$5+$E65,0),2),ROUND(Z64+Y65,2)),0) -> 0 | Y65: =IF(Z64>0,ROUND(ROUND(Z64*100,0)*ROUND(X$7*10000,0)/12000000,0)/100,0) -> 0 | Z65: =IF(Z64>0,ROUND(Z64+Y65-X65,2),0) -> 0 | AA65: =IF(AC64>0,MIN(ROUND(AA$6+IF(AA$5=$C65,$E$5+$E65,0),2),ROUND(AC64+AB65,2)),0) -> 0 | AB65: =IF(AC64>0,ROUND(ROUND(AC64*100,0)*ROUND(AA$7*10000,0)/12000000,0)/100,0) -> 0 | AC65: =IF(AC64>0,ROUND(AC64+AB65-AA65,2),0) -> 0 | AD65: =IF(AF64>0,MIN(ROUND(AD$6+IF(AD$5=$C65,$E$5+$E65,0),2),ROUND(AF64+AE65,2)),0) -> 0 | AE65: =IF(AF64>0,ROUND(ROUND(AF64*100,0)*ROUND(AD$7*10000,0)/12000000,0)/100,0) -> 0 | AF65: =IF(AF64>0,ROUND(AF64+AE65-AD65,2),0) -> 0 | AG65: =IF(AI64>0,MIN(ROUND(AG$6+IF(AG$5=$C65,$E$5+$E65,0),2),ROUND(AI64+AH65,2)),0) -> 0 | AH65: =IF(AI64>0,ROUND(ROUND(AI64*100,0)*ROUND(AG$7*10000,0)/12000000,0)/100,0) -> 0 | AI65: =IF(AI64>0,ROUND(AI64+AH65-AG65,2),0) -> 0 | AJ65: =IF(AL64>0,MIN(ROUND(AJ$6+IF(AJ$5=$C65,$E$5+$E65,0),2),ROUND(AL64+AK65,2)),0) -> 0 | AK65: =IF(AL64>0,ROUND(ROUND(AL64*100,0)*ROUND(AJ$7*10000,0)/12000000,0)/100,0) -> 0 | AL65: =IF(AL64>0,ROUND(AL64+AK65-AJ65,2),0) -> 0
A66: =IF(F66>0,56,"") | B66: =IF(F66>0,EDATE($E$6,56),"") | C66: =IF(H65>0,MIN(IF(K65>0,I$5,99),IF(N65>0,L$5,99),IF(Q65>0,O$5,99),IF(T65>0,R$5,99),IF(W65>0,U$5,99),IF(Z65>0,X$5,99),IF(AC65>0,AA$5,99),IF(AF65>0,AD$5,99),IF(AI65>0,AG$5,99),IF(AL65>0,AJ$5,99)),0) -> 0 | D66: =IF(C66>0,INDEX($I$4:$AL$4,1,MATCH(C66,$I$5:$AL$5,0)),"") | E66: =ROUND(IF(AND(I$8>0,K65=0),I$6,0)+IF(AND(L$8>0,N65=0),L$6,0)+IF(AND(O$8>0,Q65=0),O$6,0)+IF(AND(R$8>0,T65=0),R$6,0)+IF(AND(U$8>0,W65=0),U$6,0)+IF(AND(X$8>0,Z65=0),X$6,0)+IF(AND(AA$8>0,AC65=0),AA$6,0)+IF(AND(AD$8>0,AF65=0),AD$6,0)+IF(AND(AG$8>0,AI65=0),AG$6,0)+IF(AND(AJ$8>0,AL65=0),AJ$6,0),2) -> 330 | F66: =ROUND(I66+L66+O66+R66+U66+X66+AA66+AD66+AG66+AJ66,2) -> 0 | G66: =ROUND(J66+M66+P66+S66+V66+Y66+AB66+AE66+AH66+AK66,2) -> 0 | H66: =ROUND(K66+N66+Q66+T66+W66+Z66+AC66+AF66+AI66+AL66,2) -> 0 | I66: =IF(K65>0,MIN(ROUND(I$6+IF(I$5=$C66,$E$5+$E66,0),2),ROUND(K65+J66,2)),0) -> 0 | J66: =IF(K65>0,ROUND(ROUND(K65*100,0)*ROUND(I$7*10000,0)/12000000,0)/100,0) -> 0 | K66: =IF(K65>0,ROUND(K65+J66-I66,2),0) -> 0 | L66: =IF(N65>0,MIN(ROUND(L$6+IF(L$5=$C66,$E$5+$E66,0),2),ROUND(N65+M66,2)),0) -> 0 | M66: =IF(N65>0,ROUND(ROUND(N65*100,0)*ROUND(L$7*10000,0)/12000000,0)/100,0) -> 0 | N66: =IF(N65>0,ROUND(N65+M66-L66,2),0) -> 0 | O66: =IF(Q65>0,MIN(ROUND(O$6+IF(O$5=$C66,$E$5+$E66,0),2),ROUND(Q65+P66,2)),0) -> 0 | P66: =IF(Q65>0,ROUND(ROUND(Q65*100,0)*ROUND(O$7*10000,0)/12000000,0)/100,0) -> 0 | Q66: =IF(Q65>0,ROUND(Q65+P66-O66,2),0) -> 0 | R66: =IF(T65>0,MIN(ROUND(R$6+IF(R$5=$C66,$E$5+$E66,0),2),ROUND(T65+S66,2)),0) -> 0 | S66: =IF(T65>0,ROUND(ROUND(T65*100,0)*ROUND(R$7*10000,0)/12000000,0)/100,0) -> 0 | T66: =IF(T65>0,ROUND(T65+S66-R66,2),0) -> 0 | U66: =IF(W65>0,MIN(ROUND(U$6+IF(U$5=$C66,$E$5+$E66,0),2),ROUND(W65+V66,2)),0) -> 0 | V66: =IF(W65>0,ROUND(ROUND(W65*100,0)*ROUND(U$7*10000,0)/12000000,0)/100,0) -> 0 | W66: =IF(W65>0,ROUND(W65+V66-U66,2),0) -> 0 | X66: =IF(Z65>0,MIN(ROUND(X$6+IF(X$5=$C66,$E$5+$E66,0),2),ROUND(Z65+Y66,2)),0) -> 0 | Y66: =IF(Z65>0,ROUND(ROUND(Z65*100,0)*ROUND(X$7*10000,0)/12000000,0)/100,0) -> 0 | Z66: =IF(Z65>0,ROUND(Z65+Y66-X66,2),0) -> 0 | AA66: =IF(AC65>0,MIN(ROUND(AA$6+IF(AA$5=$C66,$E$5+$E66,0),2),ROUND(AC65+AB66,2)),0) -> 0 | AB66: =IF(AC65>0,ROUND(ROUND(AC65*100,0)*ROUND(AA$7*10000,0)/12000000,0)/100,0) -> 0 | AC66: =IF(AC65>0,ROUND(AC65+AB66-AA66,2),0) -> 0 | AD66: =IF(AF65>0,MIN(ROUND(AD$6+IF(AD$5=$C66,$E$5+$E66,0),2),ROUND(AF65+AE66,2)),0) -> 0 | AE66: =IF(AF65>0,ROUND(ROUND(AF65*100,0)*ROUND(AD$7*10000,0)/12000000,0)/100,0) -> 0 | AF66: =IF(AF65>0,ROUND(AF65+AE66-AD66,2),0) -> 0 | AG66: =IF(AI65>0,MIN(ROUND(AG$6+IF(AG$5=$C66,$E$5+$E66,0),2),ROUND(AI65+AH66,2)),0) -> 0 | AH66: =IF(AI65>0,ROUND(ROUND(AI65*100,0)*ROUND(AG$7*10000,0)/12000000,0)/100,0) -> 0 | AI66: =IF(AI65>0,ROUND(AI65+AH66-AG66,2),0) -> 0 | AJ66: =IF(AL65>0,MIN(ROUND(AJ$6+IF(AJ$5=$C66,$E$5+$E66,0),2),ROUND(AL65+AK66,2)),0) -> 0 | AK66: =IF(AL65>0,ROUND(ROUND(AL65*100,0)*ROUND(AJ$7*10000,0)/12000000,0)/100,0) -> 0 | AL66: =IF(AL65>0,ROUND(AL65+AK66-AJ66,2),0) -> 0
A67: =IF(F67>0,57,"") | B67: =IF(F67>0,EDATE($E$6,57),"") | C67: =IF(H66>0,MIN(IF(K66>0,I$5,99),IF(N66>0,L$5,99),IF(Q66>0,O$5,99),IF(T66>0,R$5,99),IF(W66>0,U$5,99),IF(Z66>0,X$5,99),IF(AC66>0,AA$5,99),IF(AF66>0,AD$5,99),IF(AI66>0,AG$5,99),IF(AL66>0,AJ$5,99)),0) -> 0 | D67: =IF(C67>0,INDEX($I$4:$AL$4,1,MATCH(C67,$I$5:$AL$5,0)),"") | E67: =ROUND(IF(AND(I$8>0,K66=0),I$6,0)+IF(AND(L$8>0,N66=0),L$6,0)+IF(AND(O$8>0,Q66=0),O$6,0)+IF(AND(R$8>0,T66=0),R$6,0)+IF(AND(U$8>0,W66=0),U$6,0)+IF(AND(X$8>0,Z66=0),X$6,0)+IF(AND(AA$8>0,AC66=0),AA$6,0)+IF(AND(AD$8>0,AF66=0),AD$6,0)+IF(AND(AG$8>0,AI66=0),AG$6,0)+IF(AND(AJ$8>0,AL66=0),AJ$6,0),2) -> 330 | F67: =ROUND(I67+L67+O67+R67+U67+X67+AA67+AD67+AG67+AJ67,2) -> 0 | G67: =ROUND(J67+M67+P67+S67+V67+Y67+AB67+AE67+AH67+AK67,2) -> 0 | H67: =ROUND(K67+N67+Q67+T67+W67+Z67+AC67+AF67+AI67+AL67,2) -> 0 | I67: =IF(K66>0,MIN(ROUND(I$6+IF(I$5=$C67,$E$5+$E67,0),2),ROUND(K66+J67,2)),0) -> 0 | J67: =IF(K66>0,ROUND(ROUND(K66*100,0)*ROUND(I$7*10000,0)/12000000,0)/100,0) -> 0 | K67: =IF(K66>0,ROUND(K66+J67-I67,2),0) -> 0 | L67: =IF(N66>0,MIN(ROUND(L$6+IF(L$5=$C67,$E$5+$E67,0),2),ROUND(N66+M67,2)),0) -> 0 | M67: =IF(N66>0,ROUND(ROUND(N66*100,0)*ROUND(L$7*10000,0)/12000000,0)/100,0) -> 0 | N67: =IF(N66>0,ROUND(N66+M67-L67,2),0) -> 0 | O67: =IF(Q66>0,MIN(ROUND(O$6+IF(O$5=$C67,$E$5+$E67,0),2),ROUND(Q66+P67,2)),0) -> 0 | P67: =IF(Q66>0,ROUND(ROUND(Q66*100,0)*ROUND(O$7*10000,0)/12000000,0)/100,0) -> 0 | Q67: =IF(Q66>0,ROUND(Q66+P67-O67,2),0) -> 0 | R67: =IF(T66>0,MIN(ROUND(R$6+IF(R$5=$C67,$E$5+$E67,0),2),ROUND(T66+S67,2)),0) -> 0 | S67: =IF(T66>0,ROUND(ROUND(T66*100,0)*ROUND(R$7*10000,0)/12000000,0)/100,0) -> 0 | T67: =IF(T66>0,ROUND(T66+S67-R67,2),0) -> 0 | U67: =IF(W66>0,MIN(ROUND(U$6+IF(U$5=$C67,$E$5+$E67,0),2),ROUND(W66+V67,2)),0) -> 0 | V67: =IF(W66>0,ROUND(ROUND(W66*100,0)*ROUND(U$7*10000,0)/12000000,0)/100,0) -> 0 | W67: =IF(W66>0,ROUND(W66+V67-U67,2),0) -> 0 | X67: =IF(Z66>0,MIN(ROUND(X$6+IF(X$5=$C67,$E$5+$E67,0),2),ROUND(Z66+Y67,2)),0) -> 0 | Y67: =IF(Z66>0,ROUND(ROUND(Z66*100,0)*ROUND(X$7*10000,0)/12000000,0)/100,0) -> 0 | Z67: =IF(Z66>0,ROUND(Z66+Y67-X67,2),0) -> 0 | AA67: =IF(AC66>0,MIN(ROUND(AA$6+IF(AA$5=$C67,$E$5+$E67,0),2),ROUND(AC66+AB67,2)),0) -> 0 | AB67: =IF(AC66>0,ROUND(ROUND(AC66*100,0)*ROUND(AA$7*10000,0)/12000000,0)/100,0) -> 0 | AC67: =IF(AC66>0,ROUND(AC66+AB67-AA67,2),0) -> 0 | AD67: =IF(AF66>0,MIN(ROUND(AD$6+IF(AD$5=$C67,$E$5+$E67,0),2),ROUND(AF66+AE67,2)),0) -> 0 | AE67: =IF(AF66>0,ROUND(ROUND(AF66*100,0)*ROUND(AD$7*10000,0)/12000000,0)/100,0) -> 0 | AF67: =IF(AF66>0,ROUND(AF66+AE67-AD67,2),0) -> 0 | AG67: =IF(AI66>0,MIN(ROUND(AG$6+IF(AG$5=$C67,$E$5+$E67,0),2),ROUND(AI66+AH67,2)),0) -> 0 | AH67: =IF(AI66>0,ROUND(ROUND(AI66*100,0)*ROUND(AG$7*10000,0)/12000000,0)/100,0) -> 0 | AI67: =IF(AI66>0,ROUND(AI66+AH67-AG67,2),0) -> 0 | AJ67: =IF(AL66>0,MIN(ROUND(AJ$6+IF(AJ$5=$C67,$E$5+$E67,0),2),ROUND(AL66+AK67,2)),0) -> 0 | AK67: =IF(AL66>0,ROUND(ROUND(AL66*100,0)*ROUND(AJ$7*10000,0)/12000000,0)/100,0) -> 0 | AL67: =IF(AL66>0,ROUND(AL66+AK67-AJ67,2),0) -> 0
A68: =IF(F68>0,58,"") | B68: =IF(F68>0,EDATE($E$6,58),"") | C68: =IF(H67>0,MIN(IF(K67>0,I$5,99),IF(N67>0,L$5,99),IF(Q67>0,O$5,99),IF(T67>0,R$5,99),IF(W67>0,U$5,99),IF(Z67>0,X$5,99),IF(AC67>0,AA$5,99),IF(AF67>0,AD$5,99),IF(AI67>0,AG$5,99),IF(AL67>0,AJ$5,99)),0) -> 0 | D68: =IF(C68>0,INDEX($I$4:$AL$4,1,MATCH(C68,$I$5:$AL$5,0)),"") | E68: =ROUND(IF(AND(I$8>0,K67=0),I$6,0)+IF(AND(L$8>0,N67=0),L$6,0)+IF(AND(O$8>0,Q67=0),O$6,0)+IF(AND(R$8>0,T67=0),R$6,0)+IF(AND(U$8>0,W67=0),U$6,0)+IF(AND(X$8>0,Z67=0),X$6,0)+IF(AND(AA$8>0,AC67=0),AA$6,0)+IF(AND(AD$8>0,AF67=0),AD$6,0)+IF(AND(AG$8>0,AI67=0),AG$6,0)+IF(AND(AJ$8>0,AL67=0),AJ$6,0),2) -> 330 | F68: =ROUND(I68+L68+O68+R68+U68+X68+AA68+AD68+AG68+AJ68,2) -> 0 | G68: =ROUND(J68+M68+P68+S68+V68+Y68+AB68+AE68+AH68+AK68,2) -> 0 | H68: =ROUND(K68+N68+Q68+T68+W68+Z68+AC68+AF68+AI68+AL68,2) -> 0 | I68: =IF(K67>0,MIN(ROUND(I$6+IF(I$5=$C68,$E$5+$E68,0),2),ROUND(K67+J68,2)),0) -> 0 | J68: =IF(K67>0,ROUND(ROUND(K67*100,0)*ROUND(I$7*10000,0)/12000000,0)/100,0) -> 0 | K68: =IF(K67>0,ROUND(K67+J68-I68,2),0) -> 0 | L68: =IF(N67>0,MIN(ROUND(L$6+IF(L$5=$C68,$E$5+$E68,0),2),ROUND(N67+M68,2)),0) -> 0 | M68: =IF(N67>0,ROUND(ROUND(N67*100,0)*ROUND(L$7*10000,0)/12000000,0)/100,0) -> 0 | N68: =IF(N67>0,ROUND(N67+M68-L68,2),0) -> 0 | O68: =IF(Q67>0,MIN(ROUND(O$6+IF(O$5=$C68,$E$5+$E68,0),2),ROUND(Q67+P68,2)),0) -> 0 | P68: =IF(Q67>0,ROUND(ROUND(Q67*100,0)*ROUND(O$7*10000,0)/12000000,0)/100,0) -> 0 | Q68: =IF(Q67>0,ROUND(Q67+P68-O68,2),0) -> 0 | R68: =IF(T67>0,MIN(ROUND(R$6+IF(R$5=$C68,$E$5+$E68,0),2),ROUND(T67+S68,2)),0) -> 0 | S68: =IF(T67>0,ROUND(ROUND(T67*100,0)*ROUND(R$7*10000,0)/12000000,0)/100,0) -> 0 | T68: =IF(T67>0,ROUND(T67+S68-R68,2),0) -> 0 | U68: =IF(W67>0,MIN(ROUND(U$6+IF(U$5=$C68,$E$5+$E68,0),2),ROUND(W67+V68,2)),0) -> 0 | V68: =IF(W67>0,ROUND(ROUND(W67*100,0)*ROUND(U$7*10000,0)/12000000,0)/100,0) -> 0 | W68: =IF(W67>0,ROUND(W67+V68-U68,2),0) -> 0 | X68: =IF(Z67>0,MIN(ROUND(X$6+IF(X$5=$C68,$E$5+$E68,0),2),ROUND(Z67+Y68,2)),0) -> 0 | Y68: =IF(Z67>0,ROUND(ROUND(Z67*100,0)*ROUND(X$7*10000,0)/12000000,0)/100,0) -> 0 | Z68: =IF(Z67>0,ROUND(Z67+Y68-X68,2),0) -> 0 | AA68: =IF(AC67>0,MIN(ROUND(AA$6+IF(AA$5=$C68,$E$5+$E68,0),2),ROUND(AC67+AB68,2)),0) -> 0 | AB68: =IF(AC67>0,ROUND(ROUND(AC67*100,0)*ROUND(AA$7*10000,0)/12000000,0)/100,0) -> 0 | AC68: =IF(AC67>0,ROUND(AC67+AB68-AA68,2),0) -> 0 | AD68: =IF(AF67>0,MIN(ROUND(AD$6+IF(AD$5=$C68,$E$5+$E68,0),2),ROUND(AF67+AE68,2)),0) -> 0 | AE68: =IF(AF67>0,ROUND(ROUND(AF67*100,0)*ROUND(AD$7*10000,0)/12000000,0)/100,0) -> 0 | AF68: =IF(AF67>0,ROUND(AF67+AE68-AD68,2),0) -> 0 | AG68: =IF(AI67>0,MIN(ROUND(AG$6+IF(AG$5=$C68,$E$5+$E68,0),2),ROUND(AI67+AH68,2)),0) -> 0 | AH68: =IF(AI67>0,ROUND(ROUND(AI67*100,0)*ROUND(AG$7*10000,0)/12000000,0)/100,0) -> 0 | AI68: =IF(AI67>0,ROUND(AI67+AH68-AG68,2),0) -> 0 | AJ68: =IF(AL67>0,MIN(ROUND(AJ$6+IF(AJ$5=$C68,$E$5+$E68,0),2),ROUND(AL67+AK68,2)),0) -> 0 | AK68: =IF(AL67>0,ROUND(ROUND(AL67*100,0)*ROUND(AJ$7*10000,0)/12000000,0)/100,0) -> 0 | AL68: =IF(AL67>0,ROUND(AL67+AK68-AJ68,2),0) -> 0
